Workbook
Name Bud_Rev_Hder: 'Financial Summary & Reporting'!$I$5:$L$8
Name caps_Consulting: IF(grant_term=12,TEXT(ConsCap1,"$#,###"),TEXT(ConsCap1*2,"$#,###"))
Name CBC_1: 'Admin-Will be Hidden'!$C$75
Name co_name: 'Start Here'!$C$7
Name ConsCap1: 'Admin-Will be Hidden'!$C$71
Name end_date: 'Admin-Will be Hidden'!$C$11
Name end_period_1: 'Admin-Will be Hidden'!$C$16
Name end_period_2: 'Admin-Will be Hidden'!$D$16
Name end_period_3: 'Admin-Will be Hidden'!$E$16
Name end_period_4: 'Admin-Will be Hidden'!$F$16
Name grant_amount: 'Start Here'!$C$13
Name grant_term: 'Start Here'!$C$12
Name grantee_org: 'Start Here'!$C$8
Name ind_cost_rate: 'Start Here'!$C$17
Name List_BudgetVersion: tbl_BudgetVersionList[Budget Version List]
Name List_DataType: tbl_DataType[Data Collection Type]
Name List_DCostType: tbl_DCostType[Direct Cost Type]
Name Max_FR: 'Admin-Will be Hidden'!$C$59
Name Max_Grant_Amount: TGC
Name NT_SSC1: 'Admin-Will be Hidden'!$C$63
Name NT_SSMP: 'Admin-Will be Hidden'!$C$64
Name NT_year1_sal: IF(OR(!$E1>=Sal_Cap_Gen,!$F1=0),0,IF(!$E1<=PI_SBL,MIN(NT_SSC1,!$E1*MIN(NT_SSMP,!$F1)),MIN(!$E1*MIN(NT_SSMP,!$F1),MAX((Sal_Cap_Gen-!$E1)*NT_SSC1*2/50000*0.5,0))))
Name org_consulting: 'Grantee Org Research Costs'!$M$30
Name org_consulting_count: 'Grantee Org Research Costs'!$D$22:$D$26
Name org_cop1: 'Grantee Org Personnel'!$Z$10
Name org_cop2: 'Grantee Org Personnel'!$Z$11
Name org_course_buyout: 'Grantee Org Personnel'!$Z$20
Name org_data: 'Grantee Org Research Costs'!$M$46
Name org_data_collection: 'Grantee Org Research Costs'!$M$65
Name org_data_collection_range: 'Grantee Org Research Costs'!$M$50:$M$63
Name org_direct: 'Grantee Org Research Costs'!$M$81
Name org_direct_range: 'Grantee Org Research Costs'!$M$69:$M$79
Name org_ind_dc: 'Grantee Org Research Costs'!$M$85
Name org_ind_pers: 'Grantee Org Personnel'!$Z$46+'Grantee Org Research Costs'!$M$32
Name org_nonstu: 'Grantee Org Personnel'!$Z$30
Name org_personnel: 'Grantee Org Personnel'!$Z$44
Name org_pi: 'Grantee Org Personnel'!$Z$9
Name org_stu: 'Grantee Org Personnel'!$Z$42
Name org_transfer: 'Admin-Will be Hidden'!$C$6
Name PD_SSC1: 'Admin-Will be Hidden'!$C$66
Name PD_SSMP: 'Admin-Will be Hidden'!$C$67
Name PD_year1_sal: IF(OR(!$E1>=Sal_Cap_Gen,!$F1=0),0,MIN(PD_SSC1*2,!$E1*!$F1))
Name PD_year2_sal: IF(grant_term=12, "N/A",IF(OR(!$I1>=Sal_Cap_Gen,!$J1=0),0,MIN(PD_SSC1*2-PD_year1_sal,!$I1*IF(ISNUMBER(!$J1),!$J1,0))))
Name PGC: 'Admin-Will be Hidden'!$C$52
Name PI_Name: 'Start Here'!$C$14
Name PI_SBL: 'Admin-Will be Hidden'!$C$58
Name proj_title: 'Start Here'!$C$10
Name ref_number: 'Start Here'!$C$9
Name Rev_Start_Date: 'Admin-Will be Hidden'!$C$10
Name Sal_Cap_Gen: 'Admin-Will be Hidden'!$C$57
Name start_date: 'Start Here'!$C$11
Name start_period_1: 'Admin-Will be Hidden'!$C$15
Name start_period_2: 'Admin-Will be Hidden'!$D$15
Name start_period_3: 'Admin-Will be Hidden'!$E$15
Name start_period_4: 'Admin-Will be Hidden'!$F$15
Name sub1_consulting: 'SubOrg1 Research Costs'!$M$30
Name sub1_consulting_count: 'SubOrg1 Research Costs'!$D$22:$D$26
Name sub1_cop1: 'SubOrg1 Personnel'!$Z$10
Name sub1_cop2: 'SubOrg1 Personnel'!$Z$11
Name sub1_course_buyout: 'SubOrg1 Personnel'!$Z$20

Sheet Start Here
A1: Start Here
A2: =co_name -> Russell Sage Foundation
A4: Purpose | B4: Purpose of the workbook is to create and monitor project spending on Russell Sage grant.
A6: Proposal Info
B7: Company Name | C7: Russell Sage Foundation
B8: Organization Name
B9: Reference Number (from Fluxx)
B10: Project Title
B11: Project Start Date
B12: Project Term (in months, 12 or 24) | C12: 12
B13: Amount Requested
B14: Principal Investigator
B15: Subcontract Org 1
B16: Subcontract Org 2
B17: Indirect Costs? | C17: =IF(AND(grant_amount<='Admin-Will be Hidden'!$C$54,org_transfer<>"Yes"),'Admin-Will be Hidden'!$C$55,'Admin-Will be Hidden'!$C$55) -> 0.15
A19: Instructions for Requesting a Budget Reallocation
B20: 1. Budget reallocations should be completed by the designated financial reporting contact at the grantee organization. Please enter the name of the designated reporting contact under Prepared by.
B21: 2. The financial summary & reporting tab will only display the budget reallocation section that needs to be completed. All other sections are collapsed and cannot be edited at this time. Orange fields are to be completed by the grantee/financial reporting contact. All other fields are calculated automatically and locked.
B22: 3. Please enter the date that the budget reallocation was prepared under Prepared Date.
B23: 4. Depending on when the budget reallocation is requested, the grantee may or may not be asked to provide Actuals for the grant. If you are asked to provide Actuals, please follow the instructions found below and then move on to step #5. Otherwise, please move on to the next step.
B24: 5. Under Funds to Reallocate, navigate to the cell that corresponds to the budget line that you wish to reduce and enter the amount you are requesting to reallocate as a negative number. Then, navigate to the budget line you wish to increase and enter the same amount as a positive number. The negative and positive numbers should total $0.
B25: 6. Once you have entered all funds to be reallocated, review the Total Reallocated Budget to confirm that the funds have been moved correctly. If you have any questions, please email us at grantsmgt@rsage.org.
B26: Please review RSF budget guidelines prior to submitting the budget reallocation:
B27: https://www.russellsage.org/apply/info/budget
A30: Instructions for Financial Summary & Reporting Tab
B31: 1. The financial report should be completed by the designated financial reporting contact at the grantee organization. Please enter the name of the designated reporting contact under Prepared by.
B32: 2. The financial summary & reporting tab will display the current reporting period only. All other periods are collapsed and cannot be edited at this time. Orange fields are to be completed by the grantee. All other fields are calculated automatically and locked.
B33: 3. Please enter the Period End Date. This is the last date of the period for which you are reporting actuals in this report. The Period Start Date is pulled in automatically (either from the Project Start Date or the Period End Date of the previous reporting period).
B34: 4. Under Report Type, please select either "Interim" or "Final." Enter the date that the report was prepared under Prepared Date.
B35: 5. Enter actuals for the current reporting period in the orange cells under Actual. Please review the Remaining Balance section. If the balance for any budget line is negative (the cell will be highlighted in red), you may need to request a budget reallocation. Please email us at grantsmgt@rsage.org to inquire.
B36: Please review RSF budget guidelines prior to submitting the report:
B37: https://www.russellsage.org/apply/info/budget
A40: Instructions for Applicant
B41: 1. Please review RSF Budget Guidelines:
B42: https://www.russellsage.org/apply/info/budget
B43: 2. Orange fields are to be completed by applicant. All other fields are calculated automatically and locked.
B44: 3. Please complete Proposal Info above: Reference Number should be copied from the proposal record in Fluxx. Consult the RSF Deadlines webpage for earliest possible Project Start Date. If this grant will involve subgrantees, i.e., if a portion of grant funds will be spent at other institutions, please enter those institutions under Subcontract Org 1 and Subcontract Org 2.
B45: Important: Please make sure that the correct Grant Term is selected; otherwise the formulas will not calculate correctly.
B46: 4. Please enter budget details for funds to be spent by Grantee Organization (tabs Grantee Org Personnel and Grantee Org Research Costs), excluding funds to be spent by Subcontract Org 1 or Subcontract Org 2, if applicable. Important: For Personnel costs, please select the appropriate position type in Column C, to ensure that the total salary support is calculated correctly.
B47: Important: The formulas in this worksheet take into account RSF caps on salary support. If you notice that the total salary support amount is not calculating as expected, please review the RSF budget guidelines.
B48: 5. If applicable, please provide budget details for Subcontract Org 1 and Subcontract Org 2. There are two tabs for each Subcontract Org (one for personnel costs and one for other direct costs).
B49: 6. Please review the Budget Summary (blue tab) and make sure that the budget passes the Error Check found below the budget summary). If the Error Check comes out TRUE, the budget can be submitted. If the Error Check has identified errors, please consult the ErrorCk (red tab) and correct the errors.
B50: 7. Under Support below, please provide a contact at the applicant organization sponsored research office, who can answer questions regarding this budget.
A54: Support
B55: For RSF support: | C55: ="For "&grantee_org&" support on this budget:" -> For support on this budget:
B56: RSF Grants Management | C56: Name of person in finance/accounting/budgeting responsible for this budget
B57: grantsmgt@rsage.org | C57: Phone#
C58: email

Sheet Formula building
A1: Deleted data validation formula for Grantee Personal
A2: '=IFS(AND(grant_term=12,'Grantee Personnel Bdgt'!$C$10="TT"),AND('Grantee Personnel Bdgt'!$P$10>=0,'Grantee Personnel Bdgt'!$P$10<=12500),AND(grant_term=12,'Grantee Personnel Bdgt'!$C$10="NT"),AND('Grantee Personnel Bdgt'!$P$10>=0,'Grantee Personnel Bdgt'!$P$10<=20000),AND(grant_term=12,'Grantee Personnel Bdgt'!$C$10="PD"),AND('Grantee Personnel Bdgt'!$P$10>=0,'Grantee Personnel Bdgt'!$P$10<=25000),AND(grant_term=24,'Grantee Personnel Bdgt'!$C$10="TT"),AND('Grantee Personnel Bdgt'!$P$10>=0,'Grantee Personnel Bdgt'!$P$10<=25000),AND(grant_term=24,'Grantee Personnel Bdgt'!$C$10="NT"),AND('Grantee Personnel Bdgt'!$P$10>=0,'Grantee Personnel Bdgt'!$P$10<=40000),AND(grant_term=24,'Grantee Personnel Bdgt'!$C$10="PD"),AND('Grantee Personnel Bdgt'!$P$10>=0,'Grantee Personnel Bdgt'!$P$10<=50000))
A4: Deleted data validation formula for Subcontract1 Personnel Bdgt
A5: =IFS(AND(grant_term=12,'Subcontract1 Personnel Bdgt'!$C$10="TT"),AND('Subcontract1 Personnel Bdgt'!$P$10>=0,'Subcontract1 Personnel Bdgt'!$P$10<=12500),AND(grant_term=12,'Subcontract1 Personnel Bdgt'!$C$10="NT"),AND('Subcontract1 Personnel Bdgt'!$P$10>=0,'Subcontract1 Personnel Bdgt'!$P$10<=20000),AND(grant_term=12,'Subcontract1 Personnel Bdgt'!$C$10="PD"),AND('Subcontract1 Personnel Bdgt'!$P$10>=0,'Subcontract1 Personnel Bdgt'!$P$10<=25000),AND(grant_term=24,'Subcontract1 Personnel Bdgt'!$C$10="TT"),AND('Subcontract1 Personnel Bdgt'!$P$10>=0,'Subcontract1 Personnel Bdgt'!$P$10<=25000),AND(grant_term=24,'Subcontract1 Personnel Bdgt'!$C$10="NT"),AND('Subcontract1 Personnel Bdgt'!$P$10>=0,'Subcontract1 Personnel Bdgt'!$P$10<=40000),AND(grant_term=24,'Subcontract1 Personnel Bdgt'!$C$10="PD"),AND('Subcontract1 Personnel Bdgt'!$P$10>=0,'Subcontract1 Personnel Bdgt'!$P$10<=50000))
A7: Deleted data validation formula for Subcontract2 Personnel Budget
A8: =IFS(AND(grant_term=12,'Subcontract2 Personnel Bdgt'!$C$10="TT"),AND('Subcontract2 Personnel Bdgt'!$P$10>=0,'Subcontract2 Personnel Bdgt'!$P$10<=12500),AND(grant_term=12,'Subcontract2 Personnel Bdgt'!$C$10="NT"),AND('Subcontract2 Personnel Bdgt'!$P$10>=0,'Subcontract2 Personnel Bdgt'!$P$10<=20000),AND(grant_term=12,'Subcontract2 Personnel Bdgt'!$C$10="PD"),AND('Subcontract2 Personnel Bdgt'!$P$10>=0,'Subcontract2 Personnel Bdgt'!$P$10<=25000),AND(grant_term=24,'Subcontract2 Personnel Bdgt'!$C$10="TT"),AND('Subcontract2 Personnel Bdgt'!$P$10>=0,'Subcontract2 Personnel Bdgt'!$P$10<=25000),AND(grant_term=24,'Subcontract2 Personnel Bdgt'!$C$10="NT"),AND('Subcontract2 Personnel Bdgt'!$P$10>=0,'Subcontract2 Personnel Bdgt'!$P$10<=40000),AND(grant_term=24,'Subcontract2 Personnel Bdgt'!$C$10="PD"),AND('Subcontract2 Personnel Bdgt'!$P$10>=0,'Subcontract2 Personnel Bdgt'!$P$10<=50000))
A10: Neutral TT Year 1 Salary Formula
A11: =IF(OR($E10>=300000,$F10=0),0, IF(AND(grant_term=12,$E10<=250000),MIN(12500,$E10*$F10), IF(AND(grant_term=12,$E10>250000),IF($E10*$F10<=(300000-MIN(300000,MAX($E10,250000)))/50000*12500,$E10*$F10,(300000-MIN(300000,MAX($E10,250000)))/50000*12500), IF(AND(grant_term=24,$E10<=250000),MIN(25000,$E10*$F10), IF(AND(grant_term=24,$E10>250000),IF($E10*$F10<=(300000-MIN(300000,MAX($E38,250000)))/50000*25000,$E10*$F10,(300000-MIN(300000,MAX('Grantee Personnel Bdgt'!$E10,250000)))/50000*25000))))))
A13: Neutral TT Year 2 Salary Formula
A14: =IF(grant_term=12,"N/A", IF(OR($J10=0,$M10=25000),0, IF(grant_term=24,IF($M10+$I10*$J10<=25000*(300000-MIN(300000,MAX($E10,250000)))/50000,$I10*$J10,MIN($I10*$J10,MIN(300000-MIN(300000,MAX($E10,250000)))/50000*25000-$M10,(300000-MIN(300000,MAX($E10,250000)))/50000*25000-$M10)))))
A16: Neutral NT Year 1 Salary Formula
A17: =IF(OR($E10>=300000,$F10=0),0, IF(AND(grant_term=12,$E10<=250000),MIN(20000,$E10*$F10), IF(AND(grant_term=12,$E10>250000),IF($E10*$F10<=(300000-MIN(300000,MAX($E10,250000)))/50000*20000,$E10*$F10,(300000-MIN(300000,MAX($E10,250000)))/50000*20000), IF(AND(grant_term=24,$E10<=250000),MIN(40000,$E10*$F10), IF(AND(grant_term=24,$E10>250000),IF($E10*$F10<=(300000-MIN(300000,MAX($E38,250000)))/50000*40000,$E10*$F10,(300000-MIN(300000,MAX('Grantee Personnel Bdgt'!$E10,250000)))/50000*40000))))))
... A26: =IF(grant_term=12,"N/A", IF(OR($J10=0,$M10=50000),0, IF(grant_term=24,IF($M10+$I10*$J10<=50000*(300000-MIN(300000,MAX($E10,250000)))/50000,$I10*$J10,MIN($I10*$J10,MIN(300000-MIN(300000,MAX($E10,250000)))/50000*50000-$M10,(300000-MIN(300000,MAX($E10,250000)))/50000*50000-$M10)))))

Sheet Budget Summary
A1: =PROPER(grantee_org)
A2: =PROPER(proj_title)
A3: Budget Summary
A4: =TEXT(start_date,"m/d/yy")&" to "&(TEXT(EOMONTH(start_date,grant_term-1),"m/d/yy")) -> 1/0/00 to 12/31/00
A5: ='Grantee Org Personnel'!$A$9&": "&PI_Name -> Principal Investigator:
A6: ="Grant Amount: "&TEXT(grant_amount,"$0,000") -> Grant Amount: $0,000
A9: Grant Budget | B9: =PROPER(grantee_org) | C9: ="Subcontract 1 - "&PROPER(subcontractor1) -> Subcontract 1 - | D9: ="Subcontract 2 - "&PROPER(subcontractor2) -> Subcontract 2 - | F9: Total
A10: PI | B10: =org_pi -> 0 | C10: {=sub1_pi} -> 0 | D10: =sub2_pi -> 0 | F10: =SUM(B10:E10) -> 0
A11: Co-PI 1 | B11: =org_cop1 -> 0 | C11: =sub1_cop1 -> 0 | D11: =sub2_cop1 -> 0 | F11: =SUM(B11:E11) -> 0
A12: Co-PI 2 | B12: =org_cop2 -> 0 | C12: =sub1_cop2 -> 0 | D12: =sub2_cop2 -> 0 | F12: =SUM(B12:E12) -> 0
A13: Course Buyout | B13: =org_course_buyout -> 0 | C13: =sub1_course_buyout -> 0 | D13: =sub2_course_buyout -> 0 | F13: =SUM(B13:E13) -> 0
A14: Non-Student RA | B14: =org_nonstu -> 0 | C14: =sub1_nonstu -> 0 | D14: =sub2_nonstu -> 0 | F14: =SUM(B14:E14) -> 0
A15: Student RA | B15: =org_stu -> 0 | C15: =sub1_stu -> 0 | D15: =sub2_stu -> 0 | F15: =SUM(B15:E15) -> 0
A17: Total Personnel | B17: =SUBTOTAL(9,B10:B16) -> 0 | C17: =SUBTOTAL(9,C10:C16) -> 0 | D17: =SUBTOTAL(9,D10:D16) -> 0 | F17: =SUBTOTAL(9,F10:F16) -> 0
A19: Consultants | B19: =org_consulting -> 0 | C19: =sub1_consulting -> 0 | D19: =sub2_consulting -> 0 | F19: =SUM(B19:E19) -> 0
A20: Data Collection | B20: =org_data_collection -> 0 | C20: =sub1_data_collection -> 0 | D20: =sub2_data_collection -> 0 | F20: =SUM(B20:E20) -> 0
A21: Other Direct Costs | B21: =org_direct -> 0 | C21: =sub1_direct -> 0 | D21: =sub2_direct -> 0 | F21: =SUM(B21:E21) -> 0
A23: Total Direct Cost | B23: =SUBTOTAL(9,B10:B22) -> 0 | C23: =SUBTOTAL(9,C10:C22) -> 0 | D23: =SUBTOTAL(9,D10:D22) -> 0 | F23: =SUBTOTAL(9,F10:F22) -> 0
A25: Survey and Data Fees | B25: =org_data -> 0 | C25: =sub1_data -> 0 | D25: =sub2_data -> 0 | F25: =SUM(B25:E25) -> 0
A27: Indirect Costs | B27: =IF(ind_cost_rate="No","N/A",ROUND(org_ind_pers+org_ind_dc,0)) -> 0 | C27: =IF(ind_cost_rate="No","N/A",ROUND(sub1_ind_pers+sub1_ind_dc,0)) -> 0 | D27: =IF(ind_cost_rate="No","N/A",ROUND(sub2_ind_pers+sub2_ind_dc,0)) -> 0 | F27: =SUM(B27:E27) -> 0
A29: Total Grant Budget | B29: =SUBTOTAL(9,B10:B28) -> 0 | C29: =SUBTOTAL(9,C10:C28) -> 0 | D29: =SUBTOTAL(9,D10:D28) -> 0 | F29: =SUBTOTAL(9,F10:F28) -> 0
A32: Please note: Do not submit this budget to RSF until all error checks have passed in the "ErrorCk" worksheet.
A34: Current Error check status | B34: =ErrorCk!C6 -> TRUE | C34: =IF(B34=TRUE,"Submit Budget","Check for Errors") -> Submit Budget

Sheet Financial Summary & Reporting
A1: FINANCIAL SUMMARY & REPORTING
I2: Bud Rev | AD2: Bud Rev 1 | BK2: Bud Rev 2 | CV2: Bud Rev 3 | EB2: Total Actual
A3: Please Contact RSF to Expand/Collapse Sections as Needed → | B3: Budget | C3: Budget | H3: Bud Rev | I3: Budget Reallocation (If Applicable) | T3: Period 1 | U3: Period 1 Actuals | Y3: Prepared by: | AC3: Bud Rev 1 | AD3: Budget Reallocation (If Applicable) | AS3: Period 2 | AT3: Period 2 Actuals | AX3: Prepared by: | BJ3: Bud Rev 2 | BK3: Budget Reallocation (If Applicable) | BZ3: Period 3 | CA3: Period 3 Actuals | CI3: Prepared by: | CU3: Bud Rev 3 | CV3: Budget Reallocation (If Applicable) | DK3: Period 4 | DL3: Period 4 Actuals | DX3: Prepared by:
Y4: Prepared Date: | AX4: Prepared Date: | CI4: Prepared Date: | DX4: Prepared Date:
A5: Budget Summary | I5: Prepared by: | U5: Period Start Date: | V5: =start_period_1 | Y5: Preparer's Email: | AD5: Prepared by: | AX5: Period Start Date: | AY5: =start_period_2 | BB5: Preparer's Email: | BK5: Prepared by: | CI5: Period Start Date: | CJ5: =start_period_3 | CM5: Preparer's Email: | CV5: Prepared by: | DX5: Period Start Date: | DY5: =start_period_4 | EB5: Preparer's Email:
A6: =TEXT(start_date,"m/d/yy")&" to "&(TEXT(EOMONTH(start_date,grant_term-1),"m/d/yy"))&" "&IF('Admin-Will be Hidden'!$C$5<>"", "Rev: "&TEXT('Admin-Will be Hidden'!$C$5,"m/d/yy"),"") -> 1/0/00 to 12/31/00 | I6: Prepared Date: | U6: Period End Date: | Y6: Report Type: | AD6: Prepared Date: | AX6: Period End Date: | BB6: Report Type: | BK6: Prepared Date: | CI6: Period End Date: | CM6: Report Type: | CV6: Prepared Date: | DX6: Period End Date: | EB6: Report Type:
A7: ="PI"&": "&PI_Name -> PI: | I7: Preparer's Email: | U7: Period 1 | Y7: Balance: | Z7: =IF(AND(Z6="Final",AB30>500),TEXT(AB30,"$#,##0.00")&" Please Refund to RSF",TEXT(AB30,"$#,##0.00")) -> $0.00 | AD7: Preparer's Email: | AT7: =$U7 -> Period 1 | AX7: Period 2 | BB7: Balance: | BC7: =IF(AND(BC6="Final",BI30>500),TEXT(BI30,"$#,##0.00")&" Please Refund to RSF",TEXT(BI30,"$#,##0.00")) -> $0.00 | BK7: Preparer's Email: | CA7: =$U7 -> Period 1 | CE7: =$AX7 -> Period 2 | CI7: Period 3 | CM7: Balance: | CN7: =IF(AND(CN6="Final",CT30>500),TEXT(CT30,"$#,##0.00")&" Please Refund to RSF",TEXT(CT30,"$#,##0.00")) -> $0.00 | CV7: Preparer's Email: | DL7: =$U7 -> Period 1 | DP7: =$AX7 -> Period 2 | DT7: =$CI7 -> Period 3 | DX7: Period 4 | EB7: Balance: | EC7: =IF(AND(EC6="Final",EI30>500),TEXT(EI30,"$#,##0.00")&" Please Refund to RSF",TEXT(EI30,"$#,##0.00")) -> $0.00
A8: ="Grant Amount: "&TEXT(grant_amount,"$0,000") &IF('Admin-Will be Hidden'!$C$7<>"", " Rev: "&TEXT('Admin-Will be Hidden'!$C$7, "$0,000"),"") -> Grant Amount: $0,000 | U8: =TEXT(start_period_1, "mmm dd, yyyy")&" - "&TEXT(end_period_1, "mmm dd, yyyy") -> - | AT8: =$U8 -> - | AX8: =TEXT(start_period_2, "mmm dd, yyyy")&" - "&TEXT(end_period_2, "mmm dd, yyyy") -> - | CA8: =$U8 -> - | CE8: =$AX8 -> - | CI8: =TEXT(start_period_3, "mmm dd, yyyy")&" - "&TEXT(end_period_3, "mmm dd, yyyy") -> - | DL8: =$U8 -> - | DP8: =$AX8 -> - | DT8: =$CI8 -> - | DX8: =TEXT(start_period_4, "mmm dd, yyyy")&" - "&TEXT(end_period_4, "mmm dd, yyyy") -> -
A9: ="Fluxx Grant: "&ref_number -> Fluxx Grant: | C9: Grantee | D9: Subcontract 1 | E9: Subcontract 2 | I9: Funds to Reallocate | N9: Total Reallocated Budget | U9: Actual | Y9: Remaining Balance | AD9: Funds to Reallocate | AI9: Total Reallocated Budget | AM9: Projected Spending for Balance | AT9: =$U9 -> Actual | AX9: Actual | BB9: ="Total Actuals as of "&TEXT(end_period_2, "mmm dd, yyyy") -> Total Actuals as of | BF9: Remaining Balance | BK9: Funds to Reallocate | BP9: Total Reallocated Budget | BT9: Projected Spending for Balance | CA9: =$U9 -> Actual | CE9: =$AX9 -> Actual | CI9: Actual | CM9: ="Total Actuals as of "&TEXT(end_period_3, "mmm dd, yyyy") -> Total Actuals as of | CQ9: Remaining Balance | CV9: Funds to Reallocate | DA9: Total Reallocated Budget | DE9: Projected Spending for Balance | DL9: =$U9 -> Actual | DP9: =$AX9 -> Actual | DT9: =$CI9 -> Actual | DX9: Actual | EB9: ="Total Actuals as of "&TEXT(end_period_4, "mmm dd, yyyy") -> Total Actuals as of | EF9: Remaining Balance
A10: Grant Budget | C10: =PROPER(grantee_org) | D10: =PROPER(subcontractor1) | E10: =PROPER(subcontractor2) | G10: Total | I10: =PROPER(grantee_org) | J10: =PROPER(subcontractor1) | K10: =PROPER(subcontractor2) | L10: Total | N10: =PROPER(grantee_org) | O10: =PROPER(subcontractor1) | P10: =PROPER(subcontractor2) | Q10: Total | U10: =PROPER(grantee_org) | V10: =PROPER(subcontractor1) | W10: =PROPER(subcontractor2) | X10: Period 1 Total | Y10: =PROPER(grantee_org) | Z10: =PROPER(subcontractor1) | AA10: =PROPER(subcontractor2) | AB10: Grand Total | AD10: =PROPER(grantee_org) | AE10: =PROPER(subcontractor1) | AF10: =PROPER(subcontractor2) | AG10: Total | AI10: =PROPER(grantee_org) | AJ10: =PROPER(subcontractor1) | AK10: =PROPER(subcontractor2) | AL10: Total | AM10: =PROPER(grantee_org) | AN10: =PROPER(subcontractor1) | AO10: =PROPER(subcontractor2) | AP10: Total | AT10: =PROPER(grantee_org) | AU10: =PROPER(subcontractor1) | AV10: =PROPER(subcontractor2) | AW10: Period 1 Total | AX10: =PROPER(grantee_org) | AY10: =PROPER(subcontractor1) | AZ10: =PROPER(subcontractor2) | BA10: Period 2 Total | BB10: =PROPER(grantee_org) | BC10: =PROPER(subcontractor1) | BD10: =PROPER(subcontractor2) | BE10: Grand Total | BF10: =PROPER(grantee_org) | BG10: =PROPER(subcontractor1) | BH10: =PROPER(subcontractor2) | BI10: Grand Total | BK10: =PROPER(grantee_org) | BL10: =PROPER(subcontractor1) | BM10: =PROPER(subcontractor2) | BN10: Total | BP10: =PROPER(grantee_org) | BQ10: =PROPER(subcontractor1) | BR10: =PROPER(subcontractor2) | BS10: Total | BT10: =PROPER(grantee_org) | BU10: =PROPER(subcontractor1) | BV10: =PROPER(subcontractor2) | BW10: Total | CA10: =PROPER(grantee_org) | CB10: =PROPER(subcontractor1) | CC10: =PROPER(subcontractor2) | CD10: Period 1 Total | CE10: =PROPER(grantee_org) | CF10: =PROPER(subcontractor1) | CG10: =PROPER(subcontractor2) | CH10: Period 2 Total | CI10: =PROPER(grantee_org) | CJ10: =PROPER(subcontractor1) | CK10: =PROPER(subcontractor2) | CL10: Period 3 Total | CM10: =PROPER(grantee_org) | CN10: =PROPER(subcontractor1) | CO10: =PROPER(subcontractor2) | CP10: Grand Total | CQ10: =PROPER(grantee_org) | CR10: =PROPER(subcontractor1) | CS10: =PROPER(subcontractor2) | CT10: Grand Total | CV10: =PROPER(grantee_org) | CW10: =PROPER(subcontractor1) | CX10: =PROPER(subcontractor2) | CY10: Total | DA10: =PROPER(grantee_org) | DB10: =PROPER(subcontractor1) | DC10: =PROPER(subcontractor2) | DD10: Total | DE10: =PROPER(grantee_org) | DF10: =PROPER(subcontractor1) | DG10: =PROPER(subcontractor2) | DH10: Total | DL10: =PROPER(grantee_org) | DM10: =PROPER(subcontractor1) | DN10: =PROPER(subcontractor2) | DO10: Period 1 Total | DP10: =PROPER(grantee_org) | DQ10: =PROPER(subcontractor1) | DR10: =PROPER(subcontractor2) | DS10: Period 2 Total | DT10: =PROPER(grantee_org) | DU10: =PROPER(subcontractor1) | DV10: =PROPER(subcontractor2) | DW10: Period 3 Total | DX10: =PROPER(grantee_org) | DY10: =PROPER(subcontractor1) | DZ10: =PROPER(subcontractor2) | EA10: Period 4 Total | EB10: =PROPER(grantee_org) | EC10: =PROPER(subcontractor1) | ED10: =PROPER(subcontractor2) | EE10: Grand Total | EF10: =PROPER(grantee_org) | EG10: =PROPER(subcontractor1) | EH10: =PROPER(subcontractor2) | EI10: Grand Total
A11: PI | C11: =org_pi -> 0 | D11: {=sub1_pi} -> 0 | E11: =sub2_pi -> 0 | G11: =SUM(C11:F11) -> 0 | L11: =SUM(I11:K11) -> 0 | N11: =C11+I11 -> 0 | O11: =D11+J11 -> 0 | P11: =E11+K11 -> 0 | Q11: =SUM(N11:P11) -> 0 | X11: =SUM(U11:W11) -> 0 | Y11: =N11-U11 -> 0 | Z11: =O11-V11 -> 0 | AA11: =P11-W11 -> 0 | AB11: =SUM(Y11:AA11) -> 0 | AG11: =SUM(AD11:AF11) -> 0 | AI11: =N11+AD11 -> 0 | AJ11: =O11+AE11 -> 0 | AK11: =P11+AF11 -> 0 | AL11: =SUM(AI11:AK11) -> 0 | AM11: =AI11-U11 -> 0 | AN11: =AJ11-V11 -> 0 | AO11: =AK11-W11 -> 0 | AP11: =SUM(AM11:AO11) -> 0 | AT11: =$U11 -> 0 | AU11: =$V11 -> 0 | AV11: =$W11 -> 0 | AW11: =$X11 -> 0 | BA11: =SUM(AX11:AZ11) -> 0 | BB11: =SUMIFS($AT11:$BA11,$AT$10:$BA$10,BB$10) -> 0 | BC11: =SUMIFS($AT11:$BA11,$AT$10:$BA$10,BC$10) -> 0 | BD11: =SUMIFS($AT11:$BA11,$AT$10:$BA$10,BD$10) -> 0 | BE11: =SUM(BB11:BD11) -> 0 | BF11: =AI11-BB11 -> 0 | BG11: =AJ11-BC11 -> 0 | BH11: =AK11-BD11 -> 0 | BI11: =SUM(BF11:BH11) -> 0 | BN11: =SUM(BK11:BM11) -> 0 | BP11: =AI11+BK11 -> 0 | BQ11: =AJ11+BL11 -> 0 | BR11: =AK11+BM11 -> 0 | BS11: =SUM(BP11:BR11) -> 0 | BT11: =BP11-BB11 -> 0 | BU11: =BQ11-BC11 -> 0 | BV11: =BR11-BD11 -> 0 | BW11: =SUM(BT11:BV11) -> 0 | CA11: =$U11 -> 0 | CB11: =$V11 -> 0 | CC11: =$W11 -> 0 | CD11: =$X11 -> 0 | CE11: =$AX11 -> 0 | CF11: =$AY11 -> 0 | CG11: =$AZ11 -> 0 | CH11: =$BA11 -> 0 | CL11: =SUM(CI11:CK11) -> 0 | CM11: =SUMIFS($CA11:$CL11,$CA$10:$CL$10,CM$10) -> 0 | CN11: =SUMIFS($CA11:$CL11,$CA$10:$CL$10,CN$10) -> 0 | CO11: =SUMIFS($CA11:$CL11,$CA$10:$CL$10,CO$10) -> 0 | CP11: =SUM(CM11:CO11) -> 0 | CQ11: =BP11-CM11 -> 0 | CR11: =BQ11-CN11 -> 0 | CS11: =BR11-CO11 -> 0 | CT11: =SUM(CQ11:CS11) -> 0 | CY11: =SUM(CV11:CX11) -> 0 | DA11: =BP11+CV11 -> 0 | DB11: =BQ11+CW11 -> 0 | DC11: =BR11+CX11 -> 0 | DD11: =SUM(DA11:DC11) -> 0 | DE11: =DA11-CM11 -> 0 | DF11: =DB11-CN11 -> 0 | DG11: =DC11-CO11 -> 0 | DH11: =SUM(DE11:DG11) -> 0 | DL11: =$U11 -> 0 | DM11: =$V11 -> 0 | DN11: =$W11 -> 0 | DO11: =$X11 -> 0 | DP11: =$AX11 -> 0 | DQ11: =$AY11 -> 0 | DR11: =$AZ11 -> 0 | DS11: =$BA11 -> 0 | DT11: =$CI11 -> 0 | DU11: =$CJ11 -> 0 | DV11: =$CK11 -> 0 | DW11: =$CL11 -> 0 | EA11: =SUM(DX11:DZ11) -> 0 | EB11: =SUMIFS($DL11:$EA11,$DL$10:$EA$10,EB$10) -> 0 | EC11: =SUMIFS($DL11:$EA11,$DL$10:$EA$10,EC$10) -> 0 | ED11: =SUMIFS($DL11:$EA11,$DL$10:$EA$10,ED$10) -> 0 | EE11: =SUM(EB11:ED11) -> 0 | EF11: =DA11-EB11 -> 0 | EG11: =DB11-EC11 -> 0 | EH11: =DC11-ED11 -> 0 | EI11: =SUM(EF11:EH11) -> 0
A12: Co-PI 1 | C12: =org_cop1 -> 0 | D12: =sub1_cop1 -> 0 | E12: =sub2_cop1 -> 0 | G12: =SUM(C12:F12) -> 0 | L12: =SUM(I12:K12) -> 0 | N12: =C12+I12 -> 0 | O12: =D12+J12 -> 0 | P12: =E12+K12 -> 0 | Q12: =SUM(N12:P12) -> 0 | X12: =SUM(U12:W12) -> 0 | Y12: =N12-U12 -> 0 | Z12: =O12-V12 -> 0 | AA12: =P12-W12 -> 0 | AB12: =SUM(Y12:AA12) -> 0 | AG12: =SUM(AD12:AF12) -> 0 | AI12: =N12+AD12 -> 0 | AJ12: =O12+AE12 -> 0 | AK12: =P12+AF12 -> 0 | AL12: =SUM(AI12:AK12) -> 0 | AM12: =AI12-U12 -> 0 | AN12: =AJ12-V12 -> 0 | AO12: =AK12-W12 -> 0 | AP12: =SUM(AM12:AO12) -> 0 | AT12: =$U12 -> 0 | AU12: =$V12 -> 0 | AV12: =$W12 -> 0 | AW12: =$X12 -> 0 | BA12: =SUM(AX12:AZ12) -> 0 | BB12: =SUMIFS($AT12:$BA12,$AT$10:$BA$10,BB$10) -> 0 | BC12: =SUMIFS($AT12:$BA12,$AT$10:$BA$10,BC$10) -> 0 | BD12: =SUMIFS($AT12:$BA12,$AT$10:$BA$10,BD$10) -> 0 | BE12: =SUM(BB12:BD12) -> 0 | BF12: =AI12-BB12 -> 0 | BG12: =AJ12-BC12 -> 0 | BH12: =AK12-BD12 -> 0 | BI12: =SUM(BF12:BH12) -> 0 | BN12: =SUM(BK12:BM12) -> 0 | BP12: =AI12+BK12 -> 0 | BQ12: =AJ12+BL12 -> 0 | BR12: =AK12+BM12 -> 0 | BS12: =SUM(BP12:BR12) -> 0 | BT12: =BP12-BB12 -> 0 | BU12: =BQ12-BC12 -> 0 | BV12: =BR12-BD12 -> 0 | BW12: =SUM(BT12:BV12) -> 0 | CA12: =$U12 -> 0 | CB12: =$V12 -> 0 | CC12: =$W12 -> 0 | CD12: =$X12 -> 0 | CE12: =$AX12 -> 0 | CF12: =$AY12 -> 0 | CG12: =$AZ12 -> 0 | CH12: =$BA12 -> 0 | CL12: =SUM(CI12:CK12) -> 0 | CM12: =SUMIFS($CA12:$CL12,$CA$10:$CL$10,CM$10) -> 0 | CN12: =SUMIFS($CA12:$CL12,$CA$10:$CL$10,CN$10) -> 0 | CO12: =SUMIFS($CA12:$CL12,$CA$10:$CL$10,CO$10) -> 0 | CP12: =SUM(CM12:CO12) -> 0 | CQ12: =BP12-CM12 -> 0 | CR12: =BQ12-CN12 -> 0 | CS12: =BR12-CO12 -> 0 | CT12: =SUM(CQ12:CS12) -> 0 | CY12: =SUM(CV12:CX12) -> 0 | DA12: =BP12+CV12 -> 0 | DB12: =BQ12+CW12 -> 0 | DC12: =BR12+CX12 -> 0 | DD12: =SUM(DA12:DC12) -> 0 | DE12: =DA12-CM12 -> 0 | DF12: =DB12-CN12 -> 0 | DG12: =DC12-CO12 -> 0 | DH12: =SUM(DE12:DG12) -> 0 | DL12: =$U12 -> 0 | DM12: =$V12 -> 0 | DN12: =$W12 -> 0 | DO12: =$X12 -> 0 | DP12: =$AX12 -> 0 | DQ12: =$AY12 -> 0 | DR12: =$AZ12 -> 0 | DS12: =$BA12 -> 0 | DT12: =$CI12 -> 0 | DU12: =$CJ12 -> 0 | DV12: =$CK12 -> 0 | DW12: =$CL12 -> 0 | EA12: =SUM(DX12:DZ12) -> 0 | EB12: =SUMIFS($DL12:$EA12,$DL$10:$EA$10,EB$10) -> 0 | EC12: =SUMIFS($DL12:$EA12,$DL$10:$EA$10,EC$10) -> 0 | ED12: =SUMIFS($DL12:$EA12,$DL$10:$EA$10,ED$10) -> 0 | EE12: =SUM(EB12:ED12) -> 0 | EF12: =DA12-EB12 -> 0 | EG12: =DB12-EC12 -> 0 | EH12: =DC12-ED12 -> 0 | EI12: =SUM(EF12:EH12) -> 0
A13: Co-PI 2 | C13: =org_cop2 -> 0 | D13: =sub1_cop2 -> 0 | E13: =sub2_cop2 -> 0 | G13: =SUM(C13:F13) -> 0 | L13: =SUM(I13:K13) -> 0 | N13: =C13+I13 -> 0 | O13: =D13+J13 -> 0 | P13: =E13+K13 -> 0 | Q13: =SUM(N13:P13) -> 0 | X13: =SUM(U13:W13) -> 0 | Y13: =N13-U13 -> 0 | Z13: =O13-V13 -> 0 | AA13: =P13-W13 -> 0 | AB13: =SUM(Y13:AA13) -> 0 | AG13: =SUM(AD13:AF13) -> 0 | AI13: =N13+AD13 -> 0 | AJ13: =O13+AE13 -> 0 | AK13: =P13+AF13 -> 0 | AL13: =SUM(AI13:AK13) -> 0 | AM13: =AI13-U13 -> 0 | AN13: =AJ13-V13 -> 0 | AO13: =AK13-W13 -> 0 | AP13: =SUM(AM13:AO13) -> 0 | AT13: =$U13 -> 0 | AU13: =$V13 -> 0 | AV13: =$W13 -> 0 | AW13: =$X13 -> 0 | BA13: =SUM(AX13:AZ13) -> 0 | BB13: =SUMIFS($AT13:$BA13,$AT$10:$BA$10,BB$10) -> 0 | BC13: =SUMIFS($AT13:$BA13,$AT$10:$BA$10,BC$10) -> 0 | BD13: =SUMIFS($AT13:$BA13,$AT$10:$BA$10,BD$10) -> 0 | BE13: =SUM(BB13:BD13) -> 0 | BF13: =AI13-BB13 -> 0 | BG13: =AJ13-BC13 -> 0 | BH13: =AK13-BD13 -> 0 | BI13: =SUM(BF13:BH13) -> 0 | BN13: =SUM(BK13:BM13) -> 0 | BP13: =AI13+BK13 -> 0 | BQ13: =AJ13+BL13 -> 0 | BR13: =AK13+BM13 -> 0 | BS13: =SUM(BP13:BR13) -> 0 | BT13: =BP13-BB13 -> 0 | BU13: =BQ13-BC13 -> 0 | BV13: =BR13-BD13 -> 0 | BW13: =SUM(BT13:BV13) -> 0 | CA13: =$U13 -> 0 | CB13: =$V13 -> 0 | CC13: =$W13 -> 0 | CD13: =$X13 -> 0 | CE13: =$AX13 -> 0 | CF13: =$AY13 -> 0 | CG13: =$AZ13 -> 0 | CH13: =$BA13 -> 0 | CL13: =SUM(CI13:CK13) -> 0 | CM13: =SUMIFS($CA13:$CL13,$CA$10:$CL$10,CM$10) -> 0 | CN13: =SUMIFS($CA13:$CL13,$CA$10:$CL$10,CN$10) -> 0 | CO13: =SUMIFS($CA13:$CL13,$CA$10:$CL$10,CO$10) -> 0 | CP13: =SUM(CM13:CO13) -> 0 | CQ13: =BP13-CM13 -> 0 | CR13: =BQ13-CN13 -> 0 | CS13: =BR13-CO13 -> 0 | CT13: =SUM(CQ13:CS13) -> 0 | CY13: =SUM(CV13:CX13) -> 0 | DA13: =BP13+CV13 -> 0 | DB13: =BQ13+CW13 -> 0 | DC13: =BR13+CX13 -> 0 | DD13: =SUM(DA13:DC13) -> 0 | DE13: =DA13-CM13 -> 0 | DF13: =DB13-CN13 -> 0 | DG13: =DC13-CO13 -> 0 | DH13: =SUM(DE13:DG13) -> 0 | DL13: =$U13 -> 0 | DM13: =$V13 -> 0 | DN13: =$W13 -> 0 | DO13: =$X13 -> 0 | DP13: =$AX13 -> 0 | DQ13: =$AY13 -> 0 | DR13: =$AZ13 -> 0 | DS13: =$BA13 -> 0 | DT13: =$CI13 -> 0 | DU13: =$CJ13 -> 0 | DV13: =$CK13 -> 0 | DW13: =$CL13 -> 0 | EA13: =SUM(DX13:DZ13) -> 0 | EB13: =SUMIFS($DL13:$EA13,$DL$10:$EA$10,EB$10) -> 0 | EC13: =SUMIFS($DL13:$EA13,$DL$10:$EA$10,EC$10) -> 0 | ED13: =SUMIFS($DL13:$EA13,$DL$10:$EA$10,ED$10) -> 0 | EE13: =SUM(EB13:ED13) -> 0 | EF13: =DA13-EB13 -> 0 | EG13: =DB13-EC13 -> 0 | EH13: =DC13-ED13 -> 0 | EI13: =SUM(EF13:EH13) -> 0
A14: Course Buyout | C14: =org_course_buyout -> 0 | D14: =sub1_course_buyout -> 0 | E14: =sub2_course_buyout -> 0 | G14: =SUM(C14:F14) -> 0 | L14: =SUM(I14:K14) -> 0 | N14: =C14+I14 -> 0 | O14: =D14+J14 -> 0 | P14: =E14+K14 -> 0 | Q14: =SUM(N14:P14) -> 0 | X14: =SUM(U14:W14) -> 0 | Y14: =N14-U14 -> 0 | Z14: =O14-V14 -> 0 | AA14: =P14-W14 -> 0 | AB14: =SUM(Y14:AA14) -> 0 | AG14: =SUM(AD14:AF14) -> 0 | AI14: =N14+AD14 -> 0 | AJ14: =O14+AE14 -> 0 | AK14: =P14+AF14 -> 0 | AL14: =SUM(AI14:AK14) -> 0 | AM14: =AI14-U14 -> 0 | AN14: =AJ14-V14 -> 0 | AO14: =AK14-W14 -> 0 | AP14: =SUM(AM14:AO14) -> 0 | AT14: =$U14 -> 0 | AU14: =$V14 -> 0 | AV14: =$W14 -> 0 | AW14: =$X14 -> 0 | BA14: =SUM(AX14:AZ14) -> 0 | BB14: =SUMIFS($AT14:$BA14,$AT$10:$BA$10,BB$10) -> 0 | BC14: =SUMIFS($AT14:$BA14,$AT$10:$BA$10,BC$10) -> 0 | BD14: =SUMIFS($AT14:$BA14,$AT$10:$BA$10,BD$10) -> 0 | BE14: =SUM(BB14:BD14) -> 0 | BF14: =AI14-BB14 -> 0 | BG14: =AJ14-BC14 -> 0 | BH14: =AK14-BD14 -> 0 | BI14: =SUM(BF14:BH14) -> 0 | BN14: =SUM(BK14:BM14) -> 0 | BP14: =AI14+BK14 -> 0 | BQ14: =AJ14+BL14 -> 0 | BR14: =AK14+BM14 -> 0 | BS14: =SUM(BP14:BR14) -> 0 | BT14: =BP14-BB14 -> 0 | BU14: =BQ14-BC14 -> 0 | BV14: =BR14-BD14 -> 0 | BW14: =SUM(BT14:BV14) -> 0 | CA14: =$U14 -> 0 | CB14: =$V14 -> 0 | CC14: =$W14 -> 0 | CD14: =$X14 -> 0 | CE14: =$AX14 -> 0 | CF14: =$AY14 -> 0 | CG14: =$AZ14 -> 0 | CH14: =$BA14 -> 0 | CL14: =SUM(CI14:CK14) -> 0 | CM14: =SUMIFS($CA14:$CL14,$CA$10:$CL$10,CM$10) -> 0 | CN14: =SUMIFS($CA14:$CL14,$CA$10:$CL$10,CN$10) -> 0 | CO14: =SUMIFS($CA14:$CL14,$CA$10:$CL$10,CO$10) -> 0 | CP14: =SUM(CM14:CO14) -> 0 | CQ14: =BP14-CM14 -> 0 | CR14: =BQ14-CN14 -> 0 | CS14: =BR14-CO14 -> 0 | CT14: =SUM(CQ14:CS14) -> 0 | CY14: =SUM(CV14:CX14) -> 0 | DA14: =BP14+CV14 -> 0 | DB14: =BQ14+CW14 -> 0 | DC14: =BR14+CX14 -> 0 | DD14: =SUM(DA14:DC14) -> 0 | DE14: =DA14-CM14 -> 0 | DF14: =DB14-CN14 -> 0 | DG14: =DC14-CO14 -> 0 | DH14: =SUM(DE14:DG14) -> 0 | DL14: =$U14 -> 0 | DM14: =$V14 -> 0 | DN14: =$W14 -> 0 | DO14: =$X14 -> 0 | DP14: =$AX14 -> 0 | DQ14: =$AY14 -> 0 | DR14: =$AZ14 -> 0 | DS14: =$BA14 -> 0 | DT14: =$CI14 -> 0 | DU14: =$CJ14 -> 0 | DV14: =$CK14 -> 0 | DW14: =$CL14 -> 0 | EA14: =SUM(DX14:DZ14) -> 0 | EB14: =SUMIFS($DL14:$EA14,$DL$10:$EA$10,EB$10) -> 0 | EC14: =SUMIFS($DL14:$EA14,$DL$10:$EA$10,EC$10) -> 0 | ED14: =SUMIFS($DL14:$EA14,$DL$10:$EA$10,ED$10) -> 0 | EE14: =SUM(EB14:ED14) -> 0 | EF14: =DA14-EB14 -> 0 | EG14: =DB14-EC14 -> 0 | EH14: =DC14-ED14 -> 0 | EI14: =SUM(EF14:EH14) -> 0
A15: Non-Student RA | C15: =org_nonstu -> 0 | D15: =sub1_nonstu -> 0 | E15: =sub2_nonstu -> 0 | G15: =SUM(C15:F15) -> 0 | L15: =SUM(I15:K15) -> 0 | N15: =C15+I15 -> 0 | O15: =D15+J15 -> 0 | P15: =E15+K15 -> 0 | Q15: =SUM(N15:P15) -> 0 | X15: =SUM(U15:W15) -> 0 | Y15: =N15-U15 -> 0 | Z15: =O15-V15 -> 0 | AA15: =P15-W15 -> 0 | AB15: =SUM(Y15:AA15) -> 0 | AG15: =SUM(AD15:AF15) -> 0 | AI15: =N15+AD15 -> 0 | AJ15: =O15+AE15 -> 0 | AK15: =P15+AF15 -> 0 | AL15: =SUM(AI15:AK15) -> 0 | AM15: =AI15-U15 -> 0 | AN15: =AJ15-V15 -> 0 | AO15: =AK15-W15 -> 0 | AP15: =SUM(AM15:AO15) -> 0 | AT15: =$U15 -> 0 | AU15: =$V15 -> 0 | AV15: =$W15 -> 0 | AW15: =$X15 -> 0 | BA15: =SUM(AX15:AZ15) -> 0 | BB15: =SUMIFS($AT15:$BA15,$AT$10:$BA$10,BB$10) -> 0 | BC15: =SUMIFS($AT15:$BA15,$AT$10:$BA$10,BC$10) -> 0 | BD15: =SUMIFS($AT15:$BA15,$AT$10:$BA$10,BD$10) -> 0 | BE15: =SUM(BB15:BD15) -> 0 | BF15: =AI15-BB15 -> 0 | BG15: =AJ15-BC15 -> 0 | BH15: =AK15-BD15 -> 0 | BI15: =SUM(BF15:BH15) -> 0 | BN15: =SUM(BK15:BM15) -> 0 | BP15: =AI15+BK15 -> 0 | BQ15: =AJ15+BL15 -> 0 | BR15: =AK15+BM15 -> 0 | BS15: =SUM(BP15:BR15) -> 0 | BT15: =BP15-BB15 -> 0 | BU15: =BQ15-BC15 -> 0 | BV15: =BR15-BD15 -> 0 | BW15: =SUM(BT15:BV15) -> 0 | CA15: =$U15 -> 0 | CB15: =$V15 -> 0 | CC15: =$W15 -> 0 | CD15: =$X15 -> 0 | CE15: =$AX15 -> 0 | CF15: =$AY15 -> 0 | CG15: =$AZ15 -> 0 | CH15: =$BA15 -> 0 | CL15: =SUM(CI15:CK15) -> 0 | CM15: =SUMIFS($CA15:$CL15,$CA$10:$CL$10,CM$10) -> 0 | CN15: =SUMIFS($CA15:$CL15,$CA$10:$CL$10,CN$10) -> 0 | CO15: =SUMIFS($CA15:$CL15,$CA$10:$CL$10,CO$10) -> 0 | CP15: =SUM(CM15:CO15) -> 0 | CQ15: =BP15-CM15 -> 0 | CR15: =BQ15-CN15 -> 0 | CS15: =BR15-CO15 -> 0 | CT15: =SUM(CQ15:CS15) -> 0 | CY15: =SUM(CV15:CX15) -> 0 | DA15: =BP15+CV15 -> 0 | DB15: =BQ15+CW15 -> 0 | DC15: =BR15+CX15 -> 0 | DD15: =SUM(DA15:DC15) -> 0 | DE15: =DA15-CM15 -> 0 | DF15: =DB15-CN15 -> 0 | DG15: =DC15-CO15 -> 0 | DH15: =SUM(DE15:DG15) -> 0 | DL15: =$U15 -> 0 | DM15: =$V15 -> 0 | DN15: =$W15 -> 0 | DO15: =$X15 -> 0 | DP15: =$AX15 -> 0 | DQ15: =$AY15 -> 0 | DR15: =$AZ15 -> 0 | DS15: =$BA15 -> 0 | DT15: =$CI15 -> 0 | DU15: =$CJ15 -> 0 | DV15: =$CK15 -> 0 | DW15: =$CL15 -> 0 | EA15: =SUM(DX15:DZ15) -> 0 | EB15: =SUMIFS($DL15:$EA15,$DL$10:$EA$10,EB$10) -> 0 | EC15: =SUMIFS($DL15:$EA15,$DL$10:$EA$10,EC$10) -> 0 | ED15: =SUMIFS($DL15:$EA15,$DL$10:$EA$10,ED$10) -> 0 | EE15: =SUM(EB15:ED15) -> 0 | EF15: =DA15-EB15 -> 0 | EG15: =DB15-EC15 -> 0 | EH15: =DC15-ED15 -> 0 | EI15: =SUM(EF15:EH15) -> 0
A16: Student RA | C16: =org_stu -> 0 | D16: =sub1_stu -> 0 | E16: =sub2_stu -> 0 | G16: =SUM(C16:F16) -> 0 | L16: =SUM(I16:K16) -> 0 | N16: =C16+I16 -> 0 | O16: =D16+J16 -> 0 | P16: =E16+K16 -> 0 | Q16: =SUM(N16:P16) -> 0 | X16: =SUM(U16:W16) -> 0 | Y16: =N16-U16 -> 0 | Z16: =O16-V16 -> 0 | AA16: =P16-W16 -> 0 | AB16: =SUM(Y16:AA16) -> 0 | AG16: =SUM(AD16:AF16) -> 0 | AI16: =N16+AD16 -> 0 | AJ16: =O16+AE16 -> 0 | AK16: =P16+AF16 -> 0 | AL16: =SUM(AI16:AK16) -> 0 | AM16: =AI16-U16 -> 0 | AN16: =AJ16-V16 -> 0 | AO16: =AK16-W16 -> 0 | AP16: =SUM(AM16:AO16) -> 0 | AT16: =$U16 -> 0 | AU16: =$V16 -> 0 | AV16: =$W16 -> 0 | AW16: =$X16 -> 0 | BA16: =SUM(AX16:AZ16) -> 0 | BB16: =SUMIFS($AT16:$BA16,$AT$10:$BA$10,BB$10) -> 0 | BC16: =SUMIFS($AT16:$BA16,$AT$10:$BA$10,BC$10) -> 0 | BD16: =SUMIFS($AT16:$BA16,$AT$10:$BA$10,BD$10) -> 0 | BE16: =SUM(BB16:BD16) -> 0 | BF16: =AI16-BB16 -> 0 | BG16: =AJ16-BC16 -> 0 | BH16: =AK16-BD16 -> 0 | BI16: =SUM(BF16:BH16) -> 0 | BN16: =SUM(BK16:BM16) -> 0 | BP16: =AI16+BK16 -> 0 | BQ16: =AJ16+BL16 -> 0 | BR16: =AK16+BM16 -> 0 | BS16: =SUM(BP16:BR16) -> 0 | BT16: =BP16-BB16 -> 0 | BU16: =BQ16-BC16 -> 0 | BV16: =BR16-BD16 -> 0 | BW16: =SUM(BT16:BV16) -> 0 | CA16: =$U16 -> 0 | CB16: =$V16 -> 0 | CC16: =$W16 -> 0 | CD16: =$X16 -> 0 | CE16: =$AX16 -> 0 | CF16: =$AY16 -> 0 | CG16: =$AZ16 -> 0 | CH16: =$BA16 -> 0 | CL16: =SUM(CI16:CK16) -> 0 | CM16: =SUMIFS($CA16:$CL16,$CA$10:$CL$10,CM$10) -> 0 | CN16: =SUMIFS($CA16:$CL16,$CA$10:$CL$10,CN$10) -> 0 | CO16: =SUMIFS($CA16:$CL16,$CA$10:$CL$10,CO$10) -> 0 | CP16: =SUM(CM16:CO16) -> 0 | CQ16: =BP16-CM16 -> 0 | CR16: =BQ16-CN16 -> 0 | CS16: =BR16-CO16 -> 0 | CT16: =SUM(CQ16:CS16) -> 0 | CY16: =SUM(CV16:CX16) -> 0 | DA16: =BP16+CV16 -> 0 | DB16: =BQ16+CW16 -> 0 | DC16: =BR16+CX16 -> 0 | DD16: =SUM(DA16:DC16) -> 0 | DE16: =DA16-CM16 -> 0 | DF16: =DB16-CN16 -> 0 | DG16: =DC16-CO16 -> 0 | DH16: =SUM(DE16:DG16) -> 0 | DL16: =$U16 -> 0 | DM16: =$V16 -> 0 | DN16: =$W16 -> 0 | DO16: =$X16 -> 0 | DP16: =$AX16 -> 0 | DQ16: =$AY16 -> 0 | DR16: =$AZ16 -> 0 | DS16: =$BA16 -> 0 | DT16: =$CI16 -> 0 | DU16: =$CJ16 -> 0 | DV16: =$CK16 -> 0 | DW16: =$CL16 -> 0 | EA16: =SUM(DX16:DZ16) -> 0 | EB16: =SUMIFS($DL16:$EA16,$DL$10:$EA$10,EB$10) -> 0 | EC16: =SUMIFS($DL16:$EA16,$DL$10:$EA$10,EC$10) -> 0 | ED16: =SUMIFS($DL16:$EA16,$DL$10:$EA$10,ED$10) -> 0 | EE16: =SUM(EB16:ED16) -> 0 | EF16: =DA16-EB16 -> 0 | EG16: =DB16-EC16 -> 0 | EH16: =DC16-ED16 -> 0 | EI16: =SUM(EF16:EH16) -> 0
A18: Total Personnel | C18: =SUBTOTAL(9,C11:C17) -> 0 | D18: =SUBTOTAL(9,D11:D17) -> 0 | E18: =SUBTOTAL(9,E11:E17) -> 0 | G18: =SUBTOTAL(9,G11:G17) -> 0 | I18: =SUBTOTAL(9,I11:I17) -> 0 | J18: =SUBTOTAL(9,J11:J17) -> 0 | K18: =SUBTOTAL(9,K11:K17) -> 0 | L18: =SUBTOTAL(9,L11:L17) -> 0 | N18: =SUBTOTAL(9,N11:N17) -> 0 | O18: =SUBTOTAL(9,O11:O17) -> 0 | P18: =SUBTOTAL(9,P11:P17) -> 0 | Q18: =SUBTOTAL(9,Q11:Q17) -> 0 | V18: =SUBTOTAL(9,V11:V17) -> 0 | W18: =SUBTOTAL(9,W11:W17) -> 0 | X18: =SUBTOTAL(9,X11:X17) -> 0 | Y18: =SUBTOTAL(9,Y11:Y17) -> 0 | Z18: =SUBTOTAL(9,Z11:Z17) -> 0 | AA18: =SUBTOTAL(9,AA11:AA17) -> 0 | AB18: =SUBTOTAL(9,AB11:AB17) -> 0 | AF18: =SUBTOTAL(9,AF11:AF17) -> 0 | AG18: =SUBTOTAL(9,AG11:AG17) -> 0 | AI18: =SUBTOTAL(9,AI11:AI17) -> 0 | AJ18: =SUBTOTAL(9,AJ11:AJ17) -> 0 | AK18: =SUBTOTAL(9,AK11:AK17) -> 0 | AL18: =SUBTOTAL(9,AL11:AL17) -> 0 | AM18: =SUBTOTAL(9,AM11:AM17) -> 0 | AN18: =SUBTOTAL(9,AN11:AN17) -> 0 | AO18: =SUBTOTAL(9,AO11:AO17) -> 0 | AP18: =SUBTOTAL(9,AP11:AP17) -> 0 | AT18: =SUBTOTAL(9,AT11:AT17) -> 0 | AU18: =SUBTOTAL(9,AU11:AU17) -> 0 | AV18: =SUBTOTAL(9,AV11:AV17) -> 0 | AW18: =SUBTOTAL(9,AW11:AW17) -> 0 | BA18: =SUBTOTAL(9,BA11:BA17) -> 0 | BB18: =SUBTOTAL(9,BB11:BB17) -> 0 | BC18: =SUBTOTAL(9,BC11:BC17) -> 0 | BD18: =SUBTOTAL(9,BD11:BD17) -> 0 | BE18: =SUBTOTAL(9,BE11:BE17) -> 0 | BF18: =SUBTOTAL(9,BF11:BF17) -> 0 | BG18: =SUBTOTAL(9,BG11:BG17) -> 0 | BH18: =SUBTOTAL(9,BH11:BH17) -> 0 | BI18: =SUBTOTAL(9,BI11:BI17) -> 0 | BN18: =SUBTOTAL(9,BN11:BN17) -> 0 | BP18: =SUBTOTAL(9,BP11:BP17) -> 0 | BQ18: =SUBTOTAL(9,BQ11:BQ17) -> 0 | BR18: =SUBTOTAL(9,BR11:BR17) -> 0 | BS18: =SUBTOTAL(9,BS11:BS17) -> 0 | BT18: =SUBTOTAL(9,BT11:BT17) -> 0 | BU18: =SUBTOTAL(9,BU11:BU17) -> 0 | BV18: =SUBTOTAL(9,BV11:BV17) -> 0 | BW18: =SUBTOTAL(9,BW11:BW17) -> 0 | CA18: =SUBTOTAL(9,CA11:CA17) -> 0 | CB18: =SUBTOTAL(9,CB11:CB17) -> 0 | CC18: =SUBTOTAL(9,CC11:CC17) -> 0 | CD18: =SUBTOTAL(9,CD11:CD17) -> 0 | CE18: =SUBTOTAL(9,CE11:CE17) -> 0 | CF18: =SUBTOTAL(9,CF11:CF17) -> 0 | CG18: =SUBTOTAL(9,CG11:CG17) -> 0 | CH18: =SUBTOTAL(9,CH11:CH17) -> 0 | CL18: =SUBTOTAL(9,CL11:CL17) -> 0 | CM18: =SUBTOTAL(9,CM11:CM17) -> 0 | CN18: =SUBTOTAL(9,CN11:CN17) -> 0 | CO18: =SUBTOTAL(9,CO11:CO17) -> 0 | CP18: =SUBTOTAL(9,CP11:CP17) -> 0 | CQ18: =SUBTOTAL(9,CQ11:CQ17) -> 0 | CR18: =SUBTOTAL(9,CR11:CR17) -> 0 | CS18: =SUBTOTAL(9,CS11:CS17) -> 0 | CT18: =SUBTOTAL(9,CT11:CT17) -> 0 | CV18: =SUBTOTAL(9,CV11:CV17) -> 0 | CW18: =SUBTOTAL(9,CW11:CW17) -> 0 | CX18: =SUBTOTAL(9,CX11:CX17) -> 0 | CY18: =SUBTOTAL(9,CY11:CY17) -> 0 | DA18: =SUBTOTAL(9,DA11:DA17) -> 0 | DB18: =SUBTOTAL(9,DB11:DB17) -> 0 | DC18: =SUBTOTAL(9,DC11:DC17) -> 0 | DD18: =SUBTOTAL(9,DD11:DD17) -> 0 | DE18: =SUBTOTAL(9,DE11:DE17) -> 0 | DF18: =SUBTOTAL(9,DF11:DF17) -> 0 | DG18: =SUBTOTAL(9,DG11:DG17) -> 0 | DH18: =SUBTOTAL(9,DH11:DH17) -> 0 | DL18: =SUBTOTAL(9,DL11:DL17) -> 0 | DM18: =SUBTOTAL(9,DM11:DM17) -> 0 | DN18: =SUBTOTAL(9,DN11:DN17) -> 0 | DO18: =SUBTOTAL(9,DO11:DO17) -> 0 | DP18: =SUBTOTAL(9,DP11:DP17) -> 0 | DQ18: =SUBTOTAL(9,DQ11:DQ17) -> 0 | DR18: =SUBTOTAL(9,DR11:DR17) -> 0 | DS18: =SUBTOTAL(9,DS11:DS17) -> 0 | ... EI18: =SUBTOTAL(9,EI11:EI17) -> 0
A20: Consultants | C20: =org_consulting -> 0 | D20: =sub1_consulting -> 0 | E20: =sub2_consulting -> 0 | G20: =SUM(C20:F20) -> 0 | L20: =SUM(I20:K20) -> 0 | N20: =C20+I20 -> 0 | O20: =D20+J20 -> 0 | P20: =E20+K20 -> 0 | Q20: =SUM(N20:P20) -> 0 | X20: =SUM(U20:W20) -> 0 | Y20: =N20-U20 -> 0 | Z20: =O20-V20 -> 0 | AA20: =P20-W20 -> 0 | AB20: =SUM(Y20:AA20) -> 0 | AG20: =SUM(AD20:AF20) -> 0 | AI20: =N20+AD20 -> 0 | AJ20: =O20+AE20 -> 0 | AK20: =P20+AF20 -> 0 | AL20: =SUM(AI20:AK20) -> 0 | AM20: =AI20-U20 -> 0 | AN20: =AJ20-V20 -> 0 | AO20: =AK20-W20 -> 0 | AP20: =SUM(AM20:AO20) -> 0 | AT20: =$U20 -> 0 | AU20: =$V20 -> 0 | AV20: =$W20 -> 0 | AW20: =$X20 -> 0 | BA20: =SUM(AX20:AZ20) -> 0 | BB20: =SUMIFS($AT20:$BA20,$AT$10:$BA$10,BB$10) -> 0 | BC20: =SUMIFS($AT20:$BA20,$AT$10:$BA$10,BC$10) -> 0 | BD20: =SUMIFS($AT20:$BA20,$AT$10:$BA$10,BD$10) -> 0 | BE20: =SUM(BB20:BD20) -> 0 | BF20: =AI20-BB20 -> 0 | BG20: =AJ20-BC20 -> 0 | BH20: =AK20-BD20 -> 0 | BI20: =SUM(BF20:BH20) -> 0 | BN20: =SUM(BK20:BM20) -> 0 | BP20: =AI20+BK20 -> 0 | BQ20: =AJ20+BL20 -> 0 | BR20: =AK20+BM20 -> 0 | BS20: =SUM(BP20:BR20) -> 0 | BT20: =BP20-BB20 -> 0 | BU20: =BQ20-BC20 -> 0 | BV20: =BR20-BD20 -> 0 | BW20: =SUM(BT20:BV20) -> 0 | CA20: =$U20 -> 0 | CB20: =$V20 -> 0 | CC20: =$W20 -> 0 | CD20: =$X20 -> 0 | CE20: =$AX20 -> 0 | CF20: =$AY20 -> 0 | CG20: =$AZ20 -> 0 | CH20: =$BA20 -> 0 | CL20: =SUM(CI20:CK20) -> 0 | CM20: =SUMIFS($CA20:$CL20,$CA$10:$CL$10,CM$10) -> 0 | CN20: =SUMIFS($CA20:$CL20,$CA$10:$CL$10,CN$10) -> 0 | CO20: =SUMIFS($CA20:$CL20,$CA$10:$CL$10,CO$10) -> 0 | CP20: =SUM(CM20:CO20) -> 0 | CQ20: =BP20-CM20 -> 0 | CR20: =BQ20-CN20 -> 0 | CS20: =BR20-CO20 -> 0 | CT20: =SUM(CQ20:CS20) -> 0 | CY20: =SUM(CV20:CX20) -> 0 | DA20: =BP20+CV20 -> 0 | DB20: =BQ20+CW20 -> 0 | DC20: =BR20+CX20 -> 0 | DD20: =SUM(DA20:DC20) -> 0 | DE20: =DA20-CM20 -> 0 | DF20: =DB20-CN20 -> 0 | DG20: =DC20-CO20 -> 0 | DH20: =SUM(DE20:DG20) -> 0 | DL20: =$U20 -> 0 | DM20: =$V20 -> 0 | DN20: =$W20 -> 0 | DO20: =$X20 -> 0 | DP20: =$AX20 -> 0 | DQ20: =$AY20 -> 0 | DR20: =$AZ20 -> 0 | DS20: =$BA20 -> 0 | DT20: =$CI20 -> 0 | DU20: =$CJ20 -> 0 | DV20: =$CK20 -> 0 | DW20: =$CL20 -> 0 | EA20: =SUM(DX20:DZ20) -> 0 | EB20: =SUMIFS($DL20:$EA20,$DL$10:$EA$10,EB$10) -> 0 | EC20: =SUMIFS($DL20:$EA20,$DL$10:$EA$10,EC$10) -> 0 | ED20: =SUMIFS($DL20:$EA20,$DL$10:$EA$10,ED$10) -> 0 | EE20: =SUM(EB20:ED20) -> 0 | EF20: =DA20-EB20 -> 0 | EG20: =DB20-EC20 -> 0 | EH20: =DC20-ED20 -> 0 | EI20: =SUM(EF20:EH20) -> 0
A21: Data Collection | C21: =org_data_collection -> 0 | D21: =sub1_data_collection -> 0 | E21: =sub2_data_collection -> 0 | G21: =SUM(C21:F21) -> 0 | L21: =SUM(I21:K21) -> 0 | N21: =C21+I21 -> 0 | O21: =D21+J21 -> 0 | P21: =E21+K21 -> 0 | Q21: =SUM(N21:P21) -> 0 | X21: =SUM(U21:W21) -> 0 | Y21: =N21-U21 -> 0 | Z21: =O21-V21 -> 0 | AA21: =P21-W21 -> 0 | AB21: =SUM(Y21:AA21) -> 0 | AG21: =SUM(AD21:AF21) -> 0 | AI21: =N21+AD21 -> 0 | AJ21: =O21+AE21 -> 0 | AK21: =P21+AF21 -> 0 | AL21: =SUM(AI21:AK21) -> 0 | AM21: =AI21-U21 -> 0 | AN21: =AJ21-V21 -> 0 | AO21: =AK21-W21 -> 0 | AP21: =SUM(AM21:AO21) -> 0 | AT21: =$U21 -> 0 | AU21: =$V21 -> 0 | AV21: =$W21 -> 0 | AW21: =$X21 -> 0 | BA21: =SUM(AX21:AZ21) -> 0 | BB21: =SUMIFS($AT21:$BA21,$AT$10:$BA$10,BB$10) -> 0 | BC21: =SUMIFS($AT21:$BA21,$AT$10:$BA$10,BC$10) -> 0 | BD21: =SUMIFS($AT21:$BA21,$AT$10:$BA$10,BD$10) -> 0 | BE21: =SUM(BB21:BD21) -> 0 | BF21: =AI21-BB21 -> 0 | BG21: =AJ21-BC21 -> 0 | BH21: =AK21-BD21 -> 0 | BI21: =SUM(BF21:BH21) -> 0 | BN21: =SUM(BK21:BM21) -> 0 | BP21: =AI21+BK21 -> 0 | BQ21: =AJ21+BL21 -> 0 | BR21: =AK21+BM21 -> 0 | BS21: =SUM(BP21:BR21) -> 0 | BT21: =BP21-BB21 -> 0 | BU21: =BQ21-BC21 -> 0 | BV21: =BR21-BD21 -> 0 | BW21: =SUM(BT21:BV21) -> 0 | CA21: =$U21 -> 0 | CB21: =$V21 -> 0 | CC21: =$W21 -> 0 | CD21: =$X21 -> 0 | CE21: =$AX21 -> 0 | CF21: =$AY21 -> 0 | CG21: =$AZ21 -> 0 | CH21: =$BA21 -> 0 | CL21: =SUM(CI21:CK21) -> 0 | CM21: =SUMIFS($CA21:$CL21,$CA$10:$CL$10,CM$10) -> 0 | CN21: =SUMIFS($CA21:$CL21,$CA$10:$CL$10,CN$10) -> 0 | CO21: =SUMIFS($CA21:$CL21,$CA$10:$CL$10,CO$10) -> 0 | CP21: =SUM(CM21:CO21) -> 0 | CQ21: =BP21-CM21 -> 0 | CR21: =BQ21-CN21 -> 0 | CS21: =BR21-CO21 -> 0 | CT21: =SUM(CQ21:CS21) -> 0 | CY21: =SUM(CV21:CX21) -> 0 | DA21: =BP21+CV21 -> 0 | DB21: =BQ21+CW21 -> 0 | DC21: =BR21+CX21 -> 0 | DD21: =SUM(DA21:DC21) -> 0 | DE21: =DA21-CM21 -> 0 | DF21: =DB21-CN21 -> 0 | DG21: =DC21-CO21 -> 0 | DH21: =SUM(DE21:DG21) -> 0 | DL21: =$U21 -> 0 | DM21: =$V21 -> 0 | DN21: =$W21 -> 0 | DO21: =$X21 -> 0 | DP21: =$AX21 -> 0 | DQ21: =$AY21 -> 0 | DR21: =$AZ21 -> 0 | DS21: =$BA21 -> 0 | DT21: =$CI21 -> 0 | DU21: =$CJ21 -> 0 | DV21: =$CK21 -> 0 | DW21: =$CL21 -> 0 | EA21: =SUM(DX21:DZ21) -> 0 | EB21: =SUMIFS($DL21:$EA21,$DL$10:$EA$10,EB$10) -> 0 | EC21: =SUMIFS($DL21:$EA21,$DL$10:$EA$10,EC$10) -> 0 | ED21: =SUMIFS($DL21:$EA21,$DL$10:$EA$10,ED$10) -> 0 | EE21: =SUM(EB21:ED21) -> 0 | EF21: =DA21-EB21 -> 0 | EG21: =DB21-EC21 -> 0 | EH21: =DC21-ED21 -> 0 | EI21: =SUM(EF21:EH21) -> 0
A22: Other Direct Costs | C22: =org_direct -> 0 | D22: =sub1_direct -> 0 | E22: =sub2_direct -> 0 | G22: =SUM(C22:F22) -> 0 | L22: =SUM(I22:K22) -> 0 | N22: =C22+I22 -> 0 | O22: =D22+J22 -> 0 | P22: =E22+K22 -> 0 | Q22: =SUM(N22:P22) -> 0 | X22: =SUM(U22:W22) -> 0 | Y22: =N22-U22 -> 0 | Z22: =O22-V22 -> 0 | AA22: =P22-W22 -> 0 | AB22: =SUM(Y22:AA22) -> 0 | AG22: =SUM(AD22:AF22) -> 0 | AI22: =N22+AD22 -> 0 | AJ22: =O22+AE22 -> 0 | AK22: =P22+AF22 -> 0 | AL22: =SUM(AI22:AK22) -> 0 | AM22: =AI22-U22 -> 0 | AN22: =AJ22-V22 -> 0 | AO22: =AK22-W22 -> 0 | AP22: =SUM(AM22:AO22) -> 0 | AT22: =$U22 -> 0 | AU22: =$V22 -> 0 | AV22: =$W22 -> 0 | AW22: =$X22 -> 0 | BA22: =SUM(AX22:AZ22) -> 0 | BB22: =SUMIFS($AT22:$BA22,$AT$10:$BA$10,BB$10) -> 0 | BC22: =SUMIFS($AT22:$BA22,$AT$10:$BA$10,BC$10) -> 0 | BD22: =SUMIFS($AT22:$BA22,$AT$10:$BA$10,BD$10) -> 0 | BE22: =SUM(BB22:BD22) -> 0 | BF22: =AI22-BB22 -> 0 | BG22: =AJ22-BC22 -> 0 | BH22: =AK22-BD22 -> 0 | BI22: =SUM(BF22:BH22) -> 0 | BN22: =SUM(BK22:BM22) -> 0 | BP22: =AI22+BK22 -> 0 | BQ22: =AJ22+BL22 -> 0 | BR22: =AK22+BM22 -> 0 | BS22: =SUM(BP22:BR22) -> 0 | BT22: =BP22-BB22 -> 0 | BU22: =BQ22-BC22 -> 0 | BV22: =BR22-BD22 -> 0 | BW22: =SUM(BT22:BV22) -> 0 | CA22: =$U22 -> 0 | CB22: =$V22 -> 0 | CC22: =$W22 -> 0 | CD22: =$X22 -> 0 | CE22: =$AX22 -> 0 | CF22: =$AY22 -> 0 | CG22: =$AZ22 -> 0 | CH22: =$BA22 -> 0 | CL22: =SUM(CI22:CK22) -> 0 | CM22: =SUMIFS($CA22:$CL22,$CA$10:$CL$10,CM$10) -> 0 | CN22: =SUMIFS($CA22:$CL22,$CA$10:$CL$10,CN$10) -> 0 | CO22: =SUMIFS($CA22:$CL22,$CA$10:$CL$10,CO$10) -> 0 | CP22: =SUM(CM22:CO22) -> 0 | CQ22: =BP22-CM22 -> 0 | CR22: =BQ22-CN22 -> 0 | CS22: =BR22-CO22 -> 0 | CT22: =SUM(CQ22:CS22) -> 0 | CY22: =SUM(CV22:CX22) -> 0 | DA22: =BP22+CV22 -> 0 | DB22: =BQ22+CW22 -> 0 | DC22: =BR22+CX22 -> 0 | DD22: =SUM(DA22:DC22) -> 0 | DE22: =DA22-CM22 -> 0 | DF22: =DB22-CN22 -> 0 | DG22: =DC22-CO22 -> 0 | DH22: =SUM(DE22:DG22) -> 0 | DL22: =$U22 -> 0 | DM22: =$V22 -> 0 | DN22: =$W22 -> 0 | DO22: =$X22 -> 0 | DP22: =$AX22 -> 0 | DQ22: =$AY22 -> 0 | DR22: =$AZ22 -> 0 | DS22: =$BA22 -> 0 | DT22: =$CI22 -> 0 | DU22: =$CJ22 -> 0 | DV22: =$CK22 -> 0 | DW22: =$CL22 -> 0 | EA22: =SUM(DX22:DZ22) -> 0 | EB22: =SUMIFS($DL22:$EA22,$DL$10:$EA$10,EB$10) -> 0 | EC22: =SUMIFS($DL22:$EA22,$DL$10:$EA$10,EC$10) -> 0 | ED22: =SUMIFS($DL22:$EA22,$DL$10:$EA$10,ED$10) -> 0 | EE22: =SUM(EB22:ED22) -> 0 | EF22: =DA22-EB22 -> 0 | EG22: =DB22-EC22 -> 0 | EH22: =DC22-ED22 -> 0 | EI22: =SUM(EF22:EH22) -> 0
A24: Total Direct Cost | C24: =SUBTOTAL(9,C11:C23) -> 0 | D24: =SUBTOTAL(9,D11:D23) -> 0 | E24: =SUBTOTAL(9,E11:E23) -> 0 | G24: =SUBTOTAL(9,G11:G23) -> 0 | I24: =SUBTOTAL(9,I11:I23) -> 0 | J24: =SUBTOTAL(9,J11:J23) -> 0 | K24: =SUBTOTAL(9,K11:K23) -> 0 | L24: =SUBTOTAL(9,L11:L23) -> 0 | N24: =SUBTOTAL(9,N11:N23) -> 0 | O24: =SUBTOTAL(9,O11:O23) -> 0 | P24: =SUBTOTAL(9,P11:P23) -> 0 | Q24: =SUBTOTAL(9,Q11:Q23) -> 0 | U24: =SUBTOTAL(9,U11:U23) -> 0 | V24: =SUBTOTAL(9,V11:V23) -> 0 | W24: =SUBTOTAL(9,W11:W23) -> 0 | X24: =SUBTOTAL(9,X11:X23) -> 0 | Y24: =SUBTOTAL(9,Y11:Y23) -> 0 | Z24: =SUBTOTAL(9,Z11:Z23) -> 0 | AA24: =SUBTOTAL(9,AA11:AA23) -> 0 | AB24: =SUBTOTAL(9,AB11:AB23) -> 0 | AD24: =SUBTOTAL(9,AD11:AD23) -> 0 | AE24: =SUBTOTAL(9,AE11:AE23) -> 0 | AF24: =SUBTOTAL(9,AF11:AF23) -> 0 | AG24: =SUBTOTAL(9,AG11:AG23) -> 0 | AI24: =SUBTOTAL(9,AI11:AI23) -> 0 | AJ24: =SUBTOTAL(9,AJ11:AJ23) -> 0 | AK24: =SUBTOTAL(9,AK11:AK23) -> 0 | AL24: =SUBTOTAL(9,AL11:AL23) -> 0 | AM24: =SUBTOTAL(9,AM11:AM23) -> 0 | AN24: =SUBTOTAL(9,AN11:AN23) -> 0 | AO24: =SUBTOTAL(9,AO11:AO23) -> 0 | AP24: =SUBTOTAL(9,AP11:AP23) -> 0 | AT24: =SUBTOTAL(9,AT11:AT23) -> 0 | AU24: =SUBTOTAL(9,AU11:AU23) -> 0 | AV24: =SUBTOTAL(9,AV11:AV23) -> 0 | AW24: =SUBTOTAL(9,AW11:AW23) -> 0 | AX24: =SUBTOTAL(9,AX11:AX23) -> 0 | AY24: =SUBTOTAL(9,AY11:AY23) -> 0 | AZ24: =SUBTOTAL(9,AZ11:AZ23) -> 0 | BA24: =SUBTOTAL(9,BA11:BA23) -> 0 | ... BI24: =SUBTOTAL(9,BI11:BI23) -> 0 | BK24: =SUBTOTAL(9,BK11:BK23) -> 0 | BL24: =SUBTOTAL(9,BL11:BL23) -> 0 | BM24: =SUBTOTAL(9,BM11:BM23) -> 0 | BN24: =SUBTOTAL(9,BN11:BN23) -> 0 | BP24: =SUBTOTAL(9,BP11:BP23) -> 0 | BQ24: =SUBTOTAL(9,BQ11:BQ23) -> 0 | BR24: =SUBTOTAL(9,BR11:BR23) -> 0 | BS24: =SUBTOTAL(9,BS11:BS23) -> 0 | BT24: =SUBTOTAL(9,BT11:BT23) -> 0 | BU24: =SUBTOTAL(9,BU11:BU23) -> 0 | BV24: =SUBTOTAL(9,BV11:BV23) -> 0 | BW24: =SUBTOTAL(9,BW11:BW23) -> 0 | CA24: =SUBTOTAL(9,CA11:CA23) -> 0 | CB24: =SUBTOTAL(9,CB11:CB23) -> 0 | CC24: =SUBTOTAL(9,CC11:CC23) -> 0 | CD24: =SUBTOTAL(9,CD11:CD23) -> 0 | CE24: =SUBTOTAL(9,CE11:CE23) -> 0 | CF24: =SUBTOTAL(9,CF11:CF23) -> 0 | CG24: =SUBTOTAL(9,CG11:CG23) -> 0 | CH24: =SUBTOTAL(9,CH11:CH23) -> 0 | ... CT24: =SUBTOTAL(9,CT11:CT23) -> 0 | CV24: =SUBTOTAL(9,CV11:CV23) -> 0 | CW24: =SUBTOTAL(9,CW11:CW23) -> 0 | CX24: =SUBTOTAL(9,CX11:CX23) -> 0 | CY24: =SUBTOTAL(9,CY11:CY23) -> 0 | DA24: =SUBTOTAL(9,DA11:DA23) -> 0 | DB24: =SUBTOTAL(9,DB11:DB23) -> 0 | DC24: =SUBTOTAL(9,DC11:DC23) -> 0 | DD24: =SUBTOTAL(9,DD11:DD23) -> 0 | DE24: =SUBTOTAL(9,DE11:DE23) -> 0 | DF24: =SUBTOTAL(9,DF11:DF23) -> 0 | DG24: =SUBTOTAL(9,DG11:DG23) -> 0 | DH24: =SUBTOTAL(9,DH11:DH23) -> 0 | DL24: =SUBTOTAL(9,DL11:DL23) -> 0 | DM24: =SUBTOTAL(9,DM11:DM23) -> 0 | DN24: =SUBTOTAL(9,DN11:DN23) -> 0 | DO24: =SUBTOTAL(9,DO11:DO23) -> 0 | DP24: =SUBTOTAL(9,DP11:DP23) -> 0 | DQ24: =SUBTOTAL(9,DQ11:DQ23) -> 0 | DR24: =SUBTOTAL(9,DR11:DR23) -> 0 | DS24: =SUBTOTAL(9,DS11:DS23) -> 0 | ... EI24: =SUBTOTAL(9,EI11:EI23) -> 0
A26: Survey and Data Fees | C26: =org_data -> 0 | D26: =sub1_data -> 0 | E26: =sub2_data -> 0 | G26: =SUM(C26:F26) -> 0 | L26: =SUM(I26:K26) -> 0 | N26: =C26+I26 -> 0 | O26: =D26+J26 -> 0 | P26: =E26+K26 -> 0 | Q26: =SUM(N26:P26) -> 0 | X26: =SUM(U26:W26) -> 0 | Y26: =N26-U26 -> 0 | Z26: =O26-V26 -> 0 | AA26: =P26-W26 -> 0 | AB26: =SUM(Y26:AA26) -> 0 | AG26: =SUM(AD26:AF26) -> 0 | AI26: =N26+AD26 -> 0 | AJ26: =O26+AE26 -> 0 | AK26: =P26+AF26 -> 0 | AL26: =SUM(AI26:AK26) -> 0 | AM26: =AI26-U26 -> 0 | AN26: =AJ26-V26 -> 0 | AO26: =AK26-W26 -> 0 | AP26: =SUM(AM26:AO26) -> 0 | AT26: =$U26 -> 0 | AU26: =$V26 -> 0 | AV26: =$W26 -> 0 | AW26: =$X26 -> 0 | BA26: =SUM(AX26:AZ26) -> 0 | BB26: =SUMIFS($AT26:$BA26,$AT$10:$BA$10,BB$10) -> 0 | BC26: =SUMIFS($AT26:$BA26,$AT$10:$BA$10,BC$10) -> 0 | BD26: =SUMIFS($AT26:$BA26,$AT$10:$BA$10,BD$10) -> 0 | BE26: =SUM(BB26:BD26) -> 0 | BF26: =AI26-BB26 -> 0 | BG26: =AJ26-BC26 -> 0 | BH26: =AK26-BD26 -> 0 | BI26: =SUM(BF26:BH26) -> 0 | BN26: =SUM(BK26:BM26) -> 0 | BP26: =AI26+BK26 -> 0 | BQ26: =AJ26+BL26 -> 0 | BR26: =AK26+BM26 -> 0 | BS26: =SUM(BP26:BR26) -> 0 | BT26: =BP26-BB26 -> 0 | BU26: =BQ26-BC26 -> 0 | BV26: =BR26-BD26 -> 0 | BW26: =SUM(BT26:BV26) -> 0 | CA26: =$U26 -> 0 | CB26: =$V26 -> 0 | CC26: =$W26 -> 0 | CD26: =$X26 -> 0 | CE26: =$AX26 -> 0 | CF26: =$AY26 -> 0 | CG26: =$AZ26 -> 0 | CH26: =$BA26 -> 0 | CL26: =SUM(CI26:CK26) -> 0 | CM26: =SUMIFS($CA26:$CL26,$CA$10:$CL$10,CM$10) -> 0 | CN26: =SUMIFS($CA26:$CL26,$CA$10:$CL$10,CN$10) -> 0 | CO26: =SUMIFS($CA26:$CL26,$CA$10:$CL$10,CO$10) -> 0 | CP26: =SUM(CM26:CO26) -> 0 | CQ26: =BP26-CM26 -> 0 | CR26: =BQ26-CN26 -> 0 | CS26: =BR26-CO26 -> 0 | CT26: =SUM(CQ26:CS26) -> 0 | CY26: =SUM(CV26:CX26) -> 0 | DA26: =BP26+CV26 -> 0 | DB26: =BQ26+CW26 -> 0 | DC26: =BR26+CX26 -> 0 | DD26: =SUM(DA26:DC26) -> 0 | DE26: =DA26-CM26 -> 0 | DF26: =DB26-CN26 -> 0 | DG26: =DC26-CO26 -> 0 | DH26: =SUM(DE26:DG26) -> 0 | DL26: =$U26 -> 0 | DM26: =$V26 -> 0 | DN26: =$W26 -> 0 | DO26: =$X26 -> 0 | DP26: =$AX26 -> 0 | DQ26: =$AY26 -> 0 | DR26: =$AZ26 -> 0 | DS26: =$BA26 -> 0 | DT26: =$CI26 -> 0 | DU26: =$CJ26 -> 0 | DV26: =$CK26 -> 0 | DW26: =$CL26 -> 0 | EA26: =SUM(DX26:DZ26) -> 0 | EB26: =SUMIFS($DL26:$EA26,$DL$10:$EA$10,EB$10) -> 0 | EC26: =SUMIFS($DL26:$EA26,$DL$10:$EA$10,EC$10) -> 0 | ED26: =SUMIFS($DL26:$EA26,$DL$10:$EA$10,ED$10) -> 0 | EE26: =SUM(EB26:ED26) -> 0 | EF26: =DA26-EB26 -> 0 | EG26: =DB26-EC26 -> 0 | EH26: =DC26-ED26 -> 0 | EI26: =SUM(EF26:EH26) -> 0
A28: Indirect Costs | C28: =IF(ind_cost_rate="No","N/A",ROUND(org_ind_pers+org_ind_dc,0)) -> 0 | D28: =IF(ind_cost_rate="No","N/A",ROUND(sub1_ind_pers+sub1_ind_dc,0)) -> 0 | E28: =IF(ind_cost_rate="No","N/A",ROUND(sub2_ind_pers+sub2_ind_dc,0)) -> 0 | G28: =SUM(C28:F28) -> 0 | I28: =IF(ind_cost_rate="No","N/A",ROUND(I24*ind_cost_rate,0)) -> 0 | J28: =IF(ind_cost_rate="No","N/A",ROUND(J24*ind_cost_rate,0)) -> 0 | K28: =IF(ind_cost_rate="No","N/A",ROUND(K24*ind_cost_rate,0)) -> 0 | L28: =SUM(I28:K28) -> 0 | N28: =IFERROR(C28+I28,"N/A") -> 0 | O28: =IFERROR(D28+J28,"N/A") -> 0 | P28: =IFERROR(E28+K28,"N/A") -> 0 | Q28: =SUM(N28:P28) -> 0 | X28: =SUM(U28:W28) -> 0 | Y28: =IFERROR(N28-U28,"N/A") -> 0 | Z28: =IFERROR(O28-V28,"N/A") -> 0 | AA28: =IFERROR(P28-W28,"N/A") -> 0 | AB28: =SUM(Y28:AA28) -> 0 | AD28: =IF(ind_cost_rate="No","N/A",ROUND(AD24*ind_cost_rate,0)) -> 0 | AE28: =IF(ind_cost_rate="No","N/A",ROUND(AE24*ind_cost_rate,0)) -> 0 | AF28: =IF(ind_cost_rate="No","N/A",ROUND(AF24*ind_cost_rate,0)) -> 0 | AG28: =SUM(AD28:AF28) -> 0 | AI28: =IFERROR(N28+AD28,"N/A") -> 0 | AJ28: =IFERROR(O28+AE28,"N/A") -> 0 | AK28: =IFERROR(P28+AF28,"N/A") -> 0 | AL28: =SUM(AI28:AK28) -> 0 | AM28: =IFERROR(AI28-U28,"N/A") -> 0 | AN28: =IFERROR(AJ28-V28,"N/A") -> 0 | AO28: =IFERROR(AK28-W28,"N/A") -> 0 | AP28: =SUM(AM28:AO28) -> 0 | AT28: =$U28 -> 0 | AU28: =$V28 -> 0 | AV28: =$W28 -> 0 | AW28: =$X28 -> 0 | BA28: =SUM(AX28:AZ28) -> 0 | BB28: =SUMIFS($AT28:$BA28,$AT$10:$BA$10,BB$10) -> 0 | BC28: =SUMIFS($AT28:$BA28,$AT$10:$BA$10,BC$10) -> 0 | BD28: =SUMIFS($AT28:$BA28,$AT$10:$BA$10,BD$10) -> 0 | BE28: =SUM(BB28:BD28) -> 0 | BF28: =IFERROR(AI28-BB28,"N/A") -> 0 | BG28: =IFERROR(AJ28-BC28,"N/A") -> 0 | BH28: =IFERROR(AK28-BD28,"N/A") -> 0 | BI28: =SUM(BF28:BH28) -> 0 | BK28: =IF(ind_cost_rate="No","N/A",ROUND(BK24*ind_cost_rate,0)) -> 0 | BL28: =IF(ind_cost_rate="No","N/A",ROUND(BL24*ind_cost_rate,0)) -> 0 | BM28: =IF(ind_cost_rate="No","N/A",ROUND(BM24*ind_cost_rate,0)) -> 0 | BN28: =SUM(BK28:BM28) -> 0 | BP28: =IFERROR(AI28+BK28,"N/A") -> 0 | BQ28: =IFERROR(AJ28+BL28,"N/A") -> 0 | BR28: =IFERROR(AK28+BM28,"N/A") -> 0 | BS28: =SUM(BP28:BR28) -> 0 | BT28: =IFERROR(BP28-BB28,"N/A") -> 0 | BU28: =IFERROR(BQ28-BC28,"N/A") -> 0 | BV28: =IFERROR(BR28-BD28,"N/A") -> 0 | BW28: =SUM(BT28:BV28) -> 0 | CA28: =$U28 -> 0 | CB28: =$V28 -> 0 | CC28: =$W28 -> 0 | CD28: =$X28 -> 0 | CE28: =$AX28 -> 0 | CF28: =$AY28 -> 0 | CG28: =$AZ28 -> 0 | CH28: =$BA28 -> 0 | CL28: =SUM(CI28:CK28) -> 0 | CM28: =SUMIFS($CA28:$CL28,$CA$10:$CL$10,CM$10) -> 0 | CN28: =SUMIFS($CA28:$CL28,$CA$10:$CL$10,CN$10) -> 0 | CO28: =SUMIFS($CA28:$CL28,$CA$10:$CL$10,CO$10) -> 0 | CP28: =SUM(CM28:CO28) -> 0 | CQ28: =IFERROR(BP28-CM28,"N/A") -> 0 | CR28: =IFERROR(BQ28-CN28,"N/A") -> 0 | CS28: =IFERROR(BR28-CO28,"N/A") -> 0 | CT28: =SUM(CQ28:CS28) -> 0 | CV28: =IF(ind_cost_rate="No","N/A",ROUND(CV24*ind_cost_rate,0)) -> 0 | CW28: =IF(ind_cost_rate="No","N/A",ROUND(CW24*ind_cost_rate,0)) -> 0 | CX28: =IF(ind_cost_rate="No","N/A",ROUND(CX24*ind_cost_rate,0)) -> 0 | CY28: =SUM(CV28:CX28) -> 0 | DA28: =IFERROR(BP28+CV28,"N/A") -> 0 | DB28: =IFERROR(BQ28+CW28,"N/A") -> 0 | DC28: =IFERROR(BR28+CX28,"N/A") -> 0 | DD28: =SUM(DA28:DC28) -> 0 | DE28: =IFERROR(DA28-CM28,"N/A") -> 0 | DF28: =IFERROR(DB28-CN28,"N/A") -> 0 | DG28: =IFERROR(DC28-CO28,"N/A") -> 0 | DH28: =SUM(DE28:DG28) -> 0 | DL28: =$U28 -> 0 | DM28: =$V28 -> 0 | DN28: =$W28 -> 0 | DO28: =$X28 -> 0 | DP28: =$AX28 -> 0 | DQ28: =$AY28 -> 0 | DR28: =$AZ28 -> 0 | DS28: =$BA28 -> 0 | DT28: =$CI28 -> 0 | DU28: =$CJ28 -> 0 | DV28: =$CK28 -> 0 | DW28: =$CL28 -> 0 | EA28: =SUM(DX28:DZ28) -> 0 | EB28: =SUMIFS($DL28:$EA28,$DL$10:$EA$10,EB$10) -> 0 | EC28: =SUMIFS($DL28:$EA28,$DL$10:$EA$10,EC$10) -> 0 | ED28: =SUMIFS($DL28:$EA28,$DL$10:$EA$10,ED$10) -> 0 | EE28: =SUM(EB28:ED28) -> 0 | EF28: =IFERROR(DA28-EB28,"N/A") -> 0 | EG28: =IFERROR(DB28-EC28,"N/A") -> 0 | EH28: =IFERROR(DC28-ED28,"N/A") -> 0 | EI28: =SUM(EF28:EH28) -> 0
A30: Total Grant Budget | C30: =SUBTOTAL(9,C11:C29) -> 0 | D30: =SUBTOTAL(9,D11:D29) -> 0 | E30: =SUBTOTAL(9,E11:E29) -> 0 | G30: =SUBTOTAL(9,G11:G29) -> 0 | I30: =SUBTOTAL(9,I11:I29) -> 0 | J30: =SUBTOTAL(9,J11:J29) -> 0 | K30: =SUBTOTAL(9,K11:K29) -> 0 | L30: =SUBTOTAL(9,L11:L29) -> 0 | N30: =SUBTOTAL(9,N11:N29) -> 0 | O30: =SUBTOTAL(9,O11:O29) -> 0 | P30: =SUBTOTAL(9,P11:P29) -> 0 | Q30: =SUBTOTAL(9,Q11:Q29) -> 0 | U30: =SUBTOTAL(9,U11:U29) -> 0 | V30: =SUBTOTAL(9,V11:V29) -> 0 | W30: =SUBTOTAL(9,W11:W29) -> 0 | X30: =SUBTOTAL(9,X11:X29) -> 0 | Y30: =SUBTOTAL(9,Y11:Y29) -> 0 | Z30: =SUBTOTAL(9,Z11:Z29) -> 0 | AA30: =SUBTOTAL(9,AA11:AA29) -> 0 | AB30: =SUBTOTAL(9,AB11:AB29) -> 0 | AD30: =SUBTOTAL(9,AD11:AD29) -> 0 | AE30: =SUBTOTAL(9,AE11:AE29) -> 0 | AF30: =SUBTOTAL(9,AF11:AF29) -> 0 | AG30: =SUBTOTAL(9,AG11:AG29) -> 0 | AI30: =SUBTOTAL(9,AI11:AI29) -> 0 | AJ30: =SUBTOTAL(9,AJ11:AJ29) -> 0 | AK30: =SUBTOTAL(9,AK11:AK29) -> 0 | AL30: =SUBTOTAL(9,AL11:AL29) -> 0 | AM30: =SUBTOTAL(9,AM11:AM29) -> 0 | AN30: =SUBTOTAL(9,AN11:AN29) -> 0 | AO30: =SUBTOTAL(9,AO11:AO29) -> 0 | AP30: =SUBTOTAL(9,AP11:AP29) -> 0 | AT30: =SUBTOTAL(9,AT11:AT29) -> 0 | AU30: =SUBTOTAL(9,AU11:AU29) -> 0 | AV30: =SUBTOTAL(9,AV11:AV29) -> 0 | AW30: =SUBTOTAL(9,AW11:AW29) -> 0 | AX30: =SUBTOTAL(9,AX11:AX29) -> 0 | AY30: =SUBTOTAL(9,AY11:AY29) -> 0 | AZ30: =SUBTOTAL(9,AZ11:AZ29) -> 0 | BA30: =SUBTOTAL(9,BA11:BA29) -> 0 | ... BI30: =SUBTOTAL(9,BI11:BI29) -> 0 | BK30: =SUBTOTAL(9,BK11:BK29) -> 0 | BL30: =SUBTOTAL(9,BL11:BL29) -> 0 | BM30: =SUBTOTAL(9,BM11:BM29) -> 0 | BN30: =SUBTOTAL(9,BN11:BN29) -> 0 | BP30: =SUBTOTAL(9,BP11:BP29) -> 0 | BQ30: =SUBTOTAL(9,BQ11:BQ29) -> 0 | BR30: =SUBTOTAL(9,BR11:BR29) -> 0 | BS30: =SUBTOTAL(9,BS11:BS29) -> 0 | BT30: =SUBTOTAL(9,BT11:BT29) -> 0 | BU30: =SUBTOTAL(9,BU11:BU29) -> 0 | BV30: =SUBTOTAL(9,BV11:BV29) -> 0 | BW30: =SUBTOTAL(9,BW11:BW29) -> 0 | CA30: =SUBTOTAL(9,CA11:CA29) -> 0 | CB30: =SUBTOTAL(9,CB11:CB29) -> 0 | CC30: =SUBTOTAL(9,CC11:CC29) -> 0 | CD30: =SUBTOTAL(9,CD11:CD29) -> 0 | CE30: =SUBTOTAL(9,CE11:CE29) -> 0 | CF30: =SUBTOTAL(9,CF11:CF29) -> 0 | CG30: =SUBTOTAL(9,CG11:CG29) -> 0 | CH30: =SUBTOTAL(9,CH11:CH29) -> 0 | ... CT30: =SUBTOTAL(9,CT11:CT29) -> 0 | CV30: =SUBTOTAL(9,CV11:CV29) -> 0 | CW30: =SUBTOTAL(9,CW11:CW29) -> 0 | CX30: =SUBTOTAL(9,CX11:CX29) -> 0 | CY30: =SUBTOTAL(9,CY11:CY29) -> 0 | DA30: =SUBTOTAL(9,DA11:DA29) -> 0 | DB30: =SUBTOTAL(9,DB11:DB29) -> 0 | DC30: =SUBTOTAL(9,DC11:DC29) -> 0 | DD30: =SUBTOTAL(9,DD11:DD29) -> 0 | DE30: =SUBTOTAL(9,DE11:DE29) -> 0 | DF30: =SUBTOTAL(9,DF11:DF29) -> 0 | DG30: =SUBTOTAL(9,DG11:DG29) -> 0 | DH30: =SUBTOTAL(9,DH11:DH29) -> 0 | DL30: =SUBTOTAL(9,DL11:DL29) -> 0 | DM30: =SUBTOTAL(9,DM11:DM29) -> 0 | DN30: =SUBTOTAL(9,DN11:DN29) -> 0 | DO30: =SUBTOTAL(9,DO11:DO29) -> 0 | DP30: =SUBTOTAL(9,DP11:DP29) -> 0 | DQ30: =SUBTOTAL(9,DQ11:DQ29) -> 0 | DR30: =SUBTOTAL(9,DR11:DR29) -> 0 | DS30: =SUBTOTAL(9,DS11:DS29) -> 0 | ... EI30: =SUBTOTAL(9,EI11:EI29) -> 0
I33: Attention: Cells highlighted in red require review and correction. | U33: Attention: If the remaining balance for any budget line is negative (cell highlighted in red), please contact RSF for possible budget revision. | AD33: Attention: Cells highlighted in red require review and correction. | AT33: Attention: If the remaining balance for any budget line is negative (cell highlighted in red), please contact RSF for possible budget revision. | BK33: Attention: Cells highlighted in red require review and correction. | CI33: Attention: If the remaining balance for any budget line is negative (cell highlighted in red), please contact RSF for possible budget revision. | CV33: Attention: Cells highlighted in red require review and correction. | DX33: Attention: If the remaining balance for any budget line is negative (cell highlighted in red), please contact RSF for possible budget revision.
I34: 1. Enter the amount of funds to be reallocated in affected budget lines ONLY. Please enter positive amount if requesting to spend more than originally budgeted. Please enter negative amount if requesting to spend less than originally budgeted. | AD34: 1. Enter the amount of funds to be reallocated in affected budget lines ONLY. Please enter positive amount if requesting to spend more than originally budgeted. Please enter negative amount if requesting to spend less than originally budgeted. | BK34: 1. Enter the amount of funds to be reallocated in affected budget lines ONLY. Please enter positive amount if requesting to spend more than originally budgeted. Please enter negative amount if requesting to spend less than originally budgeted. | CV34: 1. Enter the amount of funds to be reallocated in affected budget lines ONLY. Please enter positive amount if requesting to spend more than originally budgeted. Please enter negative amount if requesting to spend less than originally budgeted.
U37: In submitting this report the grantee confirms that: | AT37: In submitting this report the grantee confirms that: | CI37: In submitting this report the grantee confirms that: | DX37: In submitting this report the grantee confirms that:
I38: 2. Please make sure the net total of negative and positive amounts is $0 (green) | U38: 1. No grant funds have been spent on tuition | AD38: 2. Please make sure the net total of negative and positive amounts is $0 (green) | AT38: 1. No grant funds have been spent on tuition | BK38: 2. Please make sure the net total of negative and positive amounts is $0 (green) | CI38: 1. No grant funds have been spent on tuition | CV38: 2. Please make sure the net total of negative and positive amounts is $0 (green) | DX38: 1. No grant funds have been spent on tuition
U39: 2. The fringe rate does not exceed 40% on any position | AT39: 2. The fringe rate does not exceed 40% on any position | CI39: 2. The fringe rate does not exceed 40% on any position | DX39: 2. The fringe rate does not exceed 40% on any position
I40: 3. All proposed expenditures must be in accordance with RSF budget guidelines: | U40: 3. All expenditures are in accordance with RSF budget guidelines: | AD40: 3. All proposed expenditures must be in accordance with RSF budget guidelines: | AT40: 3. All expenditures are in accordance with RSF budget guidelines: | BK40: 3. All proposed expenditures must be in accordance with RSF budget guidelines: | CI40: 3. All expenditures are in accordance with RSF budget guidelines: | CV40: 3. All proposed expenditures must be in accordance with RSF budget guidelines: | DX40: 3. All expenditures are in accordance with RSF budget guidelines:
U41: https://www.russellsage.org/apply/grants/core/budget | AT41: https://www.russellsage.org/apply/grants/core/budget | CI41: https://www.russellsage.org/apply/grants/core/budget | DX41: https://www.russellsage.org/apply/grants/core/budget
I42: https://www.russellsage.org/apply/grants/core/budget | AD42: https://www.russellsage.org/apply/grants/core/budget | BK42: https://www.russellsage.org/apply/grants/core/budget | CV42: https://www.russellsage.org/apply/grants/core/budget

Sheet Budget Revision Summary
A1: FINANCIAL SUMMARY & REPORTING
C2: Original | H2: Bud Rev | M2: Bud Rev 1 | R2: Bud Rev 2 | W2: Bud Rev 3
A3: Please Contact RSF to Expand/Collapse Sections as Needed → | B3: Budget | C3: Budget | G3: Bud Rev | H3: Budget Revision | L3: Bud Rev 1 | M3: Budget Revision in Period 1 | Q3: Bud Rev 2 | R3: Budget Revision in Period 2 | V3: Bud Rev 3 | W3: Budget Revision in Period 3
A4: Budget Summary | H4: {=IF(OFFSET(INDEX('Financial Summary & Reporting'!1:32,MATCH(H$2,INDEX('Financial Summary & Reporting'!1:32,0,MATCH('Budget Revision Summary'!H$2,'Financial Summary & Reporting'!$2:$2,0)),0),MATCH(H$2,'Financial Summary & Reporting'!$2:$2,0)),3,0,4,4)=0,"",OFFSET(INDEX('Financial Summary & Reporting'!1:32,MATCH(H$2,INDEX('Financial Summary & Reporting'!1:32,0,MATCH('Budget Revision Summary'!H$2,'Financial Summary & Reporting'!$2:$2,0)),0),MATCH(H$2,'Financial Summary & Reporting'!$2:$2,0)),3,0,4,4))} -> Prepared by: | M4: {=IF(OFFSET(INDEX('Financial Summary & Reporting'!1:32,MATCH(M$2,INDEX('Financial Summary & Reporting'!1:32,0,MATCH('Budget Revision Summary'!M$2,'Financial Summary & Reporting'!$2:$2,0)),0),MATCH(M$2,'Financial Summary & Reporting'!$2:$2,0)),3,0,4,4)=0,"",OFFSET(INDEX('Financial Summary & Reporting'!1:32,MATCH(M$2,INDEX('Financial Summary & Reporting'!1:32,0,MATCH('Budget Revision Summary'!M$2,'Financial Summary & Reporting'!$2:$2,0)),0),MATCH(M$2,'Financial Summary & Reporting'!$2:$2,0)),3,0,4,4))} -> Prepared by: | R4: {=IF(OFFSET(INDEX('Financial Summary & Reporting'!1:32,MATCH(R$2,INDEX('Financial Summary & Reporting'!1:32,0,MATCH('Budget Revision Summary'!R$2,'Financial Summary & Reporting'!$2:$2,0)),0),MATCH(R$2,'Financial Summary & Reporting'!$2:$2,0)),3,0,4,4)=0,"",OFFSET(INDEX('Financial Summary & Reporting'!1:32,MATCH(R$2,INDEX('Financial Summary & Reporting'!1:32,0,MATCH('Budget Revision Summary'!R$2,'Financial Summary & Reporting'!$2:$2,0)),0),MATCH(R$2,'Financial Summary & Reporting'!$2:$2,0)),3,0,4,4))} -> Prepared by: | W4: {=IF(OFFSET(INDEX('Financial Summary & Reporting'!1:32,MATCH(W$2,INDEX('Financial Summary & Reporting'!1:32,0,MATCH('Budget Revision Summary'!W$2,'Financial Summary & Reporting'!$2:$2,0)),0),MATCH(W$2,'Financial Summary & Reporting'!$2:$2,0)),3,0,4,4)=0,"",OFFSET(INDEX('Financial Summary & Reporting'!1:32,MATCH(W$2,INDEX('Financial Summary & Reporting'!1:32,0,MATCH('Budget Revision Summary'!W$2,'Financial Summary & Reporting'!$2:$2,0)),0),MATCH(W$2,'Financial Summary & Reporting'!$2:$2,0)),3,0,4,4))} -> Prepared by:
A5: =TEXT(start_date,"m/d/yy")&" to "&(TEXT(EOMONTH(start_date,grant_term-1),"m/d/yy")) -> 1/0/00 to 12/31/00 | H5: Prepared Date: | M5: Prepared Date: | R5: Prepared Date: | W5: Prepared Date:
A6: ="PI"&": "&PI_Name -> PI: | H6: Preparer's Email: | M6: Preparer's Email: | R6: Preparer's Email: | W6: Preparer's Email:
A7: ="Grant Amount: "&TEXT(grant_amount,"$0,000") -> Grant Amount: $0,000
C8: Grantee | D8: Subcontract 1 | E8: Subcontract 2 | H8: Reallocated Budget | M8: Reallocated Budget | R8: Reallocated Budget | W8: Reallocated Budget
A9: Grant Budget | C9: =PROPER(grantee_org) | D9: =PROPER(subcontractor1) | E9: =PROPER(subcontractor2) | F9: Total | H9: {=IF(OFFSET(INDEX('Financial Summary & Reporting'!1:32,MATCH(H$2,INDEX('Financial Summary & Reporting'!1:32,0,MATCH('Budget Revision Summary'!H$2,'Financial Summary & Reporting'!$2:$2,0)),0),MATCH(H$2,'Financial Summary & Reporting'!$2:$2,0)),8,5,27,4)=0,"",OFFSET(INDEX('Financial Summary & Reporting'!1:32,MATCH(H$2,INDEX('Financial Summary & Reporting'!1:32,0,MATCH('Budget Revision Summary'!H$2,'Financial Summary & Reporting'!$2:$2,0)),0),MATCH(H$2,'Financial Summary & Reporting'!$2:$2,0)),8,5,27,4))} | K9: Total | M9: {=IF(OFFSET(INDEX('Financial Summary & Reporting'!1:32,MATCH(M$2,INDEX('Financial Summary & Reporting'!1:32,0,MATCH('Budget Revision Summary'!M$2,'Financial Summary & Reporting'!$2:$2,0)),0),MATCH(M$2,'Financial Summary & Reporting'!$2:$2,0)),8,5,27,4)=0,"",OFFSET(INDEX('Financial Summary & Reporting'!1:32,MATCH(M$2,INDEX('Financial Summary & Reporting'!1:32,0,MATCH('Budget Revision Summary'!M$2,'Financial Summary & Reporting'!$2:$2,0)),0),MATCH(M$2,'Financial Summary & Reporting'!$2:$2,0)),8,5,27,4))} | P9: Total | R9: {=IF(OFFSET(INDEX('Financial Summary & Reporting'!1:32,MATCH(R$2,INDEX('Financial Summary & Reporting'!1:32,0,MATCH('Budget Revision Summary'!R$2,'Financial Summary & Reporting'!$2:$2,0)),0),MATCH(R$2,'Financial Summary & Reporting'!$2:$2,0)),8,5,27,4)=0,"",OFFSET(INDEX('Financial Summary & Reporting'!1:32,MATCH(R$2,INDEX('Financial Summary & Reporting'!1:32,0,MATCH('Budget Revision Summary'!R$2,'Financial Summary & Reporting'!$2:$2,0)),0),MATCH(R$2,'Financial Summary & Reporting'!$2:$2,0)),8,5,27,4))} | U9: Total | W9: {=IF(OFFSET(INDEX('Financial Summary & Reporting'!1:32,MATCH(W$2,INDEX('Financial Summary & Reporting'!1:32,0,MATCH('Budget Revision Summary'!W$2,'Financial Summary & Reporting'!$2:$2,0)),0),MATCH(W$2,'Financial Summary & Reporting'!$2:$2,0)),8,5,27,4)=0,"",OFFSET(INDEX('Financial Summary & Reporting'!1:32,MATCH(W$2,INDEX('Financial Summary & Reporting'!1:32,0,MATCH('Budget Revision Summary'!W$2,'Financial Summary & Reporting'!$2:$2,0)),0),MATCH(W$2,'Financial Summary & Reporting'!$2:$2,0)),8,5,27,4))} | Z9: Total
A10: PI | C10: =org_pi -> 0 | D10: {=sub1_pi} -> 0 | E10: =sub2_pi -> 0 | F10: =SUM(C10:E10) -> 0
A11: Co-PI 1 | C11: =org_cop1 -> 0 | D11: =sub1_cop1 -> 0 | E11: =sub2_cop1 -> 0 | F11: =SUM(C11:E11) -> 0
A12: Co-PI 2 | C12: =org_cop2 -> 0 | D12: =sub1_cop2 -> 0 | E12: =sub2_cop2 -> 0 | F12: =SUM(C12:E12) -> 0
A13: Non-Student RA | C13: =org_nonstu -> 0 | D13: =sub1_nonstu -> 0 | E13: =sub2_nonstu -> 0 | F13: =SUM(C13:E13) -> 0
A14: Student RA | C14: =org_stu -> 0 | D14: =sub1_stu -> 0 | E14: =sub2_stu -> 0 | F14: =SUM(C14:E14) -> 0
A16: Total Personnel | C16: =SUBTOTAL(9,C10:C15) -> 0 | D16: =SUBTOTAL(9,D10:D15) -> 0 | E16: =SUBTOTAL(9,E10:E15) -> 0 | F16: =SUBTOTAL(9,F10:F15) -> 0
A18: Consultants | C18: =org_consulting -> 0 | D18: =sub1_consulting -> 0 | E18: =sub2_consulting -> 0 | F18: =SUM(C18:E18) -> 0
A19: Data Collection | C19: =org_data_collection -> 0 | D19: =sub1_data_collection -> 0 | E19: =sub2_data_collection -> 0 | F19: =SUM(C19:E19) -> 0
A20: Other Direct Costs | C20: =org_direct -> 0 | D20: =sub1_direct -> 0 | E20: =sub2_direct -> 0 | F20: =SUM(C20:E20) -> 0
A22: Subtotal Eligible for Indirect Cost | C22: =SUBTOTAL(9,C10:C21) -> 0 | D22: =SUBTOTAL(9,D10:D21) -> 0 | E22: =SUBTOTAL(9,E10:E21) -> 0 | F22: =SUBTOTAL(9,F10:F21) -> 0
A24: Survey and Data Fees | C24: =org_data -> 0 | D24: =sub1_data -> 0 | E24: =sub2_data -> 0 | F24: =SUM(C24:E24) -> 0
A26: Indirect Costs | C26: =IF(ind_cost_rate="No","N/A",ROUND(org_ind_pers+org_ind_dc,0)) -> 0 | D26: =IF(ind_cost_rate="No","N/A",ROUND(sub1_ind_pers+sub1_ind_dc,0)) -> 0 | E26: =IF(ind_cost_rate="No","N/A",ROUND(sub2_ind_pers+sub2_ind_dc,0)) -> 0 | F26: =SUM(C26:E26) -> 0
A28: Total Grant Budget | C28: =SUBTOTAL(9,C10:C27) -> 0 | D28: =SUBTOTAL(9,D10:D27) -> 0 | E28: =SUBTOTAL(9,E10:E27) -> 0 | F28: =SUM(C28:E28) -> 0

Sheet Analytics
A1: ANALYTICS | C1: Original | H1: Total Actual | M1: Budget Variance | R1: Budget Variance
B2: Curent Bud | C2: Most Current Budget | G2: Bud Var. | H2: Most Up to Date Total Actual | L2: Bud Var. | M2: Budget Variance (Act - Bud) | Q2: Bud Var. % | R2: Percentage Budget Variance
C6: =C9&"-Bud" -> -Bud | D6: =D9&"-Bud" -> -Bud | E6: =E9&"-Bud" -> -Bud | F6: =F9&"-Bud" -> Total-Bud | H6: =H9&"-Act." -> -Act. | I6: =I9&"-Act." -> -Act. | J6: =J9&"-Act." -> -Act. | K6: =K9&"-Act." -> Grand Total-Act.
C8: Most Current Budget | H8: Most Up to Date Total Actual | M8: Budget Variance | R8: Percentage Budget Variance | W8: 0.04 | X8: 0.1
A9: Grant Budget | C9: {=IF(OFFSET(INDEX('Budget Revision Summary'!1:28,MATCH(C$1,INDEX('Budget Revision Summary'!1:28,0,MATCH(C$1,'Budget Revision Summary'!$2:$2,0)),0),MATCH(C$1,'Budget Revision Summary'!$2:$2,0)),7,0,27,4)=0,"",OFFSET(INDEX('Budget Revision Summary'!1:28,MATCH(C$1,INDEX('Budget Revision Summary'!1:28,0,MATCH(C$1,'Budget Revision Summary'!$2:$2,0)),0),MATCH(C$1,'Budget Revision Summary'!$2:$2,0)),7,0,27,4))} | F9: Total | H9: {=IF(OFFSET(INDEX('Financial Summary & Reporting'!1:32,MATCH(H$1,INDEX('Financial Summary & Reporting'!1:32,0,MATCH(H$1,'Financial Summary & Reporting'!$2:$2,0)),0),MATCH(H$1,'Financial Summary & Reporting'!$2:$2,0)),8,0,27,4)=0,"",OFFSET(INDEX('Financial Summary & Reporting'!1:32,MATCH(H$1,INDEX('Financial Summary & Reporting'!1:32,0,MATCH(H$1,'Financial Summary & Reporting'!$2:$2,0)),0),MATCH(H$1,'Financial Summary & Reporting'!$2:$2,0)),8,0,27,4))} | K9: Grand Total | M9: =PROPER(grantee_org) | N9: =PROPER(subcontractor1) | O9: =PROPER(subcontractor2) | P9: Total | R9: =M9 | S9: =N9 | T9: =O9 | U9: =P9 -> Total | W9: Warning % | X9: Ban %
A10: PI | M10: =IF(H10="",0,H10)-IF(C10="",0,C10) -> 0 | N10: =IF(I10="",0,I10)-IF(D10="",0,D10) -> 0 | O10: =IF(J10="",0,J10)-IF(E10="",0,E10) -> 0 | P10: =SUM(M10:O10) -> 0 | R10: =IF(AND(C10="",H10=""),"",IF(C10="",1,IFERROR(M10/C10,-1))) | S10: =IF(AND(D10="",I10=""),"",IF(D10="",1,IFERROR(N10/D10,-1))) | T10: =IF(AND(E10="",J10=""),"",IF(E10="",1,IFERROR(O10/E10,-1))) | U10: =IF(AND(F10="",K10=""),"",IF(F10="",1,IFERROR(P10/F10,-1))) | W10: =$W$8 -> 0.04 | X10: =$X$8 -> 0.1
A11: Co-PI 1 | M11: =IF(H11="",0,H11)-IF(C11="",0,C11) -> 0 | N11: =IF(I11="",0,I11)-IF(D11="",0,D11) -> 0 | O11: =IF(J11="",0,J11)-IF(E11="",0,E11) -> 0 | P11: =SUM(M11:O11) -> 0 | R11: =IF(AND(C11="",H11=""),"",IF(C11="",1,IFERROR(M11/C11,-1))) | S11: =IF(AND(D11="",I11=""),"",IF(D11="",1,IFERROR(N11/D11,-1))) | T11: =IF(AND(E11="",J11=""),"",IF(E11="",1,IFERROR(O11/E11,-1))) | U11: =IF(AND(F11="",K11=""),"",IF(F11="",1,IFERROR(P11/F11,-1))) | W11: =$W$8 -> 0.04 | X11: =$X$8 -> 0.1
A12: Co-PI 2 | M12: =IF(H12="",0,H12)-IF(C12="",0,C12) -> 0 | N12: =IF(I12="",0,I12)-IF(D12="",0,D12) -> 0 | O12: =IF(J12="",0,J12)-IF(E12="",0,E12) -> 0 | P12: =SUM(M12:O12) -> 0 | R12: =IF(AND(C12="",H12=""),"",IF(C12="",1,IFERROR(M12/C12,-1))) | S12: =IF(AND(D12="",I12=""),"",IF(D12="",1,IFERROR(N12/D12,-1))) | T12: =IF(AND(E12="",J12=""),"",IF(E12="",1,IFERROR(O12/E12,-1))) | U12: =IF(AND(F12="",K12=""),"",IF(F12="",1,IFERROR(P12/F12,-1))) | W12: =$W$8 -> 0.04 | X12: =$X$8 -> 0.1
A13: Non-Student RA | M13: =IF(H13="",0,H13)-IF(C13="",0,C13) -> 0 | N13: =IF(I13="",0,I13)-IF(D13="",0,D13) -> 0 | O13: =IF(J13="",0,J13)-IF(E13="",0,E13) -> 0 | P13: =SUM(M13:O13) -> 0 | R13: =IF(AND(C13="",H13=""),"",IF(C13="",1,IFERROR(M13/C13,-1))) | S13: =IF(AND(D13="",I13=""),"",IF(D13="",1,IFERROR(N13/D13,-1))) | T13: =IF(AND(E13="",J13=""),"",IF(E13="",1,IFERROR(O13/E13,-1))) | U13: =IF(AND(F13="",K13=""),"",IF(F13="",1,IFERROR(P13/F13,-1))) | W13: =$W$8 -> 0.04 | X13: =$X$8 -> 0.1
A14: Student RA | M14: =IF(H14="",0,H14)-IF(C14="",0,C14) -> 0 | N14: =IF(I14="",0,I14)-IF(D14="",0,D14) -> 0 | O14: =IF(J14="",0,J14)-IF(E14="",0,E14) -> 0 | P14: =SUM(M14:O14) -> 0 | R14: =IF(AND(C14="",H14=""),"",IF(C14="",1,IFERROR(M14/C14,-1))) | S14: =IF(AND(D14="",I14=""),"",IF(D14="",1,IFERROR(N14/D14,-1))) | T14: =IF(AND(E14="",J14=""),"",IF(E14="",1,IFERROR(O14/E14,-1))) | U14: =IF(AND(F14="",K14=""),"",IF(F14="",1,IFERROR(P14/F14,-1))) | W14: =$W$8 -> 0.04 | X14: =$X$8 -> 0.1
W15: =$W$8 -> 0.04 | X15: =$X$8 -> 0.1
A16: Total Personnel | M16: =SUBTOTAL(9,M10:M15) -> 0 | N16: =SUBTOTAL(9,N10:N15) -> 0 | O16: =SUBTOTAL(9,O10:O15) -> 0 | P16: =SUBTOTAL(9,P10:P15) -> 0 | R16: =IF(AND(C16="",H16=""),"",IF(C16="",1,IFERROR(M16/C16,-1))) | S16: =IF(AND(D16="",I16=""),"",IF(D16="",1,IFERROR(N16/D16,-1))) | T16: =IF(AND(E16="",J16=""),"",IF(E16="",1,IFERROR(O16/E16,-1))) | U16: =IF(AND(F16="",K16=""),"",IF(F16="",1,IFERROR(P16/F16,-1))) | W16: =$W$8 -> 0.04 | X16: =$X$8 -> 0.1
W17: =$W$8 -> 0.04 | X17: =$X$8 -> 0.1
A18: Consultants | M18: =IF(H18="",0,H18)-IF(C18="",0,C18) -> 0 | N18: =IF(I18="",0,I18)-IF(D18="",0,D18) -> 0 | O18: =IF(J18="",0,J18)-IF(E18="",0,E18) -> 0 | P18: =SUM(M18:O18) -> 0 | R18: =IF(AND(C18="",H18=""),"",IF(C18="",1,IFERROR(M18/C18,-1))) | S18: =IF(AND(D18="",I18=""),"",IF(D18="",1,IFERROR(N18/D18,-1))) | T18: =IF(AND(E18="",J18=""),"",IF(E18="",1,IFERROR(O18/E18,-1))) | U18: =IF(AND(F18="",K18=""),"",IF(F18="",1,IFERROR(P18/F18,-1))) | W18: =$W$8 -> 0.04 | X18: =$X$8 -> 0.1
A19: Data Collection | M19: =IF(H19="",0,H19)-IF(C19="",0,C19) -> 0 | N19: =IF(I19="",0,I19)-IF(D19="",0,D19) -> 0 | O19: =IF(J19="",0,J19)-IF(E19="",0,E19) -> 0 | P19: =SUM(M19:O19) -> 0 | R19: =IF(AND(C19="",H19=""),"",IF(C19="",1,IFERROR(M19/C19,-1))) | S19: =IF(AND(D19="",I19=""),"",IF(D19="",1,IFERROR(N19/D19,-1))) | T19: =IF(AND(E19="",J19=""),"",IF(E19="",1,IFERROR(O19/E19,-1))) | U19: =IF(AND(F19="",K19=""),"",IF(F19="",1,IFERROR(P19/F19,-1))) | W19: =$W$8 -> 0.04 | X19: =$X$8 -> 0.1
A20: Other Direct Costs | M20: =IF(H20="",0,H20)-IF(C20="",0,C20) -> 0 | N20: =IF(I20="",0,I20)-IF(D20="",0,D20) -> 0 | O20: =IF(J20="",0,J20)-IF(E20="",0,E20) -> 0 | P20: =SUM(M20:O20) -> 0 | R20: =IF(AND(C20="",H20=""),"",IF(C20="",1,IFERROR(M20/C20,-1))) | S20: =IF(AND(D20="",I20=""),"",IF(D20="",1,IFERROR(N20/D20,-1))) | T20: =IF(AND(E20="",J20=""),"",IF(E20="",1,IFERROR(O20/E20,-1))) | U20: =IF(AND(F20="",K20=""),"",IF(F20="",1,IFERROR(P20/F20,-1))) | W20: =$W$8 -> 0.04 | X20: =$X$8 -> 0.1
W21: =$W$8 -> 0.04 | X21: =$X$8 -> 0.1
A22: Subtotal Eligible for Indirect Cost | M22: =SUBTOTAL(9,M10:M21) -> 0 | N22: =SUBTOTAL(9,N10:N21) -> 0 | O22: =SUBTOTAL(9,O10:O21) -> 0 | P22: =SUBTOTAL(9,P10:P21) -> 0 | R22: =IF(AND(C22="",H22=""),"",IF(C22="",1,IFERROR(M22/C22,-1))) | S22: =IF(AND(D22="",I22=""),"",IF(D22="",1,IFERROR(N22/D22,-1))) | T22: =IF(AND(E22="",J22=""),"",IF(E22="",1,IFERROR(O22/E22,-1))) | U22: =IF(AND(F22="",K22=""),"",IF(F22="",1,IFERROR(P22/F22,-1))) | W22: =$W$8 -> 0.04 | X22: =$X$8 -> 0.1
W23: =$W$8 -> 0.04 | X23: =$X$8 -> 0.1
A24: Survey and Data Fees | M24: =IF(H24="",0,H24)-IF(C24="",0,C24) -> 0 | N24: =IF(I24="",0,I24)-IF(D24="",0,D24) -> 0 | O24: =IF(J24="",0,J24)-IF(E24="",0,E24) -> 0 | P24: =SUM(M24:O24) -> 0 | R24: =IF(AND(C24="",H24=""),"",IF(C24="",1,IFERROR(M24/C24,-1))) | S24: =IF(AND(D24="",I24=""),"",IF(D24="",1,IFERROR(N24/D24,-1))) | T24: =IF(AND(E24="",J24=""),"",IF(E24="",1,IFERROR(O24/E24,-1))) | U24: =IF(AND(F24="",K24=""),"",IF(F24="",1,IFERROR(P24/F24,-1))) | W24: =$W$8 -> 0.04 | X24: =$X$8 -> 0.1
W25: =$W$8 -> 0.04 | X25: =$X$8 -> 0.1
A26: Indirect Costs | M26: =IF(OR(H26="",H26="N/A"),0,H26)-IF(OR(C26="",C26="N/A"),0,C26) -> 0 | N26: 0 | O26: 0 | P26: =SUM(M26:O26) -> 0 | R26: =IF(AND(OR(C26="",C26="N/A"),OR(H26="",H26="N/A")),"",IF(C26="",1,IFERROR(M26/C26,-1))) | S26: =IF(AND(OR(D26="",D26="N/A"),OR(I26="",I26="N/A")),"",IF(D26="",1,IFERROR(N26/D26,-1))) | T26: =IF(AND(OR(E26="",E26="N/A"),OR(J26="",J26="N/A")),"",IF(E26="",1,IFERROR(O26/E26,-1))) | U26: =IF(AND(F26="",K26=""),"",IF(F26="",1,IFERROR(P26/F26,-1))) | W26: =$W$8 -> 0.04 | X26: =$X$8 -> 0.1
W27: =$W$8 -> 0.04 | X27: =$X$8 -> 0.1
A28: Total Grant Budget | M28: =SUBTOTAL(9,M10:M27) -> 0 | N28: =SUBTOTAL(9,N10:N27) -> 0 | O28: =SUBTOTAL(9,O10:O27) -> 0 | P28: =SUM(M28:O28) -> 0 | R28: =IF(AND(C28="",H28=""),"",IF(C28="",1,IFERROR(M28/C28,-1))) | S28: =IF(AND(D28="",I28=""),"",IF(D28="",1,IFERROR(N28/D28,-1))) | T28: =IF(AND(E28="",J28=""),"",IF(E28="",1,IFERROR(O28/E28,-1))) | U28: =IF(AND(F28="",K28=""),"",IF(F28="",1,IFERROR(P28/F28,-1))) | W28: =$W$8 -> 0.04 | X28: =$X$8 -> 0.1

Sheet Admin-Will be Hidden
A1: Other Reference:
A2: Reporting
B4: Revised Grant Start Date:
B5: Revised Grant End Date:
B6: Organization Transfer:
B7: Revised Grant Amount
B10: Project Start Date | C10: =IF(start_date="","",IF(C4="",start_date,C4))
B11: Project End Date | C11: =IF(start_date="","",IF(C5="",EOMONTH(DATE(YEAR(start_date),MONTH(start_date)+grant_term,1),-1),C5))
B13: Reporting Periods | C13: Period 1 | D13: Period 2 | E13: Period 3 | F13: Period 4
B15: Period Start Date | C15: =Rev_Start_Date | D15: =IFERROR(IF(end_period_1+1>end_date,"",end_period_1+1),"") | E15: =IFERROR(IF(end_period_2+1>end_date,"",end_period_2+1),"") | F15: =IFERROR(IF(end_period_3+1>end_date,"",end_period_3+1),"")
B16: Period End Date | C16: =IF('Financial Summary & Reporting'!$V$6="","",MIN('Financial Summary & Reporting'!$V$6,end_date)) | D16: =IFERROR(IF('Financial Summary & Reporting'!$AY$6="","",MIN('Financial Summary & Reporting'!$AY$6,end_date)),"") | E16: =IFERROR(IF('Financial Summary & Reporting'!$CJ$6="","",MIN('Financial Summary & Reporting'!$CJ$6,end_date)),"") | F16: =IFERROR(IF('Financial Summary & Reporting'!$DY$6="","",MIN(end_date,'Financial Summary & Reporting'!$DY$6)),"")
B17: Number of Months | C17: =IF(OR(C15="",C16=""),"",DAYS360(C$15,C$16,FALSE)/30) | D17: =IF(OR(D15="",D16=""),"",DAYS360(D$15,D$16,FALSE)/30) | E17: =IF(OR(E15="",E16=""),"",DAYS360(E$15,E$16,FALSE)/30) | F17: =IF(OR(F15="",F16=""),"",DAYS360(F$15,F$16,FALSE)/30)
E19: ^
B20: Budget Version List | E20: Direct Cost Type | H20: Data Collection Type
B21: Original | E21: ^Conference/Collaboration Travel | H21: Data Purchase
B22: Bud Rev | E22: Computing/Software | H22: Equipment
B23: Bud Rev 1 | E23: Data Storage | H23: RDC Access
B24: Bud Rev 2 | E24: Dissemination/Publication | H24: Study Participant Incentives
B25: Bud Rev 3 | E25: Other | H25: Survey Fees
H26: Transcription
H27: Translation
H28: Travel for Data Collection
H29: Other
A32: Tips:
B33: Ctrl + 8 | C33: Hide/Show all the outlines
A48: Budget Guildlines
B50: Type of Limits | C50: Limits | D50: Name Ref. | E50: Notes
B51: Trustee Grants Cap | C51: =200000*1.15 -> 230000 | D51: TGC | E51: Did not use in the workbook
B52: Presidential Grants Cap | C52: =50000*1.15 -> 57500 | D52: PGC | E52: Did not use in the workbook
B54: Indirect Cost Floor | C54: 0
B55: Indirect Cost Rate | C55: 0.15
B57: Salary Cap | C57: 300000 | D57: Sal_Cap_Gen
B58: PI Salary Break Line | C58: 250000 | D58: PI_SBL
B59: Max Fringe Rate | C59: 0.4 | D59: Max_FR
B61: PI-TT Salary Support Cap - 1 yr | C61: 15000 | D61: TT_SSC1
B63: PI-NT Salary Support Cap - 1 yr | C63: 20000 | D63: NT_SSC1
B64: PI-NT Salary Support Max Percentage | C64: 0.25 | D64: NT_SSMP
B66: PD Salary Support Cap - 1 yr | C66: 35000 | D66: PD_SSC1
B67: PD Salary Support Max Percentage | C67: 0.5 | D67: PD_SSMP | E67: $70K Max (same for 1 year no half cut, No 50% max, Did not use in the workbook
B69: NPD Salary Support Cap - 1 yr | C69: 25000 | E69: Don’t Cap it in Budget because exceptions are usual
B71: Consultant Cap - 1 yr | C71: 10000 | D71: ConsCap1
B73: =E21 -> ^Conference/Collaboration Travel | C73: 5000 | D73: TraCap
B75: Course Buyout Cap - 1 yr | C75: 15000 | D75: CBC_1

Sheet Grantee Org Personnel
A1: =PROPER(grantee_org) | AB1: =ROUND(IF(AND($C9="Yes",$E9>=250000),MIN($E9*$F9,12500),MIN(E9*MIN(F9,0.25),20000)),0) -> 0
A2: =PROPER(proj_title)
A3: Project Team Budget Details
A4: =TEXT(start_date,"m/d/yy")&" to "&(TEXT(EOMONTH(start_date,grant_term-1),"m/d/yy")) -> 1/0/00 to 12/31/00
A5: =grant_amount -> 0
E7: ="Year 1: "&TEXT(start_date,"m-yy")&" to "&TEXT(EOMONTH(start_date,11),"m-yy")&" Assumptions" -> Year 1: 1-00 to 12-00 Assumptions | I7: =IF(grant_term>12,"Year 2: "&TEXT(EOMONTH(start_date,12),"m-yy")&" to "&TEXT(EOMONTH(start_date,23),"m-yy")&" Assumptions","N/A 1 yr grant") -> N/A 1 yr grant
A8: Personnel | B8: Name | C8: Tenured/tenure-track (TT)/ Non-tenure track (NT)/ Post Doc (PD) | E8: Academic-Year Salary | F8: % Time | G8: ="Fringe Rate (Max "&TEXT(Max_FR, "#%")&")" -> Fringe Rate (Max 40%) | I8: Academic-Year Salary | J8: % Time | K8: ="Fringe Rate (Max "&TEXT(Max_FR, "#%")&")" -> Fringe Rate (Max 40%) | M8: Total Year 1 Salary | N8: Total Year 2 Salary | P8: Subtotal Salary | R8: Total Year 1 Fringe | S8: Total Year 2 Fringe | U8: Subtotal Fringe | W8: Total Personnel Year 1 | X8: Total Personnel Year 2 | Z8: Grand Total
A9: Principal Investigator | I9: =IF(grant_term="","",IF(grant_term=12,"N/A",IF(grant_term=24,"Please Input"))) -> N/A | J9: =IF(grant_term="","",IF(grant_term=12,"N/A",IF(grant_term=24,"Please Input"))) -> N/A | K9: =IF(grant_term="","",IF(grant_term=12,"N/A",IF(grant_term=24,"Please Input"))) -> N/A | M9: {=ROUND(IF($C9="TT",TT_year1_sal, IF($C9="NT",NT_year1_sal,IF($C9="PD",PD_year1_sal, IF($C9="",0)))),0)} -> 0 | N9: {=IFERROR(ROUND( IF($C9="TT",TT_year2_sal, IF($C9="NT",NT_year2_sal, IF($C9="PD",PD_year2_sal, IF($C9="",0)))),0),"N/A")} -> 0 | P9: =SUBTOTAL(9,M9:O9) -> 0 | R9: =IFERROR(ROUND(M9*G9,0),0) -> 0 | S9: =IFERROR(ROUND(N9*K9,0),0) -> 0 | U9: =SUBTOTAL(9,R9:T9) -> 0 | W9: =M9+R9 -> 0 | X9: =IFERROR(IF(grant_term=12,"N/A",N9+S9),0) -> N/A | Z9: =SUM(W9:Y9) -> 0
A10: Co PI 1 (if applicable) | I10: =IF(grant_term="","",IF(grant_term=12,"N/A",IF(grant_term=24,"Please Input"))) -> N/A | J10: =IF(grant_term="","",IF(grant_term=12,"N/A",IF(grant_term=24,"Please Input"))) -> N/A | K10: =IF(grant_term="","",IF(grant_term=12,"N/A",IF(grant_term=24,"Please Input"))) -> N/A | M10: {=ROUND(IF($C10="TT",TT_year1_sal, IF($C10="NT",NT_year1_sal,IF($C10="PD",PD_year1_sal, IF($C10="",0)))),0)} -> 0 | N10: {=IFERROR(ROUND( IF($C10="TT",TT_year2_sal, IF($C10="NT",NT_year2_sal, IF($C10="PD",PD_year2_sal, IF($C10="",0)))),0),"N/A")} -> 0 | P10: =SUBTOTAL(9,M10:O10) -> 0 | R10: =IFERROR(ROUND(M10*G10,0),0) -> 0 | S10: =IFERROR(ROUND(N10*K10,0),0) -> 0 | U10: =SUBTOTAL(9,R10:T10) -> 0 | W10: =M10+R10 -> 0 | X10: =IFERROR(IF(grant_term=12,"N/A",N10+S10),0) -> N/A | Z10: =SUM(W10:Y10) -> 0
A11: Co PI 2 (if applicable) | I11: =IF(grant_term="","",IF(grant_term=12,"N/A",IF(grant_term=24,"Please Input"))) -> N/A | J11: =IF(grant_term="","",IF(grant_term=12,"N/A",IF(grant_term=24,"Please Input"))) -> N/A | K11: =IF(grant_term="","",IF(grant_term=12,"N/A",IF(grant_term=24,"Please Input"))) -> N/A | M11: {=ROUND(IF($C11="TT",TT_year1_sal, IF($C11="NT",NT_year1_sal,IF($C11="PD",PD_year1_sal, IF($C11="",0)))),0)} -> 0 | N11: {=IFERROR(ROUND( IF($C11="TT",TT_year2_sal, IF($C11="NT",NT_year2_sal, IF($C11="PD",PD_year2_sal, IF($C11="",0)))),0),"N/A")} -> 0 | P11: =SUBTOTAL(9,M11:O11) -> 0 | R11: =IFERROR(ROUND(M11*G11,0),0) -> 0 | S11: =IFERROR(ROUND(N11*K11,0),0) -> 0 | U11: =SUBTOTAL(9,R11:T11) -> 0 | W11: =M11+R11 -> 0 | X11: =IFERROR(IF(grant_term=12,"N/A",N11+S11),0) -> N/A | Z11: =SUM(W11:Y11) -> 0
A13: Total PI and Co PI | M13: =SUBTOTAL(9,M9:M12) -> 0 | N13: =SUBTOTAL(9,N9:N12) -> 0 | P13: =SUM(P9:P12) -> 0 | R13: =SUBTOTAL(9,R9:R12) -> 0 | S13: =SUBTOTAL(9,S9:S12) -> 0 | U13: =SUM(U9:U12) -> 0 | W13: =SUBTOTAL(9,W9:W12) -> 0 | X13: =SUBTOTAL(9,X9:X12) -> 0 | Z13: =SUBTOTAL(9,Z9:Z12) -> 0
A15: Course Buyout | B15: Name | E15: Academic-Year Salary | F15: % Time | G15: ="Fringe Rate (Max "&TEXT(Max_FR, "#%")&")" -> Fringe Rate (Max 40%) | I15: Academic-Year Salary | J15: % Time | K15: ="Fringe Rate (Max "&TEXT(Max_FR, "#%")&")" -> Fringe Rate (Max 40%)
A16: Principal Investigator | I16: =IF(grant_term="","",IF(grant_term=12,"N/A",IF(grant_term=24,"Please Input"))) -> N/A | J16: =IF(grant_term="","",IF(grant_term=12,"N/A",IF(grant_term=24,"Please Input"))) -> N/A | K16: =IF(grant_term="","",IF(grant_term=12,"N/A",IF(grant_term=24,"Please Input"))) -> N/A | M16: =ROUND($E16*$F16,0) -> 0 | N16: =IFERROR(ROUND(IF(grant_term=12,"N/A",$I16*$J16),0),0) -> 0 | P16: =SUBTOTAL(9,M16:O16) -> 0 | R16: =IFERROR(ROUND(M16*G16,0),0) -> 0 | S16: =IFERROR(ROUND(N16*K16,0),0) -> 0 | U16: =SUBTOTAL(9,R16:T16) -> 0 | W16: =M16+R16 -> 0 | X16: =IFERROR(IF(grant_term=12,"N/A",N16+S16),0) -> N/A | Z16: =SUM(W16:Y16) -> 0
A17: Co PI 1 (if applicable) | I17: =IF(grant_term="","",IF(grant_term=12,"N/A",IF(grant_term=24,"Please Input"))) -> N/A | J17: =IF(grant_term="","",IF(grant_term=12,"N/A",IF(grant_term=24,"Please Input"))) -> N/A | K17: =IF(grant_term="","",IF(grant_term=12,"N/A",IF(grant_term=24,"Please Input"))) -> N/A | M17: =ROUND($E17*$F17,0) -> 0 | N17: =IFERROR(ROUND(IF(grant_term=12,"N/A",$I17*$J17),0),0) -> 0 | P17: =SUBTOTAL(9,M17:O17) -> 0 | R17: =IFERROR(ROUND(M17*G17,0),0) -> 0 | S17: =IFERROR(ROUND(N17*K17,0),0) -> 0 | U17: =SUBTOTAL(9,R17:T17) -> 0 | W17: =M17+R17 -> 0 | X17: =IFERROR(IF(grant_term=12,"N/A",N17+S17),0) -> N/A | Z17: =SUM(W17:Y17) -> 0
A18: Co PI 2 (if applicable) | I18: =IF(grant_term="","",IF(grant_term=12,"N/A",IF(grant_term=24,"Please Input"))) -> N/A | J18: =IF(grant_term="","",IF(grant_term=12,"N/A",IF(grant_term=24,"Please Input"))) -> N/A | K18: =IF(grant_term="","",IF(grant_term=12,"N/A",IF(grant_term=24,"Please Input"))) -> N/A | M18: =ROUND($E18*$F18,0) -> 0 | N18: =IFERROR(ROUND(IF(grant_term=12,"N/A",$I18*$J18),0),0) -> 0 | P18: =SUBTOTAL(9,M18:O18) -> 0 | R18: =IFERROR(ROUND(M18*G18,0),0) -> 0 | S18: =IFERROR(ROUND(N18*K18,0),0) -> 0 | U18: =SUBTOTAL(9,R18:T18) -> 0 | W18: =M18+R18 -> 0 | X18: =IFERROR(IF(grant_term=12,"N/A",N18+S18),0) -> N/A | Z18: =SUM(W18:Y18) -> 0
A20: Total PI and Co PI Course Buyout | M20: =SUBTOTAL(9,M16:M19) -> 0 | N20: =SUBTOTAL(9,N16:N19) -> 0 | P20: =SUM(P16:P19) -> 0 | R20: =SUBTOTAL(9,R16:R19) -> 0 | S20: =SUBTOTAL(9,S16:S19) -> 0 | U20: =SUM(U16:U19) -> 0 | W20: =SUBTOTAL(9,W16:W19) -> 0 | X20: =SUBTOTAL(9,X16:X19) -> 0 | Z20: =SUBTOTAL(9,Z16:Z19) -> 0
A22: Staff and Post-Doc Research Support | B22: Position/Name | C22: Post Doc (PD)/ Non-Post Doc (NPD) | E22: Annual Salary | F22: % Time | G22: ="Fringe Rate (Max "&TEXT(Max_FR, "#%")&")" -> Fringe Rate (Max 40%) | I22: Annual Salary | J22: % Time | K22: ="Fringe Rate (Max "&TEXT(Max_FR, "#%")&")" -> Fringe Rate (Max 40%)
A23: RA 1 | I23: =IF(grant_term="","",IF(grant_term=12,"N/A",IF(grant_term=24,"Please Input"))) -> N/A | J23: =IF(grant_term="","",IF(grant_term=12,"N/A",IF(grant_term=24,"Please Input"))) -> N/A | K23: =IF(grant_term="","",IF(grant_term=12,"N/A",IF(grant_term=24,"Please Input"))) -> N/A | M23: {=IFERROR(ROUND(IF($C23="",0,IF($C23="PD",PD_year1_sal,$E23*$F23)),0),0)} -> 0 | N23: {=IFERROR(ROUND(IF($C23="",0,IF($C23="PD",PD_year2_sal,IF(grant_term=24,$I23*$J23,0))),0),0)} -> 0 | P23: =SUBTOTAL(9,M23:O23) -> 0 | R23: =IFERROR(ROUND(M23*G23,0),0) -> 0 | S23: =IFERROR(ROUND(N23*K23,0),0) -> 0 | U23: =SUBTOTAL(9,R23:T23) -> 0 | W23: =M23+R23 -> 0 | X23: =IFERROR(IF(grant_term=12,"N/A",N23+S23),0) -> N/A | Z23: =SUM(W23:Y23) -> 0
A24: RA 2 | I24: =IF(grant_term="","",IF(grant_term=12,"N/A",IF(grant_term=24,"Please Input"))) -> N/A | J24: =IF(grant_term="","",IF(grant_term=12,"N/A",IF(grant_term=24,"Please Input"))) -> N/A | K24: =IF(grant_term="","",IF(grant_term=12,"N/A",IF(grant_term=24,"Please Input"))) -> N/A | M24: {=IFERROR(ROUND(IF($C24="",0,IF($C24="PD",PD_year1_sal,$E24*$F24)),0),0)} -> 0 | N24: {=IFERROR(ROUND(IF($C24="",0,IF($C24="PD",PD_year2_sal,IF(grant_term=24,$I24*$J24,0))),0),0)} -> 0 | P24: =SUBTOTAL(9,M24:O24) -> 0 | R24: =IFERROR(ROUND(M24*G24,0),0) -> 0 | S24: =IFERROR(ROUND(N24*K24,0),0) -> 0 | U24: =SUBTOTAL(9,R24:T24) -> 0 | W24: =M24+R24 -> 0 | X24: =IFERROR(IF(grant_term=12,"N/A",N24+S24),0) -> N/A | Z24: =SUM(W24:Y24) -> 0
A25: RA 3 | I25: =IF(grant_term="","",IF(grant_term=12,"N/A",IF(grant_term=24,"Please Input"))) -> N/A | J25: =IF(grant_term="","",IF(grant_term=12,"N/A",IF(grant_term=24,"Please Input"))) -> N/A | K25: =IF(grant_term="","",IF(grant_term=12,"N/A",IF(grant_term=24,"Please Input"))) -> N/A | M25: {=IFERROR(ROUND(IF($C25="",0,IF($C25="PD",PD_year1_sal,$E25*$F25)),0),0)} -> 0 | N25: {=IFERROR(ROUND(IF($C25="",0,IF($C25="PD",PD_year2_sal,IF(grant_term=24,$I25*$J25,0))),0),0)} -> 0 | P25: =SUBTOTAL(9,M25:O25) -> 0 | R25: =IFERROR(ROUND(M25*G25,0),0) -> 0 | S25: =IFERROR(ROUND(N25*K25,0),0) -> 0 | U25: =SUBTOTAL(9,R25:T25) -> 0 | W25: =M25+R25 -> 0 | X25: =IFERROR(IF(grant_term=12,"N/A",N25+S25),0) -> N/A | Z25: =SUM(W25:Y25) -> 0
A26: RA 4 | I26: =IF(grant_term="","",IF(grant_term=12,"N/A",IF(grant_term=24,"Please Input"))) -> N/A | J26: =IF(grant_term="","",IF(grant_term=12,"N/A",IF(grant_term=24,"Please Input"))) -> N/A | K26: =IF(grant_term="","",IF(grant_term=12,"N/A",IF(grant_term=24,"Please Input"))) -> N/A | M26: {=IFERROR(ROUND(IF($C26="",0,IF($C26="PD",PD_year1_sal,$E26*$F26)),0),0)} -> 0 | N26: {=IFERROR(ROUND(IF($C26="",0,IF($C26="PD",PD_year2_sal,IF(grant_term=24,$I26*$J26,0))),0),0)} -> 0 | P26: =SUBTOTAL(9,M26:O26) -> 0 | R26: =IFERROR(ROUND(M26*G26,0),0) -> 0 | S26: =IFERROR(ROUND(N26*K26,0),0) -> 0 | U26: =SUBTOTAL(9,R26:T26) -> 0 | W26: =M26+R26 -> 0 | X26: =IFERROR(IF(grant_term=12,"N/A",N26+S26),0) -> N/A | Z26: =SUM(W26:Y26) -> 0
A27: RA 5 | I27: =IF(grant_term="","",IF(grant_term=12,"N/A",IF(grant_term=24,"Please Input"))) -> N/A | J27: =IF(grant_term="","",IF(grant_term=12,"N/A",IF(grant_term=24,"Please Input"))) -> N/A | K27: =IF(grant_term="","",IF(grant_term=12,"N/A",IF(grant_term=24,"Please Input"))) -> N/A | M27: {=IFERROR(ROUND(IF($C27="",0,IF($C27="PD",PD_year1_sal,$E27*$F27)),0),0)} -> 0 | N27: {=IFERROR(ROUND(IF($C27="",0,IF($C27="PD",PD_year2_sal,IF(grant_term=24,$I27*$J27,0))),0),0)} -> 0 | P27: =SUBTOTAL(9,M27:O27) -> 0 | R27: =IFERROR(ROUND(M27*G27,0),0) -> 0 | S27: =IFERROR(ROUND(N27*K27,0),0) -> 0 | U27: =SUBTOTAL(9,R27:T27) -> 0 | W27: =M27+R27 -> 0 | X27: =IFERROR(IF(grant_term=12,"N/A",N27+S27),0) -> N/A | Z27: =SUM(W27:Y27) -> 0
A28: RA 6 | I28: =IF(grant_term="","",IF(grant_term=12,"N/A",IF(grant_term=24,"Please Input"))) -> N/A | J28: =IF(grant_term="","",IF(grant_term=12,"N/A",IF(grant_term=24,"Please Input"))) -> N/A | K28: =IF(grant_term="","",IF(grant_term=12,"N/A",IF(grant_term=24,"Please Input"))) -> N/A | M28: {=IFERROR(ROUND(IF($C28="",0,IF($C28="PD",PD_year1_sal,$E28*$F28)),0),0)} -> 0 | N28: {=IFERROR(ROUND(IF($C28="",0,IF($C28="PD",PD_year2_sal,IF(grant_term=24,$I28*$J28,0))),0),0)} -> 0 | P28: =SUBTOTAL(9,M28:O28) -> 0 | R28: =IFERROR(ROUND(M28*G28,0),0) -> 0 | S28: =IFERROR(ROUND(N28*K28,0),0) -> 0 | U28: =SUBTOTAL(9,R28:T28) -> 0 | W28: =M28+R28 -> 0 | X28: =IFERROR(IF(grant_term=12,"N/A",N28+S28),0) -> N/A | Z28: =SUM(W28:Y28) -> 0
A30: Total Staff and Post-Doc Research Support | M30: =SUBTOTAL(9,M23:M29) -> 0 | N30: =SUBTOTAL(9,N23:N29) -> 0 | P30: =SUM(P23:P29) -> 0 | R30: =SUBTOTAL(9,R23:R29) -> 0 | S30: =SUBTOTAL(9,S23:S29) -> 0 | U30: =SUM(U23:U29) -> 0 | W30: =SUBTOTAL(9,W23:W29) -> 0 | X30: =SUBTOTAL(9,X23:X29) -> 0 | Z30: =SUBTOTAL(9,Z23:Z29) -> 0
A32: Student Research Support | B32: Name (optional) | C32: Graduate/ Undergrad | E32: Hourly Rate | F32: # of hours | G32: ="Fringe Rate (Max "&TEXT(Max_FR, "#%")&")" -> Fringe Rate (Max 40%) | I32: Hourly Rate | J32: # of hours | K32: ="Fringe Rate (Max "&TEXT(Max_FR, "#%")&")" -> Fringe Rate (Max 40%)
A33: Student RA 1 | B33: optional | I33: =IF(grant_term="","",IF(grant_term=12,"N/A",IF(grant_term=24,"Please Input"))) -> N/A | J33: =IF(grant_term="","",IF(grant_term=12,"N/A",IF(grant_term=24,"Please Input"))) -> N/A | K33: =IF(grant_term="","",IF(grant_term=12,"N/A",IF(grant_term=24,"Please Input"))) -> N/A | M33: =ROUND($E33*$F33,0) -> 0 | N33: =IFERROR(ROUND(IF(grant_term=12,"N/A",$I33*$J33),0),0) -> 0 | P33: =SUBTOTAL(9,M33:O33) -> 0 | R33: =IFERROR(ROUND(M33*G33,0),0) -> 0 | S33: =IFERROR(ROUND(N33*K33,0),0) -> 0 | U33: =SUBTOTAL(9,R33:T33) -> 0 | W33: =M33+R33 -> 0 | X33: =IFERROR(IF(grant_term=12,"N/A",N33+S33),0) -> N/A | Z33: =SUM(W33:Y33) -> 0
A34: Student RA 2 | B34: optional | I34: =IF(grant_term="","",IF(grant_term=12,"N/A",IF(grant_term=24,"Please Input"))) -> N/A | J34: =IF(grant_term="","",IF(grant_term=12,"N/A",IF(grant_term=24,"Please Input"))) -> N/A | K34: =IF(grant_term="","",IF(grant_term=12,"N/A",IF(grant_term=24,"Please Input"))) -> N/A | M34: =ROUND($E34*$F34,0) -> 0 | N34: =IFERROR(ROUND(IF(grant_term=12,"N/A",$I34*$J34),0),0) -> 0 | P34: =SUBTOTAL(9,M34:O34) -> 0 | R34: =IFERROR(ROUND(M34*G34,0),0) -> 0 | S34: =IFERROR(ROUND(N34*K34,0),0) -> 0 | U34: =SUBTOTAL(9,R34:T34) -> 0 | W34: =M34+R34 -> 0 | X34: =IFERROR(IF(grant_term=12,"N/A",N34+S34),0) -> N/A | Z34: =SUM(W34:Y34) -> 0
A35: Student RA 3 | B35: optional | I35: =IF(grant_term="","",IF(grant_term=12,"N/A",IF(grant_term=24,"Please Input"))) -> N/A | J35: =IF(grant_term="","",IF(grant_term=12,"N/A",IF(grant_term=24,"Please Input"))) -> N/A | K35: =IF(grant_term="","",IF(grant_term=12,"N/A",IF(grant_term=24,"Please Input"))) -> N/A | M35: =ROUND($E35*$F35,0) -> 0 | N35: =IFERROR(ROUND(IF(grant_term=12,"N/A",$I35*$J35),0),0) -> 0 | P35: =SUBTOTAL(9,M35:O35) -> 0 | R35: =IFERROR(ROUND(M35*G35,0),0) -> 0 | S35: =IFERROR(ROUND(N35*K35,0),0) -> 0 | U35: =SUBTOTAL(9,R35:T35) -> 0 | W35: =M35+R35 -> 0 | X35: =IFERROR(IF(grant_term=12,"N/A",N35+S35),0) -> N/A | Z35: =SUM(W35:Y35) -> 0
A36: Student RA 4 | B36: optional | I36: =IF(grant_term="","",IF(grant_term=12,"N/A",IF(grant_term=24,"Please Input"))) -> N/A | J36: =IF(grant_term="","",IF(grant_term=12,"N/A",IF(grant_term=24,"Please Input"))) -> N/A | K36: =IF(grant_term="","",IF(grant_term=12,"N/A",IF(grant_term=24,"Please Input"))) -> N/A | M36: =ROUND($E36*$F36,0) -> 0 | N36: =IFERROR(ROUND(IF(grant_term=12,"N/A",$I36*$J36),0),0) -> 0 | P36: =SUBTOTAL(9,M36:O36) -> 0 | R36: =IFERROR(ROUND(M36*G36,0),0) -> 0 | S36: =IFERROR(ROUND(N36*K36,0),0) -> 0 | U36: =SUBTOTAL(9,R36:T36) -> 0 | W36: =M36+R36 -> 0 | X36: =IFERROR(IF(grant_term=12,"N/A",N36+S36),0) -> N/A | Z36: =SUM(W36:Y36) -> 0
A37: Student RA 5 | B37: optional | I37: =IF(grant_term="","",IF(grant_term=12,"N/A",IF(grant_term=24,"Please Input"))) -> N/A | J37: =IF(grant_term="","",IF(grant_term=12,"N/A",IF(grant_term=24,"Please Input"))) -> N/A | K37: =IF(grant_term="","",IF(grant_term=12,"N/A",IF(grant_term=24,"Please Input"))) -> N/A | M37: =ROUND($E37*$F37,0) -> 0 | N37: =IFERROR(ROUND(IF(grant_term=12,"N/A",$I37*$J37),0),0) -> 0 | P37: =SUBTOTAL(9,M37:O37) -> 0 | R37: =IFERROR(ROUND(M37*G37,0),0) -> 0 | S37: =IFERROR(ROUND(N37*K37,0),0) -> 0 | U37: =SUBTOTAL(9,R37:T37) -> 0 | W37: =M37+R37 -> 0 | X37: =IFERROR(IF(grant_term=12,"N/A",N37+S37),0) -> N/A | Z37: =SUM(W37:Y37) -> 0
A38: Student RA 6 | B38: optional | I38: =IF(grant_term="","",IF(grant_term=12,"N/A",IF(grant_term=24,"Please Input"))) -> N/A | J38: =IF(grant_term="","",IF(grant_term=12,"N/A",IF(grant_term=24,"Please Input"))) -> N/A | K38: =IF(grant_term="","",IF(grant_term=12,"N/A",IF(grant_term=24,"Please Input"))) -> N/A | M38: =ROUND($E38*$F38,0) -> 0 | N38: =IFERROR(ROUND(IF(grant_term=12,"N/A",$I38*$J38),0),0) -> 0 | P38: =SUBTOTAL(9,M38:O38) -> 0 | R38: =IFERROR(ROUND(M38*G38,0),0) -> 0 | S38: =IFERROR(ROUND(N38*K38,0),0) -> 0 | U38: =SUBTOTAL(9,R38:T38) -> 0 | W38: =M38+R38 -> 0 | X38: =IFERROR(IF(grant_term=12,"N/A",N38+S38),0) -> N/A | Z38: =SUM(W38:Y38) -> 0
A39: Student RA 7 | B39: optional | I39: =IF(grant_term="","",IF(grant_term=12,"N/A",IF(grant_term=24,"Please Input"))) -> N/A | J39: =IF(grant_term="","",IF(grant_term=12,"N/A",IF(grant_term=24,"Please Input"))) -> N/A | K39: =IF(grant_term="","",IF(grant_term=12,"N/A",IF(grant_term=24,"Please Input"))) -> N/A | M39: =ROUND($E39*$F39,0) -> 0 | N39: =IFERROR(ROUND(IF(grant_term=12,"N/A",$I39*$J39),0),0) -> 0 | P39: =SUBTOTAL(9,M39:O39) -> 0 | R39: =IFERROR(ROUND(M39*G39,0),0) -> 0 | S39: =IFERROR(ROUND(N39*K39,0),0) -> 0 | U39: =SUBTOTAL(9,R39:T39) -> 0 | W39: =M39+R39 -> 0 | X39: =IFERROR(IF(grant_term=12,"N/A",N39+S39),0) -> N/A | Z39: =SUM(W39:Y39) -> 0
A40: Student RA 8 | B40: optional | I40: =IF(grant_term="","",IF(grant_term=12,"N/A",IF(grant_term=24,"Please Input"))) -> N/A | J40: =IF(grant_term="","",IF(grant_term=12,"N/A",IF(grant_term=24,"Please Input"))) -> N/A | K40: =IF(grant_term="","",IF(grant_term=12,"N/A",IF(grant_term=24,"Please Input"))) -> N/A | M40: =ROUND($E40*$F40,0) -> 0 | N40: =IFERROR(ROUND(IF(grant_term=12,"N/A",$I40*$J40),0),0) -> 0 | P40: =SUBTOTAL(9,M40:O40) -> 0 | R40: =IFERROR(ROUND(M40*G40,0),0) -> 0 | S40: =IFERROR(ROUND(N40*K40,0),0) -> 0 | U40: =SUBTOTAL(9,R40:T40) -> 0 | W40: =M40+R40 -> 0 | X40: =IFERROR(IF(grant_term=12,"N/A",N40+S40),0) -> N/A | Z40: =SUM(W40:Y40) -> 0
A42: Total Student Research Support | M42: =SUBTOTAL(9,M33:M41) -> 0 | N42: =SUBTOTAL(9,N33:N41) -> 0 | P42: =SUM(P33:P41) -> 0 | R42: =SUBTOTAL(9,R33:R41) -> 0 | S42: =SUBTOTAL(9,S33:S41) -> 0 | U42: =SUM(U33:U41) -> 0 | W42: =SUBTOTAL(9,W33:W41) -> 0 | X42: =SUBTOTAL(9,X33:X41) -> 0 | Z42: =SUBTOTAL(9,Z33:Z41) -> 0
A44: Total Personnel Direct Costs | M44: =SUBTOTAL(9,M9:M43) -> 0 | N44: =SUBTOTAL(9,N9:N43) -> 0 | P44: =SUBTOTAL(9,P9:P43) -> 0 | R44: =SUBTOTAL(9,R9:R43) -> 0 | S44: =SUBTOTAL(9,S9:S43) -> 0 | U44: =SUBTOTAL(9,U9:U43) -> 0 | W44: =SUBTOTAL(9,W9:W43) -> 0 | X44: =SUBTOTAL(9,X9:X43) -> 0 | Z44: =SUBTOTAL(9,Z9:Z43) -> 0
A46: Total Indirect Costs related to Personnel | M46: =ROUND(M44*ind_cost_rate,0) -> 0 | N46: =ROUND(N44*ind_cost_rate,0) -> 0 | P46: =SUBTOTAL(9,M46:O46) -> 0 | R46: =ROUND(R44*ind_cost_rate,0) -> 0 | S46: =ROUND(S44*ind_cost_rate,0) -> 0 | U46: =SUBTOTAL(9,R46:T46) -> 0 | W46: =IFERROR(M46+R46,0) -> 0 | X46: =IFERROR(IF(grant_term=12,"N/A",N46+S46),0) -> N/A | Z46: =SUM(W46:Y46) -> 0

Sheet Grantee Org Research Costs
A1: =PROPER(grantee_org)
A2: =PROPER(proj_title)
A3: Research Costs Budget Details
A4: =TEXT(start_date,"m/d/yy")&" to "&(TEXT(EOMONTH(start_date,grant_term-1),"m/d/yy")) -> 1/0/00 to 12/31/00
A5: =grant_amount -> 0
E7: ="Year 1: "&TEXT(start_date,"m-yy")&" to "&TEXT(EOMONTH(start_date,11),"m-yy")&" Assumptions" -> Year 1: 1-00 to 12-00 Assumptions | I7: =IF(grant_term>12,"Year 2: "&TEXT(EOMONTH(start_date,12),"m-yy")&" to "&TEXT(EOMONTH(start_date,23),"m-yy")&" Assumptions","N/A 1 yr grant") -> N/A 1 yr grant
A8: Consultant Research Support | C8: RA Category | E8: Hourly Rate | F8: # of hours | G8: Total Year 1 Consulting | I8: Hourly Rate | J8: # of hours | K8: Total Year 2 Consulting | M8: Grand Total
A9: Name/Role | G9: =ROUND($E9*$F9,0) -> 0 | I9: =IF(grant_term="","",IF(grant_term=12,"N/A",IF(grant_term=24,"Please Input"))) -> N/A | J9: =IF(grant_term="","",IF(grant_term=12,"N/A",IF(grant_term=24,"Please Input"))) -> N/A | K9: =IFERROR(ROUND(IF(grant_term=12,"N/A",$I9*$J9),0),0) -> 0 | M9: =G9+K9 -> 0
A10: Name/Role | G10: =ROUND($E10*$F10,0) -> 0 | I10: =IF(grant_term="","",IF(grant_term=12,"N/A",IF(grant_term=24,"Please Input"))) -> N/A | J10: =IF(grant_term="","",IF(grant_term=12,"N/A",IF(grant_term=24,"Please Input"))) -> N/A | K10: =IFERROR(ROUND(IF(grant_term=12,"N/A",$I10*$J10),0),0) -> 0 | M10: =G10+K10 -> 0
A11: Name/Role | G11: =ROUND($E11*$F11,0) -> 0 | I11: =IF(grant_term="","",IF(grant_term=12,"N/A",IF(grant_term=24,"Please Input"))) -> N/A | J11: =IF(grant_term="","",IF(grant_term=12,"N/A",IF(grant_term=24,"Please Input"))) -> N/A | K11: =IFERROR(ROUND(IF(grant_term=12,"N/A",$I11*$J11),0),0) -> 0 | M11: =G11+K11 -> 0
A12: Name/Role | G12: =ROUND($E12*$F12,0) -> 0 | I12: =IF(grant_term="","",IF(grant_term=12,"N/A",IF(grant_term=24,"Please Input"))) -> N/A | J12: =IF(grant_term="","",IF(grant_term=12,"N/A",IF(grant_term=24,"Please Input"))) -> N/A | K12: =IFERROR(ROUND(IF(grant_term=12,"N/A",$I12*$J12),0),0) -> 0 | M12: =G12+K12 -> 0
A13: Name/Role | G13: =ROUND($E13*$F13,0) -> 0 | I13: =IF(grant_term="","",IF(grant_term=12,"N/A",IF(grant_term=24,"Please Input"))) -> N/A | J13: =IF(grant_term="","",IF(grant_term=12,"N/A",IF(grant_term=24,"Please Input"))) -> N/A | K13: =IFERROR(ROUND(IF(grant_term=12,"N/A",$I13*$J13),0),0) -> 0 | M13: =G13+K13 -> 0
A14: Name/Role | G14: =ROUND($E14*$F14,0) -> 0 | I14: =IF(grant_term="","",IF(grant_term=12,"N/A",IF(grant_term=24,"Please Input"))) -> N/A | J14: =IF(grant_term="","",IF(grant_term=12,"N/A",IF(grant_term=24,"Please Input"))) -> N/A | K14: =IFERROR(ROUND(IF(grant_term=12,"N/A",$I14*$J14),0),0) -> 0 | M14: =G14+K14 -> 0
A15: Name/Role | G15: =ROUND($E15*$F15,0) -> 0 | I15: =IF(grant_term="","",IF(grant_term=12,"N/A",IF(grant_term=24,"Please Input"))) -> N/A | J15: =IF(grant_term="","",IF(grant_term=12,"N/A",IF(grant_term=24,"Please Input"))) -> N/A | K15: =IFERROR(ROUND(IF(grant_term=12,"N/A",$I15*$J15),0),0) -> 0 | M15: =G15+K15 -> 0
A16: Name/Role | G16: =ROUND($E16*$F16,0) -> 0 | I16: =IF(grant_term="","",IF(grant_term=12,"N/A",IF(grant_term=24,"Please Input"))) -> N/A | J16: =IF(grant_term="","",IF(grant_term=12,"N/A",IF(grant_term=24,"Please Input"))) -> N/A | K16: =IFERROR(ROUND(IF(grant_term=12,"N/A",$I16*$J16),0),0) -> 0 | M16: =G16+K16 -> 0
A18: Total Consultant Research Support | G18: =SUBTOTAL(9,G9:G17) -> 0 | K18: =SUBTOTAL(9,K9:K17) -> 0 | M18: =SUBTOTAL(9,M9:M17) -> 0
A21: {="Expert Consulting Costs (max "&caps_Consulting&" per consultant)"} -> Expert Consulting Costs (max $10,000 per consultant) | B21: Faculty/ Non-Faculty | C21: Salary of Faculty | E21: Hourly Rate | F21: # of hours | G21: Total Year 1 Consulting | I21: Hourly Rate | J21: # of hours | K21: Total Year 2 Consulting | M21: Grand Total
A22: Name/Role | G22: =ROUND(MIN(caps_Consulting,$E22*$F22),0) -> 0 | I22: =IF(grant_term="","",IF(grant_term=12,"N/A",IF(grant_term=24,"Please Input"))) -> N/A | J22: =IF(grant_term="","",IF(grant_term=12,"N/A",IF(grant_term=24,"Please Input"))) -> N/A | K22: =IFERROR(ROUND(IF(grant_term=12,"N/A",MIN(caps_Consulting,$I22*$J22)),0),0) -> 0 | M22: =ROUND(SUM(G22,K22),0) -> 0
A23: Name/Role | G23: =ROUND(MIN(caps_Consulting,$E23*$F23),0) -> 0 | I23: =IF(grant_term="","",IF(grant_term=12,"N/A",IF(grant_term=24,"Please Input"))) -> N/A | J23: =IF(grant_term="","",IF(grant_term=12,"N/A",IF(grant_term=24,"Please Input"))) -> N/A | K23: =IFERROR(ROUND(IF(grant_term=12,"N/A",MIN(caps_Consulting,$I23*$J23)),0),0) -> 0 | M23: =ROUND(SUM(G23,K23),0) -> 0
A24: Name/Role | G24: =ROUND(MIN(caps_Consulting,$E24*$F24),0) -> 0 | I24: =IF(grant_term="","",IF(grant_term=12,"N/A",IF(grant_term=24,"Please Input"))) -> N/A | J24: =IF(grant_term="","",IF(grant_term=12,"N/A",IF(grant_term=24,"Please Input"))) -> N/A | K24: =IFERROR(ROUND(IF(grant_term=12,"N/A",MIN(caps_Consulting,$I24*$J24)),0),0) -> 0 | M24: =ROUND(SUM(G24,K24),0) -> 0
A25: Name/Role | G25: =ROUND(MIN(caps_Consulting,$E25*$F25),0) -> 0 | I25: =IF(grant_term="","",IF(grant_term=12,"N/A",IF(grant_term=24,"Please Input"))) -> N/A | J25: =IF(grant_term="","",IF(grant_term=12,"N/A",IF(grant_term=24,"Please Input"))) -> N/A | K25: =IFERROR(ROUND(IF(grant_term=12,"N/A",MIN(caps_Consulting,$I25*$J25)),0),0) -> 0 | M25: =ROUND(SUM(G25,K25),0) -> 0
A26: Description/Vendor | G26: =ROUND(MIN(caps_Consulting,$E26*$F26),0) -> 0 | I26: =IF(grant_term="","",IF(grant_term=12,"N/A",IF(grant_term=24,"Please Input"))) -> N/A | J26: =IF(grant_term="","",IF(grant_term=12,"N/A",IF(grant_term=24,"Please Input"))) -> N/A | K26: =IFERROR(ROUND(IF(grant_term=12,"N/A",MIN(caps_Consulting,$I26*$J26)),0),0) -> 0 | M26: =ROUND(SUM(G26,K26),0) -> 0
A28: Total Expert Consulting Costs | G28: =ROUND(SUBTOTAL(9,G22:G27),0) -> 0 | K28: =ROUND(SUBTOTAL(9,K22:K27),0) -> 0 | M28: =SUBTOTAL(9,M22:M27) -> 0
A30: Total Consulting Costs | G30: =SUBTOTAL(9,G8:G29) -> 0 | K30: =SUBTOTAL(9,K8:K29) -> 0 | M30: =SUBTOTAL(9,M8:M29) -> 0
A32: Total Indirect Costs related to Consulting Costs | G32: =ROUND(G30*ind_cost_rate,0) -> 0 | K32: =ROUND(K30*ind_cost_rate,0) -> 0 | M32: =SUM(G32:L32) -> 0
A35: Survey and Data Fees - External Vendors | B35: Type (Survey Fees, Data Purchase, or RDC Access) | E35: Year 1 | G35: Total Year 1 | I35: Year 2 | K35: Total Year 2 | M35: Grand Total
A36: Description/Vendor | G36: =E36 -> 0 | I36: =IF(grant_term="","",IF(grant_term=12,"N/A",IF(grant_term=24,"Please Input"))) -> N/A | K36: =SUM(I36) -> 0 | M36: =ROUND(SUM(G36,K36),0) -> 0
A37: Description/Vendor | G37: =E37 -> 0 | I37: =IF(grant_term="","",IF(grant_term=12,"N/A",IF(grant_term=24,"Please Input"))) -> N/A | K37: =SUM(I37) -> 0 | M37: =ROUND(SUM(G37,K37),0) -> 0
A38: Description/Vendor | G38: =E38 -> 0 | I38: =IF(grant_term="","",IF(grant_term=12,"N/A",IF(grant_term=24,"Please Input"))) -> N/A | K38: =SUM(I38) -> 0 | M38: =ROUND(SUM(G38,K38),0) -> 0
A39: Description/Vendor | G39: =E39 -> 0 | I39: =IF(grant_term="","",IF(grant_term=12,"N/A",IF(grant_term=24,"Please Input"))) -> N/A | K39: =SUM(I39) -> 0 | M39: =ROUND(SUM(G39,K39),0) -> 0
A40: Description/Vendor | G40: =E40 -> 0 | I40: =IF(grant_term="","",IF(grant_term=12,"N/A",IF(grant_term=24,"Please Input"))) -> N/A | K40: =SUM(I40) -> 0 | M40: =ROUND(SUM(G40,K40),0) -> 0
A41: Description/Vendor | G41: =E41 -> 0 | I41: =IF(grant_term="","",IF(grant_term=12,"N/A",IF(grant_term=24,"Please Input"))) -> N/A | K41: =SUM(I41) -> 0 | M41: =ROUND(SUM(G41,K41),0) -> 0
A42: Description/Vendor | G42: =E42 -> 0 | I42: =IF(grant_term="","",IF(grant_term=12,"N/A",IF(grant_term=24,"Please Input"))) -> N/A | K42: =SUM(I42) -> 0 | M42: =ROUND(SUM(G42,K42),0) -> 0
A43: Description/Vendor | G43: =E43 -> 0 | I43: =IF(grant_term="","",IF(grant_term=12,"N/A",IF(grant_term=24,"Please Input"))) -> N/A | K43: =SUM(I43) -> 0 | M43: =ROUND(SUM(G43,K43),0) -> 0
A44: Description/Vendor | G44: =E44 -> 0 | I44: =IF(grant_term="","",IF(grant_term=12,"N/A",IF(grant_term=24,"Please Input"))) -> N/A | K44: =SUM(I44) -> 0 | M44: =ROUND(SUM(G44,K44),0) -> 0
A46: Total Data Fees | G46: =ROUND(SUBTOTAL(9,G36:G45),0) -> 0 | K46: =ROUND(SUBTOTAL(9,K36:K45),0) -> 0 | M46: =SUBTOTAL(9,M36:M45) -> 0
A49: Data Collection Costs | B49: Type | E49: Year 1 Amount | G49: Total Year 1 | I49: Year 2 Amount | K49: Total Year 2 | M49: Grand Total
A50: Description/Vendor | G50: =E50 -> 0 | I50: =IF(grant_term="","",IF(grant_term=12,"N/A",IF(grant_term=24,"Please Input"))) -> N/A | K50: =SUM(I50) -> 0 | M50: =ROUND(SUM(G50,K50),0) -> 0
A51: Description/Vendor | G51: =E51 -> 0 | I51: =IF(grant_term="","",IF(grant_term=12,"N/A",IF(grant_term=24,"Please Input"))) -> N/A | K51: =SUM(I51) -> 0 | M51: =ROUND(SUM(G51,K51),0) -> 0
A52: Description/Vendor | G52: =E52 -> 0 | I52: =IF(grant_term="","",IF(grant_term=12,"N/A",IF(grant_term=24,"Please Input"))) -> N/A | K52: =SUM(I52) -> 0 | M52: =ROUND(SUM(G52,K52),0) -> 0
A53: Description/Vendor | G53: =E53 -> 0 | I53: =IF(grant_term="","",IF(grant_term=12,"N/A",IF(grant_term=24,"Please Input"))) -> N/A | K53: =SUM(I53) -> 0 | M53: =ROUND(SUM(G53,K53),0) -> 0
A54: Description/Vendor | G54: =E54 -> 0 | I54: =IF(grant_term="","",IF(grant_term=12,"N/A",IF(grant_term=24,"Please Input"))) -> N/A | K54: =SUM(I54) -> 0 | M54: =ROUND(SUM(G54,K54),0) -> 0
A55: Description/Vendor | G55: =E55 -> 0 | I55: =IF(grant_term="","",IF(grant_term=12,"N/A",IF(grant_term=24,"Please Input"))) -> N/A | K55: =SUM(I55) -> 0 | M55: =ROUND(SUM(G55,K55),0) -> 0
A56: Description/Vendor | G56: =E56 -> 0 | I56: =IF(grant_term="","",IF(grant_term=12,"N/A",IF(grant_term=24,"Please Input"))) -> N/A | K56: =SUM(I56) -> 0 | M56: =ROUND(SUM(G56,K56),0) -> 0
A57: Description/Vendor | G57: =E57 -> 0 | I57: =IF(grant_term="","",IF(grant_term=12,"N/A",IF(grant_term=24,"Please Input"))) -> N/A | K57: =SUM(I57) -> 0 | M57: =ROUND(SUM(G57,K57),0) -> 0
A58: Description/Vendor | G58: =E58 -> 0 | I58: =IF(grant_term="","",IF(grant_term=12,"N/A",IF(grant_term=24,"Please Input"))) -> N/A | K58: =SUM(I58) -> 0 | M58: =ROUND(SUM(G58,K58),0) -> 0
A59: Description/Vendor | G59: =E59 -> 0 | I59: =IF(grant_term="","",IF(grant_term=12,"N/A",IF(grant_term=24,"Please Input"))) -> N/A | K59: =SUM(I59) -> 0 | M59: =ROUND(SUM(G59,K59),0) -> 0
A60: Description/Vendor | G60: =E60 -> 0 | I60: =IF(grant_term="","",IF(grant_term=12,"N/A",IF(grant_term=24,"Please Input"))) -> N/A | K60: =SUM(I60) -> 0 | M60: =ROUND(SUM(G60,K60),0) -> 0
A61: Description/Vendor | G61: =E61 -> 0 | I61: =IF(grant_term="","",IF(grant_term=12,"N/A",IF(grant_term=24,"Please Input"))) -> N/A | K61: =SUM(I61) -> 0 | M61: =ROUND(SUM(G61,K61),0) -> 0
... A63: Description/Vendor | G63: =E63 -> 0 | I63: =IF(grant_term="","",IF(grant_term=12,"N/A",IF(grant_term=24,"Please Input"))) -> N/A | K63: =SUM(I63) -> 0 | M63: =ROUND(SUM(G63,K63),0) -> 0
A65: Total Data Collection Costs | G65: =SUBTOTAL(9,G50:G64) -> 0 | K65: =SUBTOTAL(9,K50:K64) -> 0 | M65: =SUBTOTAL(9,M50:M64) -> 0
A68: Other Direct Costs | B68: Type | E68: Year 1 Amount | G68: Total Year 1 | I68: Year 2 Amount | K68: Total Year 2 | M68: Grand Total
A69: Description/Vendor | G69: =E69 -> 0 | I69: =IF(grant_term="","",IF(grant_term=12,"N/A",IF(grant_term=24,"Please Input"))) -> N/A | K69: =SUM(I69) -> 0 | M69: =ROUND(SUM(G69,K69),0) -> 0
A70: Description/Vendor | G70: =E70 -> 0 | I70: =IF(grant_term="","",IF(grant_term=12,"N/A",IF(grant_term=24,"Please Input"))) -> N/A | K70: =SUM(I70) -> 0 | M70: =ROUND(SUM(G70,K70),0) -> 0
A71: Description/Vendor | G71: =E71 -> 0 | I71: =IF(grant_term="","",IF(grant_term=12,"N/A",IF(grant_term=24,"Please Input"))) -> N/A | K71: =SUM(I71) -> 0 | M71: =ROUND(SUM(G71,K71),0) -> 0
A72: Description/Vendor | G72: =E72 -> 0 | I72: =IF(grant_term="","",IF(grant_term=12,"N/A",IF(grant_term=24,"Please Input"))) -> N/A | K72: =SUM(I72) -> 0 | M72: =ROUND(SUM(G72,K72),0) -> 0
A73: Description/Vendor | G73: =E73 -> 0 | I73: =IF(grant_term="","",IF(grant_term=12,"N/A",IF(grant_term=24,"Please Input"))) -> N/A | K73: =SUM(I73) -> 0 | M73: =ROUND(SUM(G73,K73),0) -> 0
A74: Description/Vendor | G74: =E74 -> 0 | I74: =IF(grant_term="","",IF(grant_term=12,"N/A",IF(grant_term=24,"Please Input"))) -> N/A | K74: =SUM(I74) -> 0 | M74: =ROUND(SUM(G74,K74),0) -> 0
A75: Description/Vendor | G75: =E75 -> 0 | I75: =IF(grant_term="","",IF(grant_term=12,"N/A",IF(grant_term=24,"Please Input"))) -> N/A | K75: =SUM(I75) -> 0 | M75: =ROUND(SUM(G75,K75),0) -> 0
A76: Description/Vendor | G76: =E76 -> 0 | I76: =IF(grant_term="","",IF(grant_term=12,"N/A",IF(grant_term=24,"Please Input"))) -> N/A | K76: =SUM(I76) -> 0 | M76: =ROUND(SUM(G76,K76),0) -> 0
A77: Description/Vendor | G77: =E77 -> 0 | I77: =IF(grant_term="","",IF(grant_term=12,"N/A",IF(grant_term=24,"Please Input"))) -> N/A | K77: =SUM(I77) -> 0 | M77: =ROUND(SUM(G77,K77),0) -> 0
A78: Description/Vendor | G78: =E78 -> 0 | I78: =IF(grant_term="","",IF(grant_term=12,"N/A",IF(grant_term=24,"Please Input"))) -> N/A | K78: =SUM(I78) -> 0 | M78: =ROUND(SUM(G78,K78),0) -> 0
A79: Description/Vendor | G79: =E79 -> 0 | I79: =IF(grant_term="","",IF(grant_term=12,"N/A",IF(grant_term=24,"Please Input"))) -> N/A | K79: =SUM(I79) -> 0 | M79: =ROUND(SUM(G79,K79),0) -> 0
A81: Total Other Direct Costs | G81: =SUBTOTAL(9,G69:G80) -> 0 | K81: =SUBTOTAL(9,K69:K80) -> 0 | M81: =SUBTOTAL(9,M69:M80) -> 0
A83: Grand Total Research Direct Costs | G83: =ROUND(SUBTOTAL(9,G36:G82),0) -> 0 | K83: =ROUND(SUBTOTAL(9,K36:K82),0) -> 0 | M83: =ROUND(SUM(G83,K83),0) -> 0
A85: Total Indirect Costs | G85: =ROUND(G83*ind_cost_rate,0) -> 0 | K85: =ROUND(K83*ind_cost_rate,0) -> 0 | M85: =SUM(G85:L85) -> 0

Sheet SubOrg1 Personnel
A1: =PROPER(subcontractor1) | AB1: =ROUND(IF(AND($C9="Yes",$E9>=250000),MIN($E9*$F9,12500),MIN(E9*MIN(F9,0.25),20000)),0) -> 0
A2: =PROPER(proj_title)
A3: Project Team Budget Details
A4: =TEXT(start_date,"m/d/yy")&" to "&(TEXT(EOMONTH(start_date,grant_term-1),"m/d/yy")) -> 1/0/00 to 12/31/00
A5: =grant_amount -> 0
E7: ="Year 1: "&TEXT(start_date,"m-yy")&" to "&TEXT(EOMONTH(start_date,11),"m-yy")&" Assumptions" -> Year 1: 1-00 to 12-00 Assumptions | I7: =IF(grant_term>12,"Year 2: "&TEXT(EOMONTH(start_date,12),"m-yy")&" to "&TEXT(EOMONTH(start_date,23),"m-yy")&" Assumptions","N/A 1 yr grant") -> N/A 1 yr grant
A8: Personnel | B8: Name | C8: Tenured/tenure-track (TT)/ Non-tenure track (NT)/ Post Doc (PD) | E8: Academic-Year Salary | F8: % Time | G8: ="Fringe Rate (Max "&TEXT(Max_FR, "#%")&")" -> Fringe Rate (Max 40%) | I8: Academic-Year Salary | J8: % Time | K8: ="Fringe Rate (Max "&TEXT(Max_FR, "#%")&")" -> Fringe Rate (Max 40%) | M8: Total Year 1 Salary | N8: Total Year 2 Salary | P8: Subtotal Salary | R8: Total Year 1 Fringe | S8: Total Year 2 Fringe | U8: Subtotal Fringe | W8: Total Personnel Year 1 | X8: Total Personnel Year 2 | Z8: Grand Total
A9: Principal Investigator | I9: =IF(grant_term="","",IF(grant_term=12,"N/A",IF(grant_term=24,"Please Input"))) -> N/A | J9: =IF(grant_term="","",IF(grant_term=12,"N/A",IF(grant_term=24,"Please Input"))) -> N/A | K9: =IF(grant_term="","",IF(grant_term=12,"N/A",IF(grant_term=24,"Please Input"))) -> N/A | M9: {=ROUND(IF($C9="TT",TT_year1_sal, IF($C9="NT",NT_year1_sal,IF($C9="PD",PD_year1_sal, IF($C9="",0)))),0)} -> 0 | N9: {=IFERROR(ROUND( IF($C9="TT",TT_year2_sal, IF($C9="NT",NT_year2_sal, IF($C9="PD",PD_year2_sal, IF($C9="",0)))),0),"N/A")} -> 0 | P9: =SUBTOTAL(9,M9:O9) -> 0 | R9: =IFERROR(ROUND(M9*G9,0),0) -> 0 | S9: =IFERROR(ROUND(N9*K9,0),0) -> 0 | U9: =SUBTOTAL(9,R9:T9) -> 0 | W9: =M9+R9 -> 0 | X9: =IFERROR(IF(grant_term=12,"N/A",N9+S9),0) -> N/A | Z9: =SUM(W9:Y9) -> 0
A10: Co PI 1 (if applicable) | I10: =IF(grant_term="","",IF(grant_term=12,"N/A",IF(grant_term=24,"Please Input"))) -> N/A | J10: =IF(grant_term="","",IF(grant_term=12,"N/A",IF(grant_term=24,"Please Input"))) -> N/A | K10: =IF(grant_term="","",IF(grant_term=12,"N/A",IF(grant_term=24,"Please Input"))) -> N/A | M10: {=ROUND(IF($C10="TT",TT_year1_sal, IF($C10="NT",NT_year1_sal,IF($C10="PD",PD_year1_sal, IF($C10="",0)))),0)} -> 0 | N10: {=IFERROR(ROUND( IF($C10="TT",TT_year2_sal, IF($C10="NT",NT_year2_sal, IF($C10="PD",PD_year2_sal, IF($C10="",0)))),0),"N/A")} -> 0 | P10: =SUBTOTAL(9,M10:O10) -> 0 | R10: =IFERROR(ROUND(M10*G10,0),0) -> 0 | S10: =IFERROR(ROUND(N10*K10,0),0) -> 0 | U10: =SUBTOTAL(9,R10:T10) -> 0 | W10: =M10+R10 -> 0 | X10: =IFERROR(IF(grant_term=12,"N/A",N10+S10),0) -> N/A | Z10: =SUM(W10:Y10) -> 0
A11: Co PI 2 (if applicable) | I11: =IF(grant_term="","",IF(grant_term=12,"N/A",IF(grant_term=24,"Please Input"))) -> N/A | J11: =IF(grant_term="","",IF(grant_term=12,"N/A",IF(grant_term=24,"Please Input"))) -> N/A | K11: =IF(grant_term="","",IF(grant_term=12,"N/A",IF(grant_term=24,"Please Input"))) -> N/A | M11: {=ROUND(IF($C11="TT",TT_year1_sal, IF($C11="NT",NT_year1_sal,IF($C11="PD",PD_year1_sal, IF($C11="",0)))),0)} -> 0 | N11: {=IFERROR(ROUND( IF($C11="TT",TT_year2_sal, IF($C11="NT",NT_year2_sal, IF($C11="PD",PD_year2_sal, IF($C11="",0)))),0),"N/A")} -> 0 | P11: =SUBTOTAL(9,M11:O11) -> 0 | R11: =IFERROR(ROUND(M11*G11,0),0) -> 0 | S11: =IFERROR(ROUND(N11*K11,0),0) -> 0 | U11: =SUBTOTAL(9,R11:T11) -> 0 | W11: =M11+R11 -> 0 | X11: =IFERROR(IF(grant_term=12,"N/A",N11+S11),0) -> N/A | Z11: =SUM(W11:Y11) -> 0
A13: Total PI and Co PI | M13: =SUBTOTAL(9,M9:M12) -> 0 | N13: =SUBTOTAL(9,N9:N12) -> 0 | P13: =SUM(P9:P12) -> 0 | R13: =SUBTOTAL(9,R9:R12) -> 0 | S13: =SUBTOTAL(9,S9:S12) -> 0 | U13: =SUM(U9:U12) -> 0 | W13: =SUBTOTAL(9,W9:W12) -> 0 | X13: =SUBTOTAL(9,X9:X12) -> 0 | Z13: =SUBTOTAL(9,Z9:Z12) -> 0
A15: Course Buyout | B15: Name | E15: Academic-Year Salary | F15: % Time | G15: ="Fringe Rate (Max "&TEXT(Max_FR, "#%")&")" -> Fringe Rate (Max 40%) | I15: Academic-Year Salary | J15: % Time | K15: ="Fringe Rate (Max "&TEXT(Max_FR, "#%")&")" -> Fringe Rate (Max 40%)
A16: Principal Investigator | I16: =IF(grant_term="","",IF(grant_term=12,"N/A",IF(grant_term=24,"Please Input"))) -> N/A | J16: =IF(grant_term="","",IF(grant_term=12,"N/A",IF(grant_term=24,"Please Input"))) -> N/A | K16: =IF(grant_term="","",IF(grant_term=12,"N/A",IF(grant_term=24,"Please Input"))) -> N/A | M16: =ROUND($E16*$F16,0) -> 0 | N16: =IFERROR(ROUND(IF(grant_term=12,"N/A",$I16*$J16),0),0) -> 0 | P16: =SUBTOTAL(9,M16:O16) -> 0 | R16: =IFERROR(ROUND(M16*G16,0),0) -> 0 | S16: =IFERROR(ROUND(N16*K16,0),0) -> 0 | U16: =SUBTOTAL(9,R16:T16) -> 0 | W16: =M16+R16 -> 0 | X16: =IFERROR(IF(grant_term=12,"N/A",N16+S16),0) -> N/A | Z16: =SUM(W16:Y16) -> 0
A17: Co PI 1 (if applicable) | I17: =IF(grant_term="","",IF(grant_term=12,"N/A",IF(grant_term=24,"Please Input"))) -> N/A | J17: =IF(grant_term="","",IF(grant_term=12,"N/A",IF(grant_term=24,"Please Input"))) -> N/A | K17: =IF(grant_term="","",IF(grant_term=12,"N/A",IF(grant_term=24,"Please Input"))) -> N/A | M17: =ROUND($E17*$F17,0) -> 0 | N17: =IFERROR(ROUND(IF(grant_term=12,"N/A",$I17*$J17),0),0) -> 0 | P17: =SUBTOTAL(9,M17:O17) -> 0 | R17: =IFERROR(ROUND(M17*G17,0),0) -> 0 | S17: =IFERROR(ROUND(N17*K17,0),0) -> 0 | U17: =SUBTOTAL(9,R17:T17) -> 0 | W17: =M17+R17 -> 0 | X17: =IFERROR(IF(grant_term=12,"N/A",N17+S17),0) -> N/A | Z17: =SUM(W17:Y17) -> 0
A18: Co PI 2 (if applicable) | I18: =IF(grant_term="","",IF(grant_term=12,"N/A",IF(grant_term=24,"Please Input"))) -> N/A | J18: =IF(grant_term="","",IF(grant_term=12,"N/A",IF(grant_term=24,"Please Input"))) -> N/A | K18: =IF(grant_term="","",IF(grant_term=12,"N/A",IF(grant_term=24,"Please Input"))) -> N/A | M18: =ROUND($E18*$F18,0) -> 0 | N18: =IFERROR(ROUND(IF(grant_term=12,"N/A",$I18*$J18),0),0) -> 0 | P18: =SUBTOTAL(9,M18:O18) -> 0 | R18: =IFERROR(ROUND(M18*G18,0),0) -> 0 | S18: =IFERROR(ROUND(N18*K18,0),0) -> 0 | U18: =SUBTOTAL(9,R18:T18) -> 0 | W18: =M18+R18 -> 0 | X18: =IFERROR(IF(grant_term=12,"N/A",N18+S18),0) -> N/A | Z18: =SUM(W18:Y18) -> 0
A20: Total PI and Co PI Course Buyout | M20: =SUBTOTAL(9,M16:M19) -> 0 | N20: =SUBTOTAL(9,N16:N19) -> 0 | P20: =SUM(P16:P19) -> 0 | R20: =SUBTOTAL(9,R16:R19) -> 0 | S20: =SUBTOTAL(9,S16:S19) -> 0 | U20: =SUM(U16:U19) -> 0 | W20: =SUBTOTAL(9,W16:W19) -> 0 | X20: =SUBTOTAL(9,X16:X19) -> 0 | Z20: =SUBTOTAL(9,Z16:Z19) -> 0
A22: Staff and Post-Doc Research Support | B22: Position/Name | C22: Post Doc (PD)/ Non-Post Doc (NPD) | E22: Annual Salary | F22: % Time | G22: ="Fringe Rate (Max "&TEXT(Max_FR, "#%")&")" -> Fringe Rate (Max 40%) | I22: Annual Salary | J22: % Time | K22: ="Fringe Rate (Max "&TEXT(Max_FR, "#%")&")" -> Fringe Rate (Max 40%)
A23: RA 1 | I23: =IF(grant_term="","",IF(grant_term=12,"N/A",IF(grant_term=24,"Please Input"))) -> N/A | J23: =IF(grant_term="","",IF(grant_term=12,"N/A",IF(grant_term=24,"Please Input"))) -> N/A | K23: =IF(grant_term="","",IF(grant_term=12,"N/A",IF(grant_term=24,"Please Input"))) -> N/A | M23: {=IFERROR(ROUND(IF($C23="",0,IF($C23="PD",PD_year1_sal,$E23*$F23)),0),0)} -> 0 | N23: {=IFERROR(ROUND(IF($C23="",0,IF($C23="PD",PD_year2_sal,IF(grant_term=24,$I23*$J23,0))),0),0)} -> 0 | P23: =SUBTOTAL(9,M23:O23) -> 0 | R23: =IFERROR(ROUND(M23*G23,0),0) -> 0 | S23: =IFERROR(ROUND(N23*K23,0),0) -> 0 | U23: =SUBTOTAL(9,R23:T23) -> 0 | W23: =M23+R23 -> 0 | X23: =IFERROR(IF(grant_term=12,"N/A",N23+S23),0) -> N/A | Z23: =SUM(W23:Y23) -> 0
A24: RA 2 | I24: =IF(grant_term="","",IF(grant_term=12,"N/A",IF(grant_term=24,"Please Input"))) -> N/A | J24: =IF(grant_term="","",IF(grant_term=12,"N/A",IF(grant_term=24,"Please Input"))) -> N/A | K24: =IF(grant_term="","",IF(grant_term=12,"N/A",IF(grant_term=24,"Please Input"))) -> N/A | M24: {=IFERROR(ROUND(IF($C24="",0,IF($C24="PD",PD_year1_sal,$E24*$F24)),0),0)} -> 0 | N24: {=IFERROR(ROUND(IF($C24="",0,IF($C24="PD",PD_year2_sal,IF(grant_term=24,$I24*$J24,0))),0),0)} -> 0 | P24: =SUBTOTAL(9,M24:O24) -> 0 | R24: =IFERROR(ROUND(M24*G24,0),0) -> 0 | S24: =IFERROR(ROUND(N24*K24,0),0) -> 0 | U24: =SUBTOTAL(9,R24:T24) -> 0 | W24: =M24+R24 -> 0 | X24: =IFERROR(IF(grant_term=12,"N/A",N24+S24),0) -> N/A | Z24: =SUM(W24:Y24) -> 0
A25: RA 3 | I25: =IF(grant_term="","",IF(grant_term=12,"N/A",IF(grant_term=24,"Please Input"))) -> N/A | J25: =IF(grant_term="","",IF(grant_term=12,"N/A",IF(grant_term=24,"Please Input"))) -> N/A | K25: =IF(grant_term="","",IF(grant_term=12,"N/A",IF(grant_term=24,"Please Input"))) -> N/A | M25: {=IFERROR(ROUND(IF($C25="",0,IF($C25="PD",PD_year1_sal,$E25*$F25)),0),0)} -> 0 | N25: {=IFERROR(ROUND(IF($C25="",0,IF($C25="PD",PD_year2_sal,IF(grant_term=24,$I25*$J25,0))),0),0)} -> 0 | P25: =SUBTOTAL(9,M25:O25) -> 0 | R25: =IFERROR(ROUND(M25*G25,0),0) -> 0 | S25: =IFERROR(ROUND(N25*K25,0),0) -> 0 | U25: =SUBTOTAL(9,R25:T25) -> 0 | W25: =M25+R25 -> 0 | X25: =IFERROR(IF(grant_term=12,"N/A",N25+S25),0) -> N/A | Z25: =SUM(W25:Y25) -> 0
A26: RA 4 | I26: =IF(grant_term="","",IF(grant_term=12,"N/A",IF(grant_term=24,"Please Input"))) -> N/A | J26: =IF(grant_term="","",IF(grant_term=12,"N/A",IF(grant_term=24,"Please Input"))) -> N/A | K26: =IF(grant_term="","",IF(grant_term=12,"N/A",IF(grant_term=24,"Please Input"))) -> N/A | M26: {=IFERROR(ROUND(IF($C26="",0,IF($C26="PD",PD_year1_sal,$E26*$F26)),0),0)} -> 0 | N26: {=IFERROR(ROUND(IF($C26="",0,IF($C26="PD",PD_year2_sal,IF(grant_term=24,$I26*$J26,0))),0),0)} -> 0 | P26: =SUBTOTAL(9,M26:O26) -> 0 | R26: =IFERROR(ROUND(M26*G26,0),0) -> 0 | S26: =IFERROR(ROUND(N26*K26,0),0) -> 0 | U26: =SUBTOTAL(9,R26:T26) -> 0 | W26: =M26+R26 -> 0 | X26: =IFERROR(IF(grant_term=12,"N/A",N26+S26),0) -> N/A | Z26: =SUM(W26:Y26) -> 0
A27: RA 5 | I27: =IF(grant_term="","",IF(grant_term=12,"N/A",IF(grant_term=24,"Please Input"))) -> N/A | J27: =IF(grant_term="","",IF(grant_term=12,"N/A",IF(grant_term=24,"Please Input"))) -> N/A | K27: =IF(grant_term="","",IF(grant_term=12,"N/A",IF(grant_term=24,"Please Input"))) -> N/A | M27: {=IFERROR(ROUND(IF($C27="",0,IF($C27="PD",PD_year1_sal,$E27*$F27)),0),0)} -> 0 | N27: {=IFERROR(ROUND(IF($C27="",0,IF($C27="PD",PD_year2_sal,IF(grant_term=24,$I27*$J27,0))),0),0)} -> 0 | P27: =SUBTOTAL(9,M27:O27) -> 0 | R27: =IFERROR(ROUND(M27*G27,0),0) -> 0 | S27: =IFERROR(ROUND(N27*K27,0),0) -> 0 | U27: =SUBTOTAL(9,R27:T27) -> 0 | W27: =M27+R27 -> 0 | X27: =IFERROR(IF(grant_term=12,"N/A",N27+S27),0) -> N/A | Z27: =SUM(W27:Y27) -> 0
A28: RA 6 | I28: =IF(grant_term="","",IF(grant_term=12,"N/A",IF(grant_term=24,"Please Input"))) -> N/A | J28: =IF(grant_term="","",IF(grant_term=12,"N/A",IF(grant_term=24,"Please Input"))) -> N/A | K28: =IF(grant_term="","",IF(grant_term=12,"N/A",IF(grant_term=24,"Please Input"))) -> N/A | M28: {=IFERROR(ROUND(IF($C28="",0,IF($C28="PD",PD_year1_sal,$E28*$F28)),0),0)} -> 0 | N28: {=IFERROR(ROUND(IF($C28="",0,IF($C28="PD",PD_year2_sal,IF(grant_term=24,$I28*$J28,0))),0),0)} -> 0 | P28: =SUBTOTAL(9,M28:O28) -> 0 | R28: =IFERROR(ROUND(M28*G28,0),0) -> 0 | S28: =IFERROR(ROUND(N28*K28,0),0) -> 0 | U28: =SUBTOTAL(9,R28:T28) -> 0 | W28: =M28+R28 -> 0 | X28: =IFERROR(IF(grant_term=12,"N/A",N28+S28),0) -> N/A | Z28: =SUM(W28:Y28) -> 0
A30: Total Staff and Post-Doc Research Support | M30: =SUBTOTAL(9,M23:M29) -> 0 | N30: =SUBTOTAL(9,N23:N29) -> 0 | P30: =SUM(P23:P29) -> 0 | R30: =SUBTOTAL(9,R23:R29) -> 0 | S30: =SUBTOTAL(9,S23:S29) -> 0 | U30: =SUM(U23:U29) -> 0 | W30: =SUBTOTAL(9,W23:W29) -> 0 | X30: =SUBTOTAL(9,X23:X29) -> 0 | Z30: =SUBTOTAL(9,Z23:Z29) -> 0
A32: Student Research Support | B32: Name (optional) | C32: Graduate/ Undergrad | E32: Hourly Rate | F32: # of hours | G32: ="Fringe Rate (Max "&TEXT(Max_FR, "#%")&")" -> Fringe Rate (Max 40%) | I32: Hourly Rate | J32: # of hours | K32: ="Fringe Rate (Max "&TEXT(Max_FR, "#%")&")" -> Fringe Rate (Max 40%)
A33: Student RA 1 | B33: optional | I33: =IF(grant_term="","",IF(grant_term=12,"N/A",IF(grant_term=24,"Please Input"))) -> N/A | J33: =IF(grant_term="","",IF(grant_term=12,"N/A",IF(grant_term=24,"Please Input"))) -> N/A | K33: =IF(grant_term="","",IF(grant_term=12,"N/A",IF(grant_term=24,"Please Input"))) -> N/A | M33: =ROUND($E33*$F33,0) -> 0 | N33: =IFERROR(ROUND(IF(grant_term=12,"N/A",$I33*$J33),0),0) -> 0 | P33: =SUBTOTAL(9,M33:O33) -> 0 | R33: =IFERROR(ROUND(M33*G33,0),0) -> 0 | S33: =IFERROR(ROUND(N33*K33,0),0) -> 0 | U33: =SUBTOTAL(9,R33:T33) -> 0 | W33: =M33+R33 -> 0 | X33: =IFERROR(IF(grant_term=12,"N/A",N33+S33),0) -> N/A | Z33: =SUM(W33:Y33) -> 0
A34: Student RA 2 | B34: optional | I34: =IF(grant_term="","",IF(grant_term=12,"N/A",IF(grant_term=24,"Please Input"))) -> N/A | J34: =IF(grant_term="","",IF(grant_term=12,"N/A",IF(grant_term=24,"Please Input"))) -> N/A | K34: =IF(grant_term="","",IF(grant_term=12,"N/A",IF(grant_term=24,"Please Input"))) -> N/A | M34: =ROUND($E34*$F34,0) -> 0 | N34: =IFERROR(ROUND(IF(grant_term=12,"N/A",$I34*$J34),0),0) -> 0 | P34: =SUBTOTAL(9,M34:O34) -> 0 | R34: =IFERROR(ROUND(M34*G34,0),0) -> 0 | S34: =IFERROR(ROUND(N34*K34,0),0) -> 0 | U34: =SUBTOTAL(9,R34:T34) -> 0 | W34: =M34+R34 -> 0 | X34: =IFERROR(IF(grant_term=12,"N/A",N34+S34),0) -> N/A | Z34: =SUM(W34:Y34) -> 0
A35: Student RA 3 | B35: optional | I35: =IF(grant_term="","",IF(grant_term=12,"N/A",IF(grant_term=24,"Please Input"))) -> N/A | J35: =IF(grant_term="","",IF(grant_term=12,"N/A",IF(grant_term=24,"Please Input"))) -> N/A | K35: =IF(grant_term="","",IF(grant_term=12,"N/A",IF(grant_term=24,"Please Input"))) -> N/A | M35: =ROUND($E35*$F35,0) -> 0 | N35: =IFERROR(ROUND(IF(grant_term=12,"N/A",$I35*$J35),0),0) -> 0 | P35: =SUBTOTAL(9,M35:O35) -> 0 | R35: =IFERROR(ROUND(M35*G35,0),0) -> 0 | S35: =IFERROR(ROUND(N35*K35,0),0) -> 0 | U35: =SUBTOTAL(9,R35:T35) -> 0 | W35: =M35+R35 -> 0 | X35: =IFERROR(IF(grant_term=12,"N/A",N35+S35),0) -> N/A | Z35: =SUM(W35:Y35) -> 0
A36: Student RA 4 | B36: optional | I36: =IF(grant_term="","",IF(grant_term=12,"N/A",IF(grant_term=24,"Please Input"))) -> N/A | J36: =IF(grant_term="","",IF(grant_term=12,"N/A",IF(grant_term=24,"Please Input"))) -> N/A | K36: =IF(grant_term="","",IF(grant_term=12,"N/A",IF(grant_term=24,"Please Input"))) -> N/A | M36: =ROUND($E36*$F36,0) -> 0 | N36: =IFERROR(ROUND(IF(grant_term=12,"N/A",$I36*$J36),0),0) -> 0 | P36: =SUBTOTAL(9,M36:O36) -> 0 | R36: =IFERROR(ROUND(M36*G36,0),0) -> 0 | S36: =IFERROR(ROUND(N36*K36,0),0) -> 0 | U36: =SUBTOTAL(9,R36:T36) -> 0 | W36: =M36+R36 -> 0 | X36: =IFERROR(IF(grant_term=12,"N/A",N36+S36),0) -> N/A | Z36: =SUM(W36:Y36) -> 0
A37: Student RA 5 | B37: optional | I37: =IF(grant_term="","",IF(grant_term=12,"N/A",IF(grant_term=24,"Please Input"))) -> N/A | J37: =IF(grant_term="","",IF(grant_term=12,"N/A",IF(grant_term=24,"Please Input"))) -> N/A | K37: =IF(grant_term="","",IF(grant_term=12,"N/A",IF(grant_term=24,"Please Input"))) -> N/A | M37: =ROUND($E37*$F37,0) -> 0 | N37: =IFERROR(ROUND(IF(grant_term=12,"N/A",$I37*$J37),0),0) -> 0 | P37: =SUBTOTAL(9,M37:O37) -> 0 | R37: =IFERROR(ROUND(M37*G37,0),0) -> 0 | S37: =IFERROR(ROUND(N37*K37,0),0) -> 0 | U37: =SUBTOTAL(9,R37:T37) -> 0 | W37: =M37+R37 -> 0 | X37: =IFERROR(IF(grant_term=12,"N/A",N37+S37),0) -> N/A | Z37: =SUM(W37:Y37) -> 0
A38: Student RA 6 | B38: optional | I38: =IF(grant_term="","",IF(grant_term=12,"N/A",IF(grant_term=24,"Please Input"))) -> N/A | J38: =IF(grant_term="","",IF(grant_term=12,"N/A",IF(grant_term=24,"Please Input"))) -> N/A | K38: =IF(grant_term="","",IF(grant_term=12,"N/A",IF(grant_term=24,"Please Input"))) -> N/A | M38: =ROUND($E38*$F38,0) -> 0 | N38: =IFERROR(ROUND(IF(grant_term=12,"N/A",$I38*$J38),0),0) -> 0 | P38: =SUBTOTAL(9,M38:O38) -> 0 | R38: =IFERROR(ROUND(M38*G38,0),0) -> 0 | S38: =IFERROR(ROUND(N38*K38,0),0) -> 0 | U38: =SUBTOTAL(9,R38:T38) -> 0 | W38: =M38+R38 -> 0 | X38: =IFERROR(IF(grant_term=12,"N/A",N38+S38),0) -> N/A | Z38: =SUM(W38:Y38) -> 0
A39: Student RA 7 | B39: optional | I39: =IF(grant_term="","",IF(grant_term=12,"N/A",IF(grant_term=24,"Please Input"))) -> N/A | J39: =IF(grant_term="","",IF(grant_term=12,"N/A",IF(grant_term=24,"Please Input"))) -> N/A | K39: =IF(grant_term="","",IF(grant_term=12,"N/A",IF(grant_term=24,"Please Input"))) -> N/A | M39: =ROUND($E39*$F39,0) -> 0 | N39: =IFERROR(ROUND(IF(grant_term=12,"N/A",$I39*$J39),0),0) -> 0 | P39: =SUBTOTAL(9,M39:O39) -> 0 | R39: =IFERROR(ROUND(M39*G39,0),0) -> 0 | S39: =IFERROR(ROUND(N39*K39,0),0) -> 0 | U39: =SUBTOTAL(9,R39:T39) -> 0 | W39: =M39+R39 -> 0 | X39: =IFERROR(IF(grant_term=12,"N/A",N39+S39),0) -> N/A | Z39: =SUM(W39:Y39) -> 0
A40: Student RA 8 | B40: optional | I40: =IF(grant_term="","",IF(grant_term=12,"N/A",IF(grant_term=24,"Please Input"))) -> N/A | J40: =IF(grant_term="","",IF(grant_term=12,"N/A",IF(grant_term=24,"Please Input"))) -> N/A | K40: =IF(grant_term="","",IF(grant_term=12,"N/A",IF(grant_term=24,"Please Input"))) -> N/A | M40: =ROUND($E40*$F40,0) -> 0 | N40: =IFERROR(ROUND(IF(grant_term=12,"N/A",$I40*$J40),0),0) -> 0 | P40: =SUBTOTAL(9,M40:O40) -> 0 | R40: =IFERROR(ROUND(M40*G40,0),0) -> 0 | S40: =IFERROR(ROUND(N40*K40,0),0) -> 0 | U40: =SUBTOTAL(9,R40:T40) -> 0 | W40: =M40+R40 -> 0 | X40: =IFERROR(IF(grant_term=12,"N/A",N40+S40),0) -> N/A | Z40: =SUM(W40:Y40) -> 0
A42: Total Student Research Support | M42: =SUBTOTAL(9,M33:M41) -> 0 | N42: =SUBTOTAL(9,N33:N41) -> 0 | P42: =SUM(P33:P41) -> 0 | R42: =SUBTOTAL(9,R33:R41) -> 0 | S42: =SUBTOTAL(9,S33:S41) -> 0 | U42: =SUM(U33:U41) -> 0 | W42: =SUBTOTAL(9,W33:W41) -> 0 | X42: =SUBTOTAL(9,X33:X41) -> 0 | Z42: =SUBTOTAL(9,Z33:Z41) -> 0
A44: Total Personnel Direct Costs | M44: =SUBTOTAL(9,M9:M43) -> 0 | N44: =SUBTOTAL(9,N9:N43) -> 0 | P44: =SUBTOTAL(9,P9:P43) -> 0 | R44: =SUBTOTAL(9,R9:R43) -> 0 | S44: =SUBTOTAL(9,S9:S43) -> 0 | U44: =SUBTOTAL(9,U9:U43) -> 0 | W44: =SUBTOTAL(9,W9:W43) -> 0 | X44: =SUBTOTAL(9,X9:X43) -> 0 | Z44: =SUBTOTAL(9,Z9:Z43) -> 0
A46: Total Indirect Costs related to Personnel | M46: =ROUND(M44*ind_cost_rate,0) -> 0 | N46: =ROUND(N44*ind_cost_rate,0) -> 0 | P46: =SUBTOTAL(9,M46:O46) -> 0 | R46: =ROUND(R44*ind_cost_rate,0) -> 0 | S46: =ROUND(S44*ind_cost_rate,0) -> 0 | U46: =SUBTOTAL(9,R46:T46) -> 0 | W46: =IFERROR(M46+R46,0) -> 0 | X46: =IFERROR(IF(grant_term=12,"N/A",N46+S46),0) -> N/A | Z46: =SUM(W46:Y46) -> 0

Sheet SubOrg1 Research Costs
A1: =PROPER(subcontractor1)
A2: =PROPER(proj_title)
A3: Research Costs Budget Details
A4: =TEXT(start_date,"m/d/yy")&" to "&(TEXT(EOMONTH(start_date,grant_term-1),"m/d/yy")) -> 1/0/00 to 12/31/00
A5: =grant_amount -> 0
E7: ="Year 1: "&TEXT(start_date,"m-yy")&" to "&TEXT(EOMONTH(start_date,11),"m-yy")&" Assumptions" -> Year 1: 1-00 to 12-00 Assumptions | I7: =IF(grant_term>12,"Year 2: "&TEXT(EOMONTH(start_date,12),"m-yy")&" to "&TEXT(EOMONTH(start_date,23),"m-yy")&" Assumptions","N/A 1 yr grant") -> N/A 1 yr grant
A8: Consultant Research Support | C8: RA Category | E8: Hourly Rate | F8: # of hours | G8: Total Year 1 Consulting | I8: Hourly Rate | J8: # of hours | K8: Total Year 2 Consulting | M8: Grand Total
A9: Name/Role | G9: =ROUND($E9*$F9,0) -> 0 | I9: =IF(grant_term="","",IF(grant_term=12,"N/A",IF(grant_term=24,"Please Input"))) -> N/A | J9: =IF(grant_term="","",IF(grant_term=12,"N/A",IF(grant_term=24,"Please Input"))) -> N/A | K9: =IFERROR(ROUND(IF(grant_term=12,"N/A",$I9*$J9),0),0) -> 0 | M9: =G9+K9 -> 0
A10: Name/Role | G10: =ROUND($E10*$F10,0) -> 0 | I10: =IF(grant_term="","",IF(grant_term=12,"N/A",IF(grant_term=24,"Please Input"))) -> N/A | J10: =IF(grant_term="","",IF(grant_term=12,"N/A",IF(grant_term=24,"Please Input"))) -> N/A | K10: =IFERROR(ROUND(IF(grant_term=12,"N/A",$I10*$J10),0),0) -> 0 | M10: =G10+K10 -> 0
A11: Name/Role | G11: =ROUND($E11*$F11,0) -> 0 | I11: =IF(grant_term="","",IF(grant_term=12,"N/A",IF(grant_term=24,"Please Input"))) -> N/A | J11: =IF(grant_term="","",IF(grant_term=12,"N/A",IF(grant_term=24,"Please Input"))) -> N/A | K11: =IFERROR(ROUND(IF(grant_term=12,"N/A",$I11*$J11),0),0) -> 0 | M11: =G11+K11 -> 0
A12: Name/Role | G12: =ROUND($E12*$F12,0) -> 0 | I12: =IF(grant_term="","",IF(grant_term=12,"N/A",IF(grant_term=24,"Please Input"))) -> N/A | J12: =IF(grant_term="","",IF(grant_term=12,"N/A",IF(grant_term=24,"Please Input"))) -> N/A | K12: =IFERROR(ROUND(IF(grant_term=12,"N/A",$I12*$J12),0),0) -> 0 | M12: =G12+K12 -> 0
A13: Name/Role | G13: =ROUND($E13*$F13,0) -> 0 | I13: =IF(grant_term="","",IF(grant_term=12,"N/A",IF(grant_term=24,"Please Input"))) -> N/A | J13: =IF(grant_term="","",IF(grant_term=12,"N/A",IF(grant_term=24,"Please Input"))) -> N/A | K13: =IFERROR(ROUND(IF(grant_term=12,"N/A",$I13*$J13),0),0) -> 0 | M13: =G13+K13 -> 0
A14: Name/Role | G14: =ROUND($E14*$F14,0) -> 0 | I14: =IF(grant_term="","",IF(grant_term=12,"N/A",IF(grant_term=24,"Please Input"))) -> N/A | J14: =IF(grant_term="","",IF(grant_term=12,"N/A",IF(grant_term=24,"Please Input"))) -> N/A | K14: =IFERROR(ROUND(IF(grant_term=12,"N/A",$I14*$J14),0),0) -> 0 | M14: =G14+K14 -> 0
A15: Name/Role | G15: =ROUND($E15*$F15,0) -> 0 | I15: =IF(grant_term="","",IF(grant_term=12,"N/A",IF(grant_term=24,"Please Input"))) -> N/A | J15: =IF(grant_term="","",IF(grant_term=12,"N/A",IF(grant_term=24,"Please Input"))) -> N/A | K15: =IFERROR(ROUND(IF(grant_term=12,"N/A",$I15*$J15),0),0) -> 0 | M15: =G15+K15 -> 0
A16: Name/Role | G16: =ROUND($E16*$F16,0) -> 0 | I16: =IF(grant_term="","",IF(grant_term=12,"N/A",IF(grant_term=24,"Please Input"))) -> N/A | J16: =IF(grant_term="","",IF(grant_term=12,"N/A",IF(grant_term=24,"Please Input"))) -> N/A | K16: =IFERROR(ROUND(IF(grant_term=12,"N/A",$I16*$J16),0),0) -> 0 | M16: =G16+K16 -> 0
A18: Total Consultant Research Support | G18: =SUBTOTAL(9,G9:G17) -> 0 | K18: =SUBTOTAL(9,K9:K17) -> 0 | M18: =SUBTOTAL(9,M9:M17) -> 0
A21: {="Expert Consulting Costs (max "&caps_Consulting&" per consultant)"} -> Expert Consulting Costs (max $10,000 per consultant) | B21: Faculty/ Non-Faculty | C21: Salary of Faculty | E21: Hourly Rate | F21: # of hours | G21: Total Year 1 Consulting | I21: Hourly Rate | J21: # of hours | K21: Total Year 2 Consulting | M21: Grand Total
A22: Name/Role | G22: =ROUND(MIN(caps_Consulting,$E22*$F22),0) -> 0 | I22: =IF(grant_term="","",IF(grant_term=12,"N/A",IF(grant_term=24,"Please Input"))) -> N/A | J22: =IF(grant_term="","",IF(grant_term=12,"N/A",IF(grant_term=24,"Please Input"))) -> N/A | K22: =IFERROR(ROUND(IF(grant_term=12,"N/A",MIN(caps_Consulting,$I22*$J22)),0),0) -> 0 | M22: =ROUND(SUM(G22,K22),0) -> 0
A23: Name/Role | C23: =IFERROR(IF($B23="Faculty","Enter Salary",IF($B23="Non-Faculty","N/A","")),"") | G23: =ROUND(MIN(caps_Consulting,$E23*$F23),0) -> 0 | I23: =IF(grant_term="","",IF(grant_term=12,"N/A",IF(grant_term=24,"Please Input"))) -> N/A | J23: =IF(grant_term="","",IF(grant_term=12,"N/A",IF(grant_term=24,"Please Input"))) -> N/A | K23: =IFERROR(ROUND(IF(grant_term=12,"N/A",MIN(caps_Consulting,$I23*$J23)),0),0) -> 0 | M23: =ROUND(SUM(G23,K23),0) -> 0
A24: Name/Role | C24: =IFERROR(IF($B24="Faculty","Enter Salary",IF($B24="Non-Faculty","N/A","")),"") | G24: =ROUND(MIN(caps_Consulting,$E24*$F24),0) -> 0 | I24: =IF(grant_term="","",IF(grant_term=12,"N/A",IF(grant_term=24,"Please Input"))) -> N/A | J24: =IF(grant_term="","",IF(grant_term=12,"N/A",IF(grant_term=24,"Please Input"))) -> N/A | K24: =IFERROR(ROUND(IF(grant_term=12,"N/A",MIN(caps_Consulting,$I24*$J24)),0),0) -> 0 | M24: =ROUND(SUM(G24,K24),0) -> 0
A25: Name/Role | C25: =IFERROR(IF($B25="Faculty","Enter Salary",IF($B25="Non-Faculty","N/A","")),"") | G25: =ROUND(MIN(caps_Consulting,$E25*$F25),0) -> 0 | I25: =IF(grant_term="","",IF(grant_term=12,"N/A",IF(grant_term=24,"Please Input"))) -> N/A | J25: =IF(grant_term="","",IF(grant_term=12,"N/A",IF(grant_term=24,"Please Input"))) -> N/A | K25: =IFERROR(ROUND(IF(grant_term=12,"N/A",MIN(caps_Consulting,$I25*$J25)),0),0) -> 0 | M25: =ROUND(SUM(G25,K25),0) -> 0
A26: Description/Vendor | C26: =IFERROR(IF($B26="Faculty","Enter Salary",IF($B26="Non-Faculty","N/A","")),"") | G26: =ROUND(MIN(caps_Consulting,$E26*$F26),0) -> 0 | I26: =IF(grant_term="","",IF(grant_term=12,"N/A",IF(grant_term=24,"Please Input"))) -> N/A | J26: =IF(grant_term="","",IF(grant_term=12,"N/A",IF(grant_term=24,"Please Input"))) -> N/A | K26: =IFERROR(ROUND(IF(grant_term=12,"N/A",MIN(caps_Consulting,$I26*$J26)),0),0) -> 0 | M26: =ROUND(SUM(G26,K26),0) -> 0
A28: Total Expert Consulting Costs | G28: =ROUND(SUBTOTAL(9,G22:G27),0) -> 0 | K28: =ROUND(SUBTOTAL(9,K22:K27),0) -> 0 | M28: =SUBTOTAL(9,M22:M27) -> 0
A30: Total Consulting Costs | G30: =SUBTOTAL(9,G8:G29) -> 0 | K30: =SUBTOTAL(9,K8:K29) -> 0 | M30: =SUBTOTAL(9,M8:M29) -> 0
A32: Total Indirect Costs related to Consulting Costs | G32: =ROUND(G30*ind_cost_rate,0) -> 0 | K32: =ROUND(K30*ind_cost_rate,0) -> 0 | M32: =SUM(G32:L32) -> 0
A35: Survey and Data Fees - External Vendors | B35: Type (Survey Fees, Data Purchase, or RDC Access) | E35: Year 1 | G35: Total Year 1 | I35: Year 2 | K35: Total Year 2 | M35: Grand Total
A36: Description/Vendor | G36: =E36 -> 0 | I36: =IF(grant_term="","",IF(grant_term=12,"N/A",IF(grant_term=24,"Please Input"))) -> N/A | K36: =SUM(I36) -> 0 | M36: =ROUND(SUM(G36,K36),0) -> 0
A37: Description/Vendor | G37: =E37 -> 0 | I37: =IF(grant_term="","",IF(grant_term=12,"N/A",IF(grant_term=24,"Please Input"))) -> N/A | K37: =SUM(I37) -> 0 | M37: =ROUND(SUM(G37,K37),0) -> 0
A38: Description/Vendor | G38: =E38 -> 0 | I38: =IF(grant_term="","",IF(grant_term=12,"N/A",IF(grant_term=24,"Please Input"))) -> N/A | K38: =SUM(I38) -> 0 | M38: =ROUND(SUM(G38,K38),0) -> 0
A39: Description/Vendor | G39: =E39 -> 0 | I39: =IF(grant_term="","",IF(grant_term=12,"N/A",IF(grant_term=24,"Please Input"))) -> N/A | K39: =SUM(I39) -> 0 | M39: =ROUND(SUM(G39,K39),0) -> 0
A40: Description/Vendor | G40: =E40 -> 0 | I40: =IF(grant_term="","",IF(grant_term=12,"N/A",IF(grant_term=24,"Please Input"))) -> N/A | K40: =SUM(I40) -> 0 | M40: =ROUND(SUM(G40,K40),0) -> 0
A41: Description/Vendor | G41: =E41 -> 0 | I41: =IF(grant_term="","",IF(grant_term=12,"N/A",IF(grant_term=24,"Please Input"))) -> N/A | K41: =SUM(I41) -> 0 | M41: =ROUND(SUM(G41,K41),0) -> 0
A42: Description/Vendor | G42: =E42 -> 0 | I42: =IF(grant_term="","",IF(grant_term=12,"N/A",IF(grant_term=24,"Please Input"))) -> N/A | K42: =SUM(I42) -> 0 | M42: =ROUND(SUM(G42,K42),0) -> 0
A43: Description/Vendor | G43: =E43 -> 0 | I43: =IF(grant_term="","",IF(grant_term=12,"N/A",IF(grant_term=24,"Please Input"))) -> N/A | K43: =SUM(I43) -> 0 | M43: =ROUND(SUM(G43,K43),0) -> 0
A44: Description/Vendor | G44: =E44 -> 0 | I44: =IF(grant_term="","",IF(grant_term=12,"N/A",IF(grant_term=24,"Please Input"))) -> N/A | K44: =SUM(I44) -> 0 | M44: =ROUND(SUM(G44,K44),0) -> 0
A46: Total Data Fees | G46: =ROUND(SUBTOTAL(9,G36:G45),0) -> 0 | K46: =ROUND(SUBTOTAL(9,K36:K45),0) -> 0 | M46: =SUBTOTAL(9,M36:M45) -> 0
A49: Data Collection Costs | B49: Type | E49: Year 1 Amount | G49: Total Year 1 | I49: Year 2 Amount | K49: Total Year 2 | M49: Grand Total
A50: Description/Vendor | G50: =E50 -> 0 | I50: =IF(grant_term="","",IF(grant_term=12,"N/A",IF(grant_term=24,"Please Input"))) -> N/A | K50: =SUM(I50) -> 0 | M50: =ROUND(SUM(G50,K50),0) -> 0
A51: Description/Vendor | G51: =E51 -> 0 | I51: =IF(grant_term="","",IF(grant_term=12,"N/A",IF(grant_term=24,"Please Input"))) -> N/A | K51: =SUM(I51) -> 0 | M51: =ROUND(SUM(G51,K51),0) -> 0
A52: Description/Vendor | G52: =E52 -> 0 | I52: =IF(grant_term="","",IF(grant_term=12,"N/A",IF(grant_term=24,"Please Input"))) -> N/A | K52: =SUM(I52) -> 0 | M52: =ROUND(SUM(G52,K52),0) -> 0
A53: Description/Vendor | G53: =E53 -> 0 | I53: =IF(grant_term="","",IF(grant_term=12,"N/A",IF(grant_term=24,"Please Input"))) -> N/A | K53: =SUM(I53) -> 0 | M53: =ROUND(SUM(G53,K53),0) -> 0
A54: Description/Vendor | G54: =E54 -> 0 | I54: =IF(grant_term="","",IF(grant_term=12,"N/A",IF(grant_term=24,"Please Input"))) -> N/A | K54: =SUM(I54) -> 0 | M54: =ROUND(SUM(G54,K54),0) -> 0
A55: Description/Vendor | G55: =E55 -> 0 | I55: =IF(grant_term="","",IF(grant_term=12,"N/A",IF(grant_term=24,"Please Input"))) -> N/A | K55: =SUM(I55) -> 0 | M55: =ROUND(SUM(G55,K55),0) -> 0
A56: Description/Vendor | G56: =E56 -> 0 | I56: =IF(grant_term="","",IF(grant_term=12,"N/A",IF(grant_term=24,"Please Input"))) -> N/A | K56: =SUM(I56) -> 0 | M56: =ROUND(SUM(G56,K56),0) -> 0
A57: Description/Vendor | G57: =E57 -> 0 | I57: =IF(grant_term="","",IF(grant_term=12,"N/A",IF(grant_term=24,"Please Input"))) -> N/A | K57: =SUM(I57) -> 0 | M57: =ROUND(SUM(G57,K57),0) -> 0
A58: Description/Vendor | G58: =E58 -> 0 | I58: =IF(grant_term="","",IF(grant_term=12,"N/A",IF(grant_term=24,"Please Input"))) -> N/A | K58: =SUM(I58) -> 0 | M58: =ROUND(SUM(G58,K58),0) -> 0
A59: Description/Vendor | G59: =E59 -> 0 | I59: =IF(grant_term="","",IF(grant_term=12,"N/A",IF(grant_term=24,"Please Input"))) -> N/A | K59: =SUM(I59) -> 0 | M59: =ROUND(SUM(G59,K59),0) -> 0
A60: Description/Vendor | G60: =E60 -> 0 | I60: =IF(grant_term="","",IF(grant_term=12,"N/A",IF(grant_term=24,"Please Input"))) -> N/A | K60: =SUM(I60) -> 0 | M60: =ROUND(SUM(G60,K60),0) -> 0
A61: Description/Vendor | G61: =E61 -> 0 | I61: =IF(grant_term="","",IF(grant_term=12,"N/A",IF(grant_term=24,"Please Input"))) -> N/A | K61: =SUM(I61) -> 0 | M61: =ROUND(SUM(G61,K61),0) -> 0
... A63: Description/Vendor | G63: =E63 -> 0 | I63: =IF(grant_term="","",IF(grant_term=12,"N/A",IF(grant_term=24,"Please Input"))) -> N/A | K63: =SUM(I63) -> 0 | M63: =ROUND(SUM(G63,K63),0) -> 0
A65: Total Data Collection Costs | G65: =SUBTOTAL(9,G50:G64) -> 0 | K65: =SUBTOTAL(9,K50:K64) -> 0 | M65: =SUBTOTAL(9,M50:M64) -> 0
A68: Other Direct Costs | B68: Type | E68: Year 1 Amount | G68: Total Year 1 | I68: Year 2 Amount | K68: Total Year 2 | M68: Grand Total
A69: Description/Vendor | G69: =E69 -> 0 | I69: =IF(grant_term="","",IF(grant_term=12,"N/A",IF(grant_term=24,"Please Input"))) -> N/A | K69: =SUM(I69) -> 0 | M69: =ROUND(SUM(G69,K69),0) -> 0
A70: Description/Vendor | G70: =E70 -> 0 | I70: =IF(grant_term="","",IF(grant_term=12,"N/A",IF(grant_term=24,"Please Input"))) -> N/A | K70: =SUM(I70) -> 0 | M70: =ROUND(SUM(G70,K70),0) -> 0
A71: Description/Vendor | G71: =E71 -> 0 | I71: =IF(grant_term="","",IF(grant_term=12,"N/A",IF(grant_term=24,"Please Input"))) -> N/A | K71: =SUM(I71) -> 0 | M71: =ROUND(SUM(G71,K71),0) -> 0
A72: Description/Vendor | G72: =E72 -> 0 | I72: =IF(grant_term="","",IF(grant_term=12,"N/A",IF(grant_term=24,"Please Input"))) -> N/A | K72: =SUM(I72) -> 0 | M72: =ROUND(SUM(G72,K72),0) -> 0
A73: Description/Vendor | G73: =E73 -> 0 | I73: =IF(grant_term="","",IF(grant_term=12,"N/A",IF(grant_term=24,"Please Input"))) -> N/A | K73: =SUM(I73) -> 0 | M73: =ROUND(SUM(G73,K73),0) -> 0
A74: Description/Vendor | G74: =E74 -> 0 | I74: =IF(grant_term="","",IF(grant_term=12,"N/A",IF(grant_term=24,"Please Input"))) -> N/A | K74: =SUM(I74) -> 0 | M74: =ROUND(SUM(G74,K74),0) -> 0
A75: Description/Vendor | G75: =E75 -> 0 | I75: =IF(grant_term="","",IF(grant_term=12,"N/A",IF(grant_term=24,"Please Input"))) -> N/A | K75: =SUM(I75) -> 0 | M75: =ROUND(SUM(G75,K75),0) -> 0
A76: Description/Vendor | G76: =E76 -> 0 | I76: =IF(grant_term="","",IF(grant_term=12,"N/A",IF(grant_term=24,"Please Input"))) -> N/A | K76: =SUM(I76) -> 0 | M76: =ROUND(SUM(G76,K76),0) -> 0
A77: Description/Vendor | G77: =E77 -> 0 | I77: =IF(grant_term="","",IF(grant_term=12,"N/A",IF(grant_term=24,"Please Input"))) -> N/A | K77: =SUM(I77) -> 0 | M77: =ROUND(SUM(G77,K77),0) -> 0
A78: Description/Vendor | G78: =E78 -> 0 | I78: =IF(grant_term="","",IF(grant_term=12,"N/A",IF(grant_term=24,"Please Input"))) -> N/A | K78: =SUM(I78) -> 0 | M78: =ROUND(SUM(G78,K78),0) -> 0
A79: Description/Vendor | G79: =E79 -> 0 | I79: =IF(grant_term="","",IF(grant_term=12,"N/A",IF(grant_term=24,"Please Input"))) -> N/A | K79: =SUM(I79) -> 0 | M79: =ROUND(SUM(G79,K79),0) -> 0
A81: Total Other Direct Costs | G81: =SUBTOTAL(9,G69:G80) -> 0 | K81: =SUBTOTAL(9,K69:K80) -> 0 | M81: =SUBTOTAL(9,M69:M80) -> 0
A83: Grand Total Research Direct Costs | G83: =ROUND(SUBTOTAL(9,G36:G82),0) -> 0 | K83: =ROUND(SUBTOTAL(9,K36:K82),0) -> 0 | M83: =ROUND(SUM(G83,K83),0) -> 0
A85: Total Indirect Costs | G85: =ROUND(G83*ind_cost_rate,0) -> 0 | K85: =ROUND(K83*ind_cost_rate,0) -> 0 | M85: =SUM(G85:L85) -> 0

Sheet SubOrg2 Personnel
A1: =PROPER(subcontractor2) | AB1: =ROUND(IF(AND($C9="Yes",$E9>=250000),MIN($E9*$F9,12500),MIN(E9*MIN(F9,0.25),20000)),0) -> 0
A2: =PROPER(proj_title)
A3: Project Team Budget Details
A4: =TEXT(start_date,"m/d/yy")&" to "&(TEXT(EOMONTH(start_date,grant_term-1),"m/d/yy")) -> 1/0/00 to 12/31/00
A5: =grant_amount -> 0
E7: ="Year 1: "&TEXT(start_date,"m-yy")&" to "&TEXT(EOMONTH(start_date,11),"m-yy")&" Assumptions" -> Year 1: 1-00 to 12-00 Assumptions | I7: =IF(grant_term>12,"Year 2: "&TEXT(EOMONTH(start_date,12),"m-yy")&" to "&TEXT(EOMONTH(start_date,23),"m-yy")&" Assumptions","N/A 1 yr grant") -> N/A 1 yr grant
A8: Personnel | B8: Name | C8: Tenured/tenure-track (TT)/ Non-tenure track (NT)/ Post Doc (PD) | E8: Academic-Year Salary | F8: % Time | G8: ="Fringe Rate (Max "&TEXT(Max_FR, "#%")&")" -> Fringe Rate (Max 40%) | I8: Academic-Year Salary | J8: % Time | K8: ="Fringe Rate (Max "&TEXT(Max_FR, "#%")&")" -> Fringe Rate (Max 40%) | M8: Total Year 1 Salary | N8: Total Year 2 Salary | P8: Subtotal Salary | R8: Total Year 1 Fringe | S8: Total Year 2 Fringe | U8: Subtotal Fringe | W8: Total Personnel Year 1 | X8: Total Personnel Year 2 | Z8: Grand Total
A9: Principal Investigator | I9: =IF(grant_term="","",IF(grant_term=12,"N/A",IF(grant_term=24,"Please Input"))) -> N/A | J9: =IF(grant_term="","",IF(grant_term=12,"N/A",IF(grant_term=24,"Please Input"))) -> N/A | K9: =IF(grant_term="","",IF(grant_term=12,"N/A",IF(grant_term=24,"Please Input"))) -> N/A | M9: {=ROUND(IF($C9="TT",TT_year1_sal, IF($C9="NT",NT_year1_sal,IF($C9="PD",PD_year1_sal, IF($C9="",0)))),0)} -> 0 | N9: {=IFERROR(ROUND( IF($C9="TT",TT_year2_sal, IF($C9="NT",NT_year2_sal, IF($C9="PD",PD_year2_sal, IF($C9="",0)))),0),"N/A")} -> 0 | P9: =SUBTOTAL(9,M9:O9) -> 0 | R9: =IFERROR(ROUND(M9*G9,0),0) -> 0 | S9: =IFERROR(ROUND(N9*K9,0),0) -> 0 | U9: =SUBTOTAL(9,R9:T9) -> 0 | W9: =M9+R9 -> 0 | X9: =IFERROR(IF(grant_term=12,"N/A",N9+S9),0) -> N/A | Z9: =SUM(W9:Y9) -> 0
A10: Co PI 1 (if applicable) | I10: =IF(grant_term="","",IF(grant_term=12,"N/A",IF(grant_term=24,"Please Input"))) -> N/A | J10: =IF(grant_term="","",IF(grant_term=12,"N/A",IF(grant_term=24,"Please Input"))) -> N/A | K10: =IF(grant_term="","",IF(grant_term=12,"N/A",IF(grant_term=24,"Please Input"))) -> N/A | M10: {=ROUND(IF($C10="TT",TT_year1_sal, IF($C10="NT",NT_year1_sal,IF($C10="PD",PD_year1_sal, IF($C10="",0)))),0)} -> 0 | N10: {=IFERROR(ROUND( IF($C10="TT",TT_year2_sal, IF($C10="NT",NT_year2_sal, IF($C10="PD",PD_year2_sal, IF($C10="",0)))),0),"N/A")} -> 0 | P10: =SUBTOTAL(9,M10:O10) -> 0 | R10: =IFERROR(ROUND(M10*G10,0),0) -> 0 | S10: =IFERROR(ROUND(N10*K10,0),0) -> 0 | U10: =SUBTOTAL(9,R10:T10) -> 0 | W10: =M10+R10 -> 0 | X10: =IFERROR(IF(grant_term=12,"N/A",N10+S10),0) -> N/A | Z10: =SUM(W10:Y10) -> 0
A11: Co PI 2 (if applicable) | I11: =IF(grant_term="","",IF(grant_term=12,"N/A",IF(grant_term=24,"Please Input"))) -> N/A | J11: =IF(grant_term="","",IF(grant_term=12,"N/A",IF(grant_term=24,"Please Input"))) -> N/A | K11: =IF(grant_term="","",IF(grant_term=12,"N/A",IF(grant_term=24,"Please Input"))) -> N/A | M11: {=ROUND(IF($C11="TT",TT_year1_sal, IF($C11="NT",NT_year1_sal,IF($C11="PD",PD_year1_sal, IF($C11="",0)))),0)} -> 0 | N11: {=IFERROR(ROUND( IF($C11="TT",TT_year2_sal, IF($C11="NT",NT_year2_sal, IF($C11="PD",PD_year2_sal, IF($C11="",0)))),0),"N/A")} -> 0 | P11: =SUBTOTAL(9,M11:O11) -> 0 | R11: =IFERROR(ROUND(M11*G11,0),0) -> 0 | S11: =IFERROR(ROUND(N11*K11,0),0) -> 0 | U11: =SUBTOTAL(9,R11:T11) -> 0 | W11: =M11+R11 -> 0 | X11: =IFERROR(IF(grant_term=12,"N/A",N11+S11),0) -> N/A | Z11: =SUM(W11:Y11) -> 0
A13: Total PI and Co PI | M13: =SUBTOTAL(9,M9:M12) -> 0 | N13: =SUBTOTAL(9,N9:N12) -> 0 | P13: =SUM(P9:P12) -> 0 | R13: =SUBTOTAL(9,R9:R12) -> 0 | S13: =SUBTOTAL(9,S9:S12) -> 0 | U13: =SUM(U9:U12) -> 0 | W13: =SUBTOTAL(9,W9:W12) -> 0 | X13: =SUBTOTAL(9,X9:X12) -> 0 | Z13: =SUBTOTAL(9,Z9:Z12) -> 0
A15: Course Buyout | B15: Name | E15: Academic-Year Salary | F15: % Time | G15: ="Fringe Rate (Max "&TEXT(Max_FR, "#%")&")" -> Fringe Rate (Max 40%) | I15: Academic-Year Salary | J15: % Time | K15: ="Fringe Rate (Max "&TEXT(Max_FR, "#%")&")" -> Fringe Rate (Max 40%)
A16: Principal Investigator | I16: =IF(grant_term="","",IF(grant_term=12,"N/A",IF(grant_term=24,"Please Input"))) -> N/A | J16: =IF(grant_term="","",IF(grant_term=12,"N/A",IF(grant_term=24,"Please Input"))) -> N/A | K16: =IF(grant_term="","",IF(grant_term=12,"N/A",IF(grant_term=24,"Please Input"))) -> N/A | M16: =ROUND($E16*$F16,0) -> 0 | N16: =IFERROR(ROUND(IF(grant_term=12,"N/A",$I16*$J16),0),0) -> 0 | P16: =SUBTOTAL(9,M16:O16) -> 0 | R16: =IFERROR(ROUND(M16*G16,0),0) -> 0 | S16: =IFERROR(ROUND(N16*K16,0),0) -> 0 | U16: =SUBTOTAL(9,R16:T16) -> 0 | W16: =M16+R16 -> 0 | X16: =IFERROR(IF(grant_term=12,"N/A",N16+S16),0) -> N/A | Z16: =SUM(W16:Y16) -> 0
A17: Co PI 1 (if applicable) | I17: =IF(grant_term="","",IF(grant_term=12,"N/A",IF(grant_term=24,"Please Input"))) -> N/A | J17: =IF(grant_term="","",IF(grant_term=12,"N/A",IF(grant_term=24,"Please Input"))) -> N/A | K17: =IF(grant_term="","",IF(grant_term=12,"N/A",IF(grant_term=24,"Please Input"))) -> N/A | M17: =ROUND($E17*$F17,0) -> 0 | N17: =IFERROR(ROUND(IF(grant_term=12,"N/A",$I17*$J17),0),0) -> 0 | P17: =SUBTOTAL(9,M17:O17) -> 0 | R17: =IFERROR(ROUND(M17*G17,0),0) -> 0 | S17: =IFERROR(ROUND(N17*K17,0),0) -> 0 | U17: =SUBTOTAL(9,R17:T17) -> 0 | W17: =M17+R17 -> 0 | X17: =IFERROR(IF(grant_term=12,"N/A",N17+S17),0) -> N/A | Z17: =SUM(W17:Y17) -> 0
A18: Co PI 2 (if applicable) | I18: =IF(grant_term="","",IF(grant_term=12,"N/A",IF(grant_term=24,"Please Input"))) -> N/A | J18: =IF(grant_term="","",IF(grant_term=12,"N/A",IF(grant_term=24,"Please Input"))) -> N/A | K18: =IF(grant_term="","",IF(grant_term=12,"N/A",IF(grant_term=24,"Please Input"))) -> N/A | M18: =ROUND($E18*$F18,0) -> 0 | N18: =IFERROR(ROUND(IF(grant_term=12,"N/A",$I18*$J18),0),0) -> 0 | P18: =SUBTOTAL(9,M18:O18) -> 0 | R18: =IFERROR(ROUND(M18*G18,0),0) -> 0 | S18: =IFERROR(ROUND(N18*K18,0),0) -> 0 | U18: =SUBTOTAL(9,R18:T18) -> 0 | W18: =M18+R18 -> 0 | X18: =IFERROR(IF(grant_term=12,"N/A",N18+S18),0) -> N/A | Z18: =SUM(W18:Y18) -> 0
A20: Total PI and Co PI Course Buyout | M20: =SUBTOTAL(9,M16:M19) -> 0 | N20: =SUBTOTAL(9,N16:N19) -> 0 | P20: =SUM(P16:P19) -> 0 | R20: =SUBTOTAL(9,R16:R19) -> 0 | S20: =SUBTOTAL(9,S16:S19) -> 0 | U20: =SUM(U16:U19) -> 0 | W20: =SUBTOTAL(9,W16:W19) -> 0 | X20: =SUBTOTAL(9,X16:X19) -> 0 | Z20: =SUBTOTAL(9,Z16:Z19) -> 0
A22: Staff and Post-Doc Research Support | B22: Position/Name | C22: Post Doc (PD)/ Non-Post Doc (NPD) | E22: Annual Salary | F22: % Time | G22: ="Fringe Rate (Max "&TEXT(Max_FR, "#%")&")" -> Fringe Rate (Max 40%) | I22: Annual Salary | J22: % Time | K22: ="Fringe Rate (Max "&TEXT(Max_FR, "#%")&")" -> Fringe Rate (Max 40%)
A23: RA 1 | I23: =IF(grant_term="","",IF(grant_term=12,"N/A",IF(grant_term=24,"Please Input"))) -> N/A | J23: =IF(grant_term="","",IF(grant_term=12,"N/A",IF(grant_term=24,"Please Input"))) -> N/A | K23: =IF(grant_term="","",IF(grant_term=12,"N/A",IF(grant_term=24,"Please Input"))) -> N/A | M23: {=IFERROR(ROUND(IF($C23="",0,IF($C23="PD",PD_year1_sal,$E23*$F23)),0),0)} -> 0 | N23: {=IFERROR(ROUND(IF($C23="",0,IF($C23="PD",PD_year2_sal,IF(grant_term=24,$I23*$J23,0))),0),0)} -> 0 | P23: =SUBTOTAL(9,M23:O23) -> 0 | R23: =IFERROR(ROUND(M23*G23,0),0) -> 0 | S23: =IFERROR(ROUND(N23*K23,0),0) -> 0 | U23: =SUBTOTAL(9,R23:T23) -> 0 | W23: =M23+R23 -> 0 | X23: =IFERROR(IF(grant_term=12,"N/A",N23+S23),0) -> N/A | Z23: =SUM(W23:Y23) -> 0
A24: RA 2 | I24: =IF(grant_term="","",IF(grant_term=12,"N/A",IF(grant_term=24,"Please Input"))) -> N/A | J24: =IF(grant_term="","",IF(grant_term=12,"N/A",IF(grant_term=24,"Please Input"))) -> N/A | K24: =IF(grant_term="","",IF(grant_term=12,"N/A",IF(grant_term=24,"Please Input"))) -> N/A | M24: {=IFERROR(ROUND(IF($C24="",0,IF($C24="PD",PD_year1_sal,$E24*$F24)),0),0)} -> 0 | N24: {=IFERROR(ROUND(IF($C24="",0,IF($C24="PD",PD_year2_sal,IF(grant_term=24,$I24*$J24,0))),0),0)} -> 0 | P24: =SUBTOTAL(9,M24:O24) -> 0 | R24: =IFERROR(ROUND(M24*G24,0),0) -> 0 | S24: =IFERROR(ROUND(N24*K24,0),0) -> 0 | U24: =SUBTOTAL(9,R24:T24) -> 0 | W24: =M24+R24 -> 0 | X24: =IFERROR(IF(grant_term=12,"N/A",N24+S24),0) -> N/A | Z24: =SUM(W24:Y24) -> 0
A25: RA 3 | I25: =IF(grant_term="","",IF(grant_term=12,"N/A",IF(grant_term=24,"Please Input"))) -> N/A | J25: =IF(grant_term="","",IF(grant_term=12,"N/A",IF(grant_term=24,"Please Input"))) -> N/A | K25: =IF(grant_term="","",IF(grant_term=12,"N/A",IF(grant_term=24,"Please Input"))) -> N/A | M25: {=IFERROR(ROUND(IF($C25="",0,IF($C25="PD",PD_year1_sal,$E25*$F25)),0),0)} -> 0 | N25: {=IFERROR(ROUND(IF($C25="",0,IF($C25="PD",PD_year2_sal,IF(grant_term=24,$I25*$J25,0))),0),0)} -> 0 | P25: =SUBTOTAL(9,M25:O25) -> 0 | R25: =IFERROR(ROUND(M25*G25,0),0) -> 0 | S25: =IFERROR(ROUND(N25*K25,0),0) -> 0 | U25: =SUBTOTAL(9,R25:T25) -> 0 | W25: =M25+R25 -> 0 | X25: =IFERROR(IF(grant_term=12,"N/A",N25+S25),0) -> N/A | Z25: =SUM(W25:Y25) -> 0
A26: RA 4 | I26: =IF(grant_term="","",IF(grant_term=12,"N/A",IF(grant_term=24,"Please Input"))) -> N/A | J26: =IF(grant_term="","",IF(grant_term=12,"N/A",IF(grant_term=24,"Please Input"))) -> N/A | K26: =IF(grant_term="","",IF(grant_term=12,"N/A",IF(grant_term=24,"Please Input"))) -> N/A | M26: {=IFERROR(ROUND(IF($C26="",0,IF($C26="PD",PD_year1_sal,$E26*$F26)),0),0)} -> 0 | N26: {=IFERROR(ROUND(IF($C26="",0,IF($C26="PD",PD_year2_sal,IF(grant_term=24,$I26*$J26,0))),0),0)} -> 0 | P26: =SUBTOTAL(9,M26:O26) -> 0 | R26: =IFERROR(ROUND(M26*G26,0),0) -> 0 | S26: =IFERROR(ROUND(N26*K26,0),0) -> 0 | U26: =SUBTOTAL(9,R26:T26) -> 0 | W26: =M26+R26 -> 0 | X26: =IFERROR(IF(grant_term=12,"N/A",N26+S26),0) -> N/A | Z26: =SUM(W26:Y26) -> 0
A27: RA 5 | I27: =IF(grant_term="","",IF(grant_term=12,"N/A",IF(grant_term=24,"Please Input"))) -> N/A | J27: =IF(grant_term="","",IF(grant_term=12,"N/A",IF(grant_term=24,"Please Input"))) -> N/A | K27: =IF(grant_term="","",IF(grant_term=12,"N/A",IF(grant_term=24,"Please Input"))) -> N/A | M27: {=IFERROR(ROUND(IF($C27="",0,IF($C27="PD",PD_year1_sal,$E27*$F27)),0),0)} -> 0 | N27: {=IFERROR(ROUND(IF($C27="",0,IF($C27="PD",PD_year2_sal,IF(grant_term=24,$I27*$J27,0))),0),0)} -> 0 | P27: =SUBTOTAL(9,M27:O27) -> 0 | R27: =IFERROR(ROUND(M27*G27,0),0) -> 0 | S27: =IFERROR(ROUND(N27*K27,0),0) -> 0 | U27: =SUBTOTAL(9,R27:T27) -> 0 | W27: =M27+R27 -> 0 | X27: =IFERROR(IF(grant_term=12,"N/A",N27+S27),0) -> N/A | Z27: =SUM(W27:Y27) -> 0
A28: RA 6 | I28: =IF(grant_term="","",IF(grant_term=12,"N/A",IF(grant_term=24,"Please Input"))) -> N/A | J28: =IF(grant_term="","",IF(grant_term=12,"N/A",IF(grant_term=24,"Please Input"))) -> N/A | K28: =IF(grant_term="","",IF(grant_term=12,"N/A",IF(grant_term=24,"Please Input"))) -> N/A | M28: {=IFERROR(ROUND(IF($C28="",0,IF($C28="PD",PD_year1_sal,$E28*$F28)),0),0)} -> 0 | N28: {=IFERROR(ROUND(IF($C28="",0,IF($C28="PD",PD_year2_sal,IF(grant_term=24,$I28*$J28,0))),0),0)} -> 0 | P28: =SUBTOTAL(9,M28:O28) -> 0 | R28: =IFERROR(ROUND(M28*G28,0),0) -> 0 | S28: =IFERROR(ROUND(N28*K28,0),0) -> 0 | U28: =SUBTOTAL(9,R28:T28) -> 0 | W28: =M28+R28 -> 0 | X28: =IFERROR(IF(grant_term=12,"N/A",N28+S28),0) -> N/A | Z28: =SUM(W28:Y28) -> 0
A30: Total Staff and Post-Doc Research Support | M30: =SUBTOTAL(9,M23:M29) -> 0 | N30: =SUBTOTAL(9,N23:N29) -> 0 | P30: =SUM(P23:P29) -> 0 | R30: =SUBTOTAL(9,R23:R29) -> 0 | S30: =SUBTOTAL(9,S23:S29) -> 0 | U30: =SUM(U23:U29) -> 0 | W30: =SUBTOTAL(9,W23:W29) -> 0 | X30: =SUBTOTAL(9,X23:X29) -> 0 | Z30: =SUBTOTAL(9,Z23:Z29) -> 0
A32: Student Research Support | B32: Name (optional) | C32: Graduate/ Undergrad | E32: Hourly Rate | F32: # of hours | G32: ="Fringe Rate (Max "&TEXT(Max_FR, "#%")&")" -> Fringe Rate (Max 40%) | I32: Hourly Rate | J32: # of hours | K32: ="Fringe Rate (Max "&TEXT(Max_FR, "#%")&")" -> Fringe Rate (Max 40%)
A33: Student RA 1 | B33: optional | I33: =IF(grant_term="","",IF(grant_term=12,"N/A",IF(grant_term=24,"Please Input"))) -> N/A | J33: =IF(grant_term="","",IF(grant_term=12,"N/A",IF(grant_term=24,"Please Input"))) -> N/A | K33: =IF(grant_term="","",IF(grant_term=12,"N/A",IF(grant_term=24,"Please Input"))) -> N/A | M33: =ROUND($E33*$F33,0) -> 0 | N33: =IFERROR(ROUND(IF(grant_term=12,"N/A",$I33*$J33),0),0) -> 0 | P33: =SUBTOTAL(9,M33:O33) -> 0 | R33: =IFERROR(ROUND(M33*G33,0),0) -> 0 | S33: =IFERROR(ROUND(N33*K33,0),0) -> 0 | U33: =SUBTOTAL(9,R33:T33) -> 0 | W33: =M33+R33 -> 0 | X33: =IFERROR(IF(grant_term=12,"N/A",N33+S33),0) -> N/A | Z33: =SUM(W33:Y33) -> 0
A34: Student RA 2 | B34: optional | I34: =IF(grant_term="","",IF(grant_term=12,"N/A",IF(grant_term=24,"Please Input"))) -> N/A | J34: =IF(grant_term="","",IF(grant_term=12,"N/A",IF(grant_term=24,"Please Input"))) -> N/A | K34: =IF(grant_term="","",IF(grant_term=12,"N/A",IF(grant_term=24,"Please Input"))) -> N/A | M34: =ROUND($E34*$F34,0) -> 0 | N34: =IFERROR(ROUND(IF(grant_term=12,"N/A",$I34*$J34),0),0) -> 0 | P34: =SUBTOTAL(9,M34:O34) -> 0 | R34: =IFERROR(ROUND(M34*G34,0),0) -> 0 | S34: =IFERROR(ROUND(N34*K34,0),0) -> 0 | U34: =SUBTOTAL(9,R34:T34) -> 0 | W34: =M34+R34 -> 0 | X34: =IFERROR(IF(grant_term=12,"N/A",N34+S34),0) -> N/A | Z34: =SUM(W34:Y34) -> 0
A35: Student RA 3 | B35: optional | I35: =IF(grant_term="","",IF(grant_term=12,"N/A",IF(grant_term=24,"Please Input"))) -> N/A | J35: =IF(grant_term="","",IF(grant_term=12,"N/A",IF(grant_term=24,"Please Input"))) -> N/A | K35: =IF(grant_term="","",IF(grant_term=12,"N/A",IF(grant_term=24,"Please Input"))) -> N/A | M35: =ROUND($E35*$F35,0) -> 0 | N35: =IFERROR(ROUND(IF(grant_term=12,"N/A",$I35*$J35),0),0) -> 0 | P35: =SUBTOTAL(9,M35:O35) -> 0 | R35: =IFERROR(ROUND(M35*G35,0),0) -> 0 | S35: =IFERROR(ROUND(N35*K35,0),0) -> 0 | U35: =SUBTOTAL(9,R35:T35) -> 0 | W35: =M35+R35 -> 0 | X35: =IFERROR(IF(grant_term=12,"N/A",N35+S35),0) -> N/A | Z35: =SUM(W35:Y35) -> 0
A36: Student RA 4 | B36: optional | I36: =IF(grant_term="","",IF(grant_term=12,"N/A",IF(grant_term=24,"Please Input"))) -> N/A | J36: =IF(grant_term="","",IF(grant_term=12,"N/A",IF(grant_term=24,"Please Input"))) -> N/A | K36: =IF(grant_term="","",IF(grant_term=12,"N/A",IF(grant_term=24,"Please Input"))) -> N/A | M36: =ROUND($E36*$F36,0) -> 0 | N36: =IFERROR(ROUND(IF(grant_term=12,"N/A",$I36*$J36),0),0) -> 0 | P36: =SUBTOTAL(9,M36:O36) -> 0 | R36: =IFERROR(ROUND(M36*G36,0),0) -> 0 | S36: =IFERROR(ROUND(N36*K36,0),0) -> 0 | U36: =SUBTOTAL(9,R36:T36) -> 0 | W36: =M36+R36 -> 0 | X36: =IFERROR(IF(grant_term=12,"N/A",N36+S36),0) -> N/A | Z36: =SUM(W36:Y36) -> 0
A37: Student RA 5 | B37: optional | I37: =IF(grant_term="","",IF(grant_term=12,"N/A",IF(grant_term=24,"Please Input"))) -> N/A | J37: =IF(grant_term="","",IF(grant_term=12,"N/A",IF(grant_term=24,"Please Input"))) -> N/A | K37: =IF(grant_term="","",IF(grant_term=12,"N/A",IF(grant_term=24,"Please Input"))) -> N/A | M37: =ROUND($E37*$F37,0) -> 0 | N37: =IFERROR(ROUND(IF(grant_term=12,"N/A",$I37*$J37),0),0) -> 0 | P37: =SUBTOTAL(9,M37:O37) -> 0 | R37: =IFERROR(ROUND(M37*G37,0),0) -> 0 | S37: =IFERROR(ROUND(N37*K37,0),0) -> 0 | U37: =SUBTOTAL(9,R37:T37) -> 0 | W37: =M37+R37 -> 0 | X37: =IFERROR(IF(grant_term=12,"N/A",N37+S37),0) -> N/A | Z37: =SUM(W37:Y37) -> 0
A38: Student RA 6 | B38: optional | I38: =IF(grant_term="","",IF(grant_term=12,"N/A",IF(grant_term=24,"Please Input"))) -> N/A | J38: =IF(grant_term="","",IF(grant_term=12,"N/A",IF(grant_term=24,"Please Input"))) -> N/A | K38: =IF(grant_term="","",IF(grant_term=12,"N/A",IF(grant_term=24,"Please Input"))) -> N/A | M38: =ROUND($E38*$F38,0) -> 0 | N38: =IFERROR(ROUND(IF(grant_term=12,"N/A",$I38*$J38),0),0) -> 0 | P38: =SUBTOTAL(9,M38:O38) -> 0 | R38: =IFERROR(ROUND(M38*G38,0),0) -> 0 | S38: =IFERROR(ROUND(N38*K38,0),0) -> 0 | U38: =SUBTOTAL(9,R38:T38) -> 0 | W38: =M38+R38 -> 0 | X38: =IFERROR(IF(grant_term=12,"N/A",N38+S38),0) -> N/A | Z38: =SUM(W38:Y38) -> 0
A39: Student RA 7 | B39: optional | I39: =IF(grant_term="","",IF(grant_term=12,"N/A",IF(grant_term=24,"Please Input"))) -> N/A | J39: =IF(grant_term="","",IF(grant_term=12,"N/A",IF(grant_term=24,"Please Input"))) -> N/A | K39: =IF(grant_term="","",IF(grant_term=12,"N/A",IF(grant_term=24,"Please Input"))) -> N/A | M39: =ROUND($E39*$F39,0) -> 0 | N39: =IFERROR(ROUND(IF(grant_term=12,"N/A",$I39*$J39),0),0) -> 0 | P39: =SUBTOTAL(9,M39:O39) -> 0 | R39: =IFERROR(ROUND(M39*G39,0),0) -> 0 | S39: =IFERROR(ROUND(N39*K39,0),0) -> 0 | U39: =SUBTOTAL(9,R39:T39) -> 0 | W39: =M39+R39 -> 0 | X39: =IFERROR(IF(grant_term=12,"N/A",N39+S39),0) -> N/A | Z39: =SUM(W39:Y39) -> 0
A40: Student RA 8 | B40: optional | I40: =IF(grant_term="","",IF(grant_term=12,"N/A",IF(grant_term=24,"Please Input"))) -> N/A | J40: =IF(grant_term="","",IF(grant_term=12,"N/A",IF(grant_term=24,"Please Input"))) -> N/A | K40: =IF(grant_term="","",IF(grant_term=12,"N/A",IF(grant_term=24,"Please Input"))) -> N/A | M40: =ROUND($E40*$F40,0) -> 0 | N40: =IFERROR(ROUND(IF(grant_term=12,"N/A",$I40*$J40),0),0) -> 0 | P40: =SUBTOTAL(9,M40:O40) -> 0 | R40: =IFERROR(ROUND(M40*G40,0),0) -> 0 | S40: =IFERROR(ROUND(N40*K40,0),0) -> 0 | U40: =SUBTOTAL(9,R40:T40) -> 0 | W40: =M40+R40 -> 0 | X40: =IFERROR(IF(grant_term=12,"N/A",N40+S40),0) -> N/A | Z40: =SUM(W40:Y40) -> 0
A42: Total Student Research Support | M42: =SUBTOTAL(9,M33:M41) -> 0 | N42: =SUBTOTAL(9,N33:N41) -> 0 | P42: =SUM(P33:P41) -> 0 | R42: =SUBTOTAL(9,R33:R41) -> 0 | S42: =SUBTOTAL(9,S33:S41) -> 0 | U42: =SUM(U33:U41) -> 0 | W42: =SUBTOTAL(9,W33:W41) -> 0 | X42: =SUBTOTAL(9,X33:X41) -> 0 | Z42: =SUBTOTAL(9,Z33:Z41) -> 0
A44: Total Personnel Direct Costs | M44: =SUBTOTAL(9,M9:M43) -> 0 | N44: =SUBTOTAL(9,N9:N43) -> 0 | P44: =SUBTOTAL(9,P9:P43) -> 0 | R44: =SUBTOTAL(9,R9:R43) -> 0 | S44: =SUBTOTAL(9,S9:S43) -> 0 | U44: =SUBTOTAL(9,U9:U43) -> 0 | W44: =SUBTOTAL(9,W9:W43) -> 0 | X44: =SUBTOTAL(9,X9:X43) -> 0 | Z44: =SUBTOTAL(9,Z9:Z43) -> 0
A46: Total Indirect Costs related to Personnel | M46: =ROUND(M44*ind_cost_rate,0) -> 0 | N46: =ROUND(N44*ind_cost_rate,0) -> 0 | P46: =SUBTOTAL(9,M46:O46) -> 0 | R46: =ROUND(R44*ind_cost_rate,0) -> 0 | S46: =ROUND(S44*ind_cost_rate,0) -> 0 | U46: =SUBTOTAL(9,R46:T46) -> 0 | W46: =IFERROR(M46+R46,0) -> 0 | X46: =IFERROR(IF(grant_term=12,"N/A",N46+S46),0) -> N/A | Z46: =SUM(W46:Y46) -> 0

Sheet SubOrg2 Research Costs
A1: =PROPER(subcontractor2)
A2: =PROPER(proj_title)
A3: Research Costs Budget Details
A4: =TEXT(start_date,"m/d/yy")&" to "&(TEXT(EOMONTH(start_date,grant_term-1),"m/d/yy")) -> 1/0/00 to 12/31/00
A5: =grant_amount -> 0
E7: ="Year 1: "&TEXT(start_date,"m-yy")&" to "&TEXT(EOMONTH(start_date,11),"m-yy")&" Assumptions" -> Year 1: 1-00 to 12-00 Assumptions | I7: =IF(grant_term>12,"Year 2: "&TEXT(EOMONTH(start_date,12),"m-yy")&" to "&TEXT(EOMONTH(start_date,23),"m-yy")&" Assumptions","N/A 1 yr grant") -> N/A 1 yr grant
A8: Consultant Research Support | C8: RA Category | E8: Hourly Rate | F8: # of hours | G8: Total Year 1 Consulting | I8: Hourly Rate | J8: # of hours | K8: Total Year 2 Consulting | M8: Grand Total
A9: Name/Role | G9: =ROUND($E9*$F9,0) -> 0 | I9: =IF(grant_term="","",IF(grant_term=12,"N/A",IF(grant_term=24,"Please Input"))) -> N/A | J9: =IF(grant_term="","",IF(grant_term=12,"N/A",IF(grant_term=24,"Please Input"))) -> N/A | K9: =IFERROR(ROUND(IF(grant_term=12,"N/A",$I9*$J9),0),0) -> 0 | M9: =G9+K9 -> 0
A10: Name/Role | G10: =ROUND($E10*$F10,0) -> 0 | I10: =IF(grant_term="","",IF(grant_term=12,"N/A",IF(grant_term=24,"Please Input"))) -> N/A | J10: =IF(grant_term="","",IF(grant_term=12,"N/A",IF(grant_term=24,"Please Input"))) -> N/A | K10: =IFERROR(ROUND(IF(grant_term=12,"N/A",$I10*$J10),0),0) -> 0 | M10: =G10+K10 -> 0
A11: Name/Role | G11: =ROUND($E11*$F11,0) -> 0 | I11: =IF(grant_term="","",IF(grant_term=12,"N/A",IF(grant_term=24,"Please Input"))) -> N/A | J11: =IF(grant_term="","",IF(grant_term=12,"N/A",IF(grant_term=24,"Please Input"))) -> N/A | K11: =IFERROR(ROUND(IF(grant_term=12,"N/A",$I11*$J11),0),0) -> 0 | M11: =G11+K11 -> 0
A12: Name/Role | G12: =ROUND($E12*$F12,0) -> 0 | I12: =IF(grant_term="","",IF(grant_term=12,"N/A",IF(grant_term=24,"Please Input"))) -> N/A | J12: =IF(grant_term="","",IF(grant_term=12,"N/A",IF(grant_term=24,"Please Input"))) -> N/A | K12: =IFERROR(ROUND(IF(grant_term=12,"N/A",$I12*$J12),0),0) -> 0 | M12: =G12+K12 -> 0
A13: Name/Role | G13: =ROUND($E13*$F13,0) -> 0 | I13: =IF(grant_term="","",IF(grant_term=12,"N/A",IF(grant_term=24,"Please Input"))) -> N/A | J13: =IF(grant_term="","",IF(grant_term=12,"N/A",IF(grant_term=24,"Please Input"))) -> N/A | K13: =IFERROR(ROUND(IF(grant_term=12,"N/A",$I13*$J13),0),0) -> 0 | M13: =G13+K13 -> 0
A14: Name/Role | G14: =ROUND($E14*$F14,0) -> 0 | I14: =IF(grant_term="","",IF(grant_term=12,"N/A",IF(grant_term=24,"Please Input"))) -> N/A | J14: =IF(grant_term="","",IF(grant_term=12,"N/A",IF(grant_term=24,"Please Input"))) -> N/A | K14: =IFERROR(ROUND(IF(grant_term=12,"N/A",$I14*$J14),0),0) -> 0 | M14: =G14+K14 -> 0
A15: Name/Role | G15: =ROUND($E15*$F15,0) -> 0 | I15: =IF(grant_term="","",IF(grant_term=12,"N/A",IF(grant_term=24,"Please Input"))) -> N/A | J15: =IF(grant_term="","",IF(grant_term=12,"N/A",IF(grant_term=24,"Please Input"))) -> N/A | K15: =IFERROR(ROUND(IF(grant_term=12,"N/A",$I15*$J15),0),0) -> 0 | M15: =G15+K15 -> 0
A16: Name/Role | G16: =ROUND($E16*$F16,0) -> 0 | I16: =IF(grant_term="","",IF(grant_term=12,"N/A",IF(grant_term=24,"Please Input"))) -> N/A | J16: =IF(grant_term="","",IF(grant_term=12,"N/A",IF(grant_term=24,"Please Input"))) -> N/A | K16: =IFERROR(ROUND(IF(grant_term=12,"N/A",$I16*$J16),0),0) -> 0 | M16: =G16+K16 -> 0
A18: Total Consultant Research Support | G18: =SUBTOTAL(9,G9:G17) -> 0 | K18: =SUBTOTAL(9,K9:K17) -> 0 | M18: =SUBTOTAL(9,M9:M17) -> 0
A21: {="Expert Consulting Costs (max "&caps_Consulting&" per consultant)"} -> Expert Consulting Costs (max $10,000 per consultant) | B21: Faculty/ Non-Faculty | C21: Salary of Faculty | E21: Hourly Rate | F21: # of hours | G21: Total Year 1 Consulting | I21: Hourly Rate | J21: # of hours | K21: Total Year 2 Consulting | M21: Grand Total
A22: Description/Vendor | G22: =ROUND(MIN(caps_Consulting,$E22*$F22),0) -> 0 | I22: =IF(grant_term="","",IF(grant_term=12,"N/A",IF(grant_term=24,"Please Input"))) -> N/A | J22: =IF(grant_term="","",IF(grant_term=12,"N/A",IF(grant_term=24,"Please Input"))) -> N/A | K22: =IFERROR(ROUND(IF(grant_term=12,"N/A",MIN(caps_Consulting,$I22*$J22)),0),0) -> 0 | M22: =ROUND(SUM(G22,K22),0) -> 0
A23: Description/Vendor | C23: =IFERROR(IF($B23="Faculty","Enter Salary",IF($B23="Non-Faculty","N/A","")),"") | G23: =ROUND(MIN(caps_Consulting,$E23*$F23),0) -> 0 | I23: =IF(grant_term="","",IF(grant_term=12,"N/A",IF(grant_term=24,"Please Input"))) -> N/A | J23: =IF(grant_term="","",IF(grant_term=12,"N/A",IF(grant_term=24,"Please Input"))) -> N/A | K23: =IFERROR(ROUND(IF(grant_term=12,"N/A",MIN(caps_Consulting,$I23*$J23)),0),0) -> 0 | M23: =ROUND(SUM(G23,K23),0) -> 0
A24: Description/Vendor | C24: =IFERROR(IF($B24="Faculty","Enter Salary",IF($B24="Non-Faculty","N/A","")),"") | G24: =ROUND(MIN(caps_Consulting,$E24*$F24),0) -> 0 | I24: =IF(grant_term="","",IF(grant_term=12,"N/A",IF(grant_term=24,"Please Input"))) -> N/A | J24: =IF(grant_term="","",IF(grant_term=12,"N/A",IF(grant_term=24,"Please Input"))) -> N/A | K24: =IFERROR(ROUND(IF(grant_term=12,"N/A",MIN(caps_Consulting,$I24*$J24)),0),0) -> 0 | M24: =ROUND(SUM(G24,K24),0) -> 0
A25: Description/Vendor | C25: =IFERROR(IF($B25="Faculty","Enter Salary",IF($B25="Non-Faculty","N/A","")),"") | G25: =ROUND(MIN(caps_Consulting,$E25*$F25),0) -> 0 | I25: =IF(grant_term="","",IF(grant_term=12,"N/A",IF(grant_term=24,"Please Input"))) -> N/A | J25: =IF(grant_term="","",IF(grant_term=12,"N/A",IF(grant_term=24,"Please Input"))) -> N/A | K25: =IFERROR(ROUND(IF(grant_term=12,"N/A",MIN(caps_Consulting,$I25*$J25)),0),0) -> 0 | M25: =ROUND(SUM(G25,K25),0) -> 0
A26: Description/Vendor | C26: =IFERROR(IF($B26="Faculty","Enter Salary",IF($B26="Non-Faculty","N/A","")),"") | G26: =ROUND(MIN(caps_Consulting,$E26*$F26),0) -> 0 | I26: =IF(grant_term="","",IF(grant_term=12,"N/A",IF(grant_term=24,"Please Input"))) -> N/A | J26: =IF(grant_term="","",IF(grant_term=12,"N/A",IF(grant_term=24,"Please Input"))) -> N/A | K26: =IFERROR(ROUND(IF(grant_term=12,"N/A",MIN(caps_Consulting,$I26*$J26)),0),0) -> 0 | M26: =ROUND(SUM(G26,K26),0) -> 0
A28: Total Expert Consulting Costs | G28: =ROUND(SUBTOTAL(9,G22:G27),0) -> 0 | K28: =ROUND(SUBTOTAL(9,K22:K27),0) -> 0 | M28: =SUBTOTAL(9,M22:M27) -> 0
A30: Total Consulting Costs | G30: =SUBTOTAL(9,G8:G29) -> 0 | K30: =SUBTOTAL(9,K8:K29) -> 0 | M30: =SUBTOTAL(9,M8:M29) -> 0
A32: Total Indirect Costs related to Consulting Costs | G32: =ROUND(G30*ind_cost_rate,0) -> 0 | K32: =ROUND(K30*ind_cost_rate,0) -> 0 | M32: =SUM(G32:L32) -> 0
A35: Survey and Data Fees - External Vendors | B35: Type (Survey Fees, Data Purchase, or RDC Access) | E35: Year 1 | G35: Total Year 1 | I35: Year 2 | K35: Total Year 2 | M35: Grand Total
A36: Description/Vendor | G36: =E36 -> 0 | I36: =IF(grant_term="","",IF(grant_term=12,"N/A",IF(grant_term=24,"Please Input"))) -> N/A | K36: =SUM(I36) -> 0 | M36: =ROUND(SUM(G36,K36),0) -> 0
A37: Description/Vendor | G37: =E37 -> 0 | I37: =IF(grant_term="","",IF(grant_term=12,"N/A",IF(grant_term=24,"Please Input"))) -> N/A | K37: =SUM(I37) -> 0 | M37: =ROUND(SUM(G37,K37),0) -> 0
A38: Description/Vendor | G38: =E38 -> 0 | I38: =IF(grant_term="","",IF(grant_term=12,"N/A",IF(grant_term=24,"Please Input"))) -> N/A | K38: =SUM(I38) -> 0 | M38: =ROUND(SUM(G38,K38),0) -> 0
A39: Description/Vendor | G39: =E39 -> 0 | I39: =IF(grant_term="","",IF(grant_term=12,"N/A",IF(grant_term=24,"Please Input"))) -> N/A | K39: =SUM(I39) -> 0 | M39: =ROUND(SUM(G39,K39),0) -> 0
A40: Description/Vendor | G40: =E40 -> 0 | I40: =IF(grant_term="","",IF(grant_term=12,"N/A",IF(grant_term=24,"Please Input"))) -> N/A | K40: =SUM(I40) -> 0 | M40: =ROUND(SUM(G40,K40),0) -> 0
A41: Description/Vendor | G41: =E41 -> 0 | I41: =IF(grant_term="","",IF(grant_term=12,"N/A",IF(grant_term=24,"Please Input"))) -> N/A | K41: =SUM(I41) -> 0 | M41: =ROUND(SUM(G41,K41),0) -> 0
A42: Description/Vendor | G42: =E42 -> 0 | I42: =IF(grant_term="","",IF(grant_term=12,"N/A",IF(grant_term=24,"Please Input"))) -> N/A | K42: =SUM(I42) -> 0 | M42: =ROUND(SUM(G42,K42),0) -> 0
A43: Description/Vendor | G43: =E43 -> 0 | I43: =IF(grant_term="","",IF(grant_term=12,"N/A",IF(grant_term=24,"Please Input"))) -> N/A | K43: =SUM(I43) -> 0 | M43: =ROUND(SUM(G43,K43),0) -> 0
A44: Description/Vendor | G44: =E44 -> 0 | I44: =IF(grant_term="","",IF(grant_term=12,"N/A",IF(grant_term=24,"Please Input"))) -> N/A | K44: =SUM(I44) -> 0 | M44: =ROUND(SUM(G44,K44),0) -> 0
A46: Total Data Fees | G46: =ROUND(SUBTOTAL(9,G36:G45),0) -> 0 | K46: =ROUND(SUBTOTAL(9,K36:K45),0) -> 0 | M46: =SUBTOTAL(9,M36:M45) -> 0
A49: Data Collection Costs | B49: Type | E49: Year 1 Amount | G49: Total Year 1 | I49: Year 2 Amount | K49: Total Year 2 | M49: Grand Total
A50: Description/Vendor | G50: =E50 -> 0 | I50: =IF(grant_term="","",IF(grant_term=12,"N/A",IF(grant_term=24,"Please Input"))) -> N/A | K50: =SUM(I50) -> 0 | M50: =ROUND(SUM(G50,K50),0) -> 0
A51: Description/Vendor | G51: =E51 -> 0 | I51: =IF(grant_term="","",IF(grant_term=12,"N/A",IF(grant_term=24,"Please Input"))) -> N/A | K51: =SUM(I51) -> 0 | M51: =ROUND(SUM(G51,K51),0) -> 0
A52: Description/Vendor | G52: =E52 -> 0 | I52: =IF(grant_term="","",IF(grant_term=12,"N/A",IF(grant_term=24,"Please Input"))) -> N/A | K52: =SUM(I52) -> 0 | M52: =ROUND(SUM(G52,K52),0) -> 0
A53: Description/Vendor | G53: =E53 -> 0 | I53: =IF(grant_term="","",IF(grant_term=12,"N/A",IF(grant_term=24,"Please Input"))) -> N/A | K53: =SUM(I53) -> 0 | M53: =ROUND(SUM(G53,K53),0) -> 0
A54: Description/Vendor | G54: =E54 -> 0 | I54: =IF(grant_term="","",IF(grant_term=12,"N/A",IF(grant_term=24,"Please Input"))) -> N/A | K54: =SUM(I54) -> 0 | M54: =ROUND(SUM(G54,K54),0) -> 0
A55: Description/Vendor | G55: =E55 -> 0 | I55: =IF(grant_term="","",IF(grant_term=12,"N/A",IF(grant_term=24,"Please Input"))) -> N/A | K55: =SUM(I55) -> 0 | M55: =ROUND(SUM(G55,K55),0) -> 0
A56: Description/Vendor | G56: =E56 -> 0 | I56: =IF(grant_term="","",IF(grant_term=12,"N/A",IF(grant_term=24,"Please Input"))) -> N/A | K56: =SUM(I56) -> 0 | M56: =ROUND(SUM(G56,K56),0) -> 0
A57: Description/Vendor | G57: =E57 -> 0 | I57: =IF(grant_term="","",IF(grant_term=12,"N/A",IF(grant_term=24,"Please Input"))) -> N/A | K57: =SUM(I57) -> 0 | M57: =ROUND(SUM(G57,K57),0) -> 0
A58: Description/Vendor | G58: =E58 -> 0 | I58: =IF(grant_term="","",IF(grant_term=12,"N/A",IF(grant_term=24,"Please Input"))) -> N/A | K58: =SUM(I58) -> 0 | M58: =ROUND(SUM(G58,K58),0) -> 0
A59: Description/Vendor | G59: =E59 -> 0 | I59: =IF(grant_term="","",IF(grant_term=12,"N/A",IF(grant_term=24,"Please Input"))) -> N/A | K59: =SUM(I59) -> 0 | M59: =ROUND(SUM(G59,K59),0) -> 0
A60: Description/Vendor | G60: =E60 -> 0 | I60: =IF(grant_term="","",IF(grant_term=12,"N/A",IF(grant_term=24,"Please Input"))) -> N/A | K60: =SUM(I60) -> 0 | M60: =ROUND(SUM(G60,K60),0) -> 0
A61: Description/Vendor | G61: =E61 -> 0 | I61: =IF(grant_term="","",IF(grant_term=12,"N/A",IF(grant_term=24,"Please Input"))) -> N/A | K61: =SUM(I61) -> 0 | M61: =ROUND(SUM(G61,K61),0) -> 0
... A63: Description/Vendor | G63: =E63 -> 0 | I63: =IF(grant_term="","",IF(grant_term=12,"N/A",IF(grant_term=24,"Please Input"))) -> N/A | K63: =SUM(I63) -> 0 | M63: =ROUND(SUM(G63,K63),0) -> 0
A65: Total Data Collection Costs | G65: =SUBTOTAL(9,G50:G64) -> 0 | K65: =SUBTOTAL(9,K50:K64) -> 0 | M65: =SUBTOTAL(9,M50:M64) -> 0
A68: Other Direct Costs | B68: Type | E68: Year 1 Amount | G68: Total Year 1 | I68: Year 2 Amount | K68: Total Year 2 | M68: Grand Total
A69: Description/Vendor | G69: =E69 -> 0 | I69: =IF(grant_term="","",IF(grant_term=12,"N/A",IF(grant_term=24,"Please Input"))) -> N/A | K69: =SUM(I69) -> 0 | M69: =ROUND(SUM(G69,K69),0) -> 0
A70: Description/Vendor | G70: =E70 -> 0 | I70: =IF(grant_term="","",IF(grant_term=12,"N/A",IF(grant_term=24,"Please Input"))) -> N/A | K70: =SUM(I70) -> 0 | M70: =ROUND(SUM(G70,K70),0) -> 0
A71: Description/Vendor | G71: =E71 -> 0 | I71: =IF(grant_term="","",IF(grant_term=12,"N/A",IF(grant_term=24,"Please Input"))) -> N/A | K71: =SUM(I71) -> 0 | M71: =ROUND(SUM(G71,K71),0) -> 0
A72: Description/Vendor | G72: =E72 -> 0 | I72: =IF(grant_term="","",IF(grant_term=12,"N/A",IF(grant_term=24,"Please Input"))) -> N/A | K72: =SUM(I72) -> 0 | M72: =ROUND(SUM(G72,K72),0) -> 0
A73: Description/Vendor | G73: =E73 -> 0 | I73: =IF(grant_term="","",IF(grant_term=12,"N/A",IF(grant_term=24,"Please Input"))) -> N/A | K73: =SUM(I73) -> 0 | M73: =ROUND(SUM(G73,K73),0) -> 0
A74: Description/Vendor | G74: =E74 -> 0 | I74: =IF(grant_term="","",IF(grant_term=12,"N/A",IF(grant_term=24,"Please Input"))) -> N/A | K74: =SUM(I74) -> 0 | M74: =ROUND(SUM(G74,K74),0) -> 0
A75: Description/Vendor | G75: =E75 -> 0 | I75: =IF(grant_term="","",IF(grant_term=12,"N/A",IF(grant_term=24,"Please Input"))) -> N/A | K75: =SUM(I75) -> 0 | M75: =ROUND(SUM(G75,K75),0) -> 0
A76: Description/Vendor | G76: =E76 -> 0 | I76: =IF(grant_term="","",IF(grant_term=12,"N/A",IF(grant_term=24,"Please Input"))) -> N/A | K76: =SUM(I76) -> 0 | M76: =ROUND(SUM(G76,K76),0) -> 0
A77: Description/Vendor | G77: =E77 -> 0 | I77: =IF(grant_term="","",IF(grant_term=12,"N/A",IF(grant_term=24,"Please Input"))) -> N/A | K77: =SUM(I77) -> 0 | M77: =ROUND(SUM(G77,K77),0) -> 0
A78: Description/Vendor | G78: =E78 -> 0 | I78: =IF(grant_term="","",IF(grant_term=12,"N/A",IF(grant_term=24,"Please Input"))) -> N/A | K78: =SUM(I78) -> 0 | M78: =ROUND(SUM(G78,K78),0) -> 0
A79: Description/Vendor | G79: =E79 -> 0 | I79: =IF(grant_term="","",IF(grant_term=12,"N/A",IF(grant_term=24,"Please Input"))) -> N/A | K79: =SUM(I79) -> 0 | M79: =ROUND(SUM(G79,K79),0) -> 0
A81: Total Other Direct Costs | G81: =SUBTOTAL(9,G69:G80) -> 0 | K81: =SUBTOTAL(9,K69:K80) -> 0 | M81: =SUBTOTAL(9,M69:M80) -> 0
A83: Grand Total Research Direct Costs | G83: =ROUND(SUBTOTAL(9,G36:G82),0) -> 0 | K83: =ROUND(SUBTOTAL(9,K36:K82),0) -> 0 | M83: =ROUND(SUM(G83,K83),0) -> 0
A85: Total Indirect Costs | G85: =ROUND(G83*ind_cost_rate,0) -> 0 | K85: =ROUND(K83*ind_cost_rate,0) -> 0 | M85: =SUM(G85:L85) -> 0

Sheet ErrorCk
A1: ErrorCk
A2: =co_name -> Russell Sage Foundation
A4: Purpose | B4: To test various conditions to look for potential errors in the workbook.
A6: Tests | B6: Do all tests pass? | C6: =AND(B:B) -> TRUE
A9: 1 | B9: =D13=0 -> TRUE | C9: Does Total Budget = Grant Amount?
C10: Total Budget | D10: ='Budget Summary'!$F$29 -> 0
C11: Grant Amount | D11: =grant_amount -> 0
C13: Difference | D13: =D10-D11 -> 0
A16: 2 | B16: =D17<=Max_Grant_Amount -> TRUE | C16: ="Is the Total Budget Less Than Max Grant Amount"&" ("&TEXT(Max_Grant_Amount,"$0,K")&")?" -> Is the Total Budget Less Than Max Grant Amount ($230K)?
C17: Total Budget | D17: ='Budget Summary'!$F$29 -> 0
A20: 3 | B20: =IF(D21="N/A","TRUE",D21<=TraCap) -> TRUE | C20: ="Is "&C21&" no more than $"&TraCap&"?" -> Is ^Conference/Collaboration Travel no more than $5000?
C21: {=_xlfn._xlws.FILTER(tbl_DCostType[Direct Cost Type],ISNUMBER(SEARCH("^",tbl_DCostType[Direct Cost Type])))} -> ^Conference/Collaboration Travel | D21: {=IFERROR(SUM(_xlfn._xlws.FILTER(_xlfn.VSTACK('Grantee Org Research Costs'!$M$69:$M$80,'SubOrg1 Research Costs'!$M$69:$M$80,'SubOrg2 Research Costs'!$M$69:$M$80),_xlfn.VSTACK('Grantee Org Research Costs'!$B$69:$B$80,'SubOrg1 Research Costs'!$B$69:$B$80,'SubOrg2 Research Costs'!$B$69:$B$80)=ErrorCk!C21)),"N/A")} -> N/A
A24: 4 | B24: {=IFERROR(AND(INDIRECT("F26:F"&24+COUNTA(_xlfn.UNIQUE(_xlfn._xlws.FILTER(_xlfn.VSTACK('Grantee Org Personnel'!$B$8:$B$18,'SubOrg1 Personnel'!$B$8:$B$18,'SubOrg2 Personnel'!$B$8:$B$18),_xlfn.VSTACK('Grantee Org Personnel'!$B$8:$B$18,'SubOrg1 Personnel'!$B$8:$B$18,'SubOrg2 Personnel'!$B$8:$B$18)<>"", "None"))))),1)} -> 1 | C24: ="Salary Support Additional to Buyout? (Salary Limit: $"&CBC_1*grant_term/12&")" -> Salary Support Additional to Buyout? (Salary Limit: $15000)
C25: {=_xlfn.UNIQUE(_xlfn._xlws.FILTER(_xlfn.VSTACK('Grantee Org Personnel'!$B$8:$B$18,'SubOrg1 Personnel'!$B$8:$B$18,'SubOrg2 Personnel'!$B$8:$B$18),_xlfn.VSTACK('Grantee Org Personnel'!$B$8:$B$18,'SubOrg1 Personnel'!$B$8:$B$18,'SubOrg2 Personnel'!$B$8:$B$18)<>"", "None"))} -> Name | D25: Salary | E25: Course Buyout
D26: {=IF($C26="","",IFERROR(SUM(_xlfn._xlws.FILTER(_xlfn.VSTACK('Grantee Org Personnel'!$P$8:$P$13,'SubOrg1 Personnel'!$P$8:$P$13,'SubOrg2 Personnel'!$P$8:$P$13),_xlfn.VSTACK('Grantee Org Personnel'!$B$8:$B$13,'SubOrg1 Personnel'!$B$8:$B$13,'SubOrg2 Personnel'!$B$8:$B$13)=ErrorCk!$C26)),0))} | E26: {=IF($C26="","",IFERROR(SUM(_xlfn._xlws.FILTER(_xlfn.VSTACK('Grantee Org Personnel'!$P$15:$P$31,'SubOrg1 Personnel'!$P$15:$P$31,'SubOrg2 Personnel'!$P$15:$P$31),_xlfn.VSTACK('Grantee Org Personnel'!$B$15:$B$31,'SubOrg1 Personnel'!$B$15:$B$31,'SubOrg2 Personnel'!$B$15:$B$31)=ErrorCk!$C26)),0))} | F26: =IF(OR(C26="",E26=0),"",IF(E26>(CBC_1*grant_term/12),D26=0,E26+D26<=CBC_1*grant_term/12))
D27: {=IF($C27="","",IFERROR(SUM(_xlfn._xlws.FILTER(_xlfn.VSTACK('Grantee Org Personnel'!$P$8:$P$13,'SubOrg1 Personnel'!$P$8:$P$13,'SubOrg2 Personnel'!$P$8:$P$13),_xlfn.VSTACK('Grantee Org Personnel'!$B$8:$B$13,'SubOrg1 Personnel'!$B$8:$B$13,'SubOrg2 Personnel'!$B$8:$B$13)=ErrorCk!$C27)),0))} | E27: {=IF($C27="","",IFERROR(SUM(_xlfn._xlws.FILTER(_xlfn.VSTACK('Grantee Org Personnel'!$P$15:$P$31,'SubOrg1 Personnel'!$P$15:$P$31,'SubOrg2 Personnel'!$P$15:$P$31),_xlfn.VSTACK('Grantee Org Personnel'!$B$15:$B$31,'SubOrg1 Personnel'!$B$15:$B$31,'SubOrg2 Personnel'!$B$15:$B$31)=ErrorCk!$C27)),0))} | F27: =IF(OR(C27="",E27=0),"",IF(E27>(CBC_1*grant_term/12),D27=0,E27+D27<=CBC_1*grant_term/12))
D28: {=IF($C28="","",IFERROR(SUM(_xlfn._xlws.FILTER(_xlfn.VSTACK('Grantee Org Personnel'!$P$8:$P$13,'SubOrg1 Personnel'!$P$8:$P$13,'SubOrg2 Personnel'!$P$8:$P$13),_xlfn.VSTACK('Grantee Org Personnel'!$B$8:$B$13,'SubOrg1 Personnel'!$B$8:$B$13,'SubOrg2 Personnel'!$B$8:$B$13)=ErrorCk!$C28)),0))} | E28: {=IF($C28="","",IFERROR(SUM(_xlfn._xlws.FILTER(_xlfn.VSTACK('Grantee Org Personnel'!$P$15:$P$31,'SubOrg1 Personnel'!$P$15:$P$31,'SubOrg2 Personnel'!$P$15:$P$31),_xlfn.VSTACK('Grantee Org Personnel'!$B$15:$B$31,'SubOrg1 Personnel'!$B$15:$B$31,'SubOrg2 Personnel'!$B$15:$B$31)=ErrorCk!$C28)),0))} | F28: =IF(OR(C28="",E28=0),"",IF(E28>(CBC_1*grant_term/12),D28=0,E28+D28<=CBC_1*grant_term/12))
D29: {=IF($C29="","",IFERROR(SUM(_xlfn._xlws.FILTER(_xlfn.VSTACK('Grantee Org Personnel'!$P$8:$P$13,'SubOrg1 Personnel'!$P$8:$P$13,'SubOrg2 Personnel'!$P$8:$P$13),_xlfn.VSTACK('Grantee Org Personnel'!$B$8:$B$13,'SubOrg1 Personnel'!$B$8:$B$13,'SubOrg2 Personnel'!$B$8:$B$13)=ErrorCk!$C29)),0))} | E29: {=IF($C29="","",IFERROR(SUM(_xlfn._xlws.FILTER(_xlfn.VSTACK('Grantee Org Personnel'!$P$15:$P$31,'SubOrg1 Personnel'!$P$15:$P$31,'SubOrg2 Personnel'!$P$15:$P$31),_xlfn.VSTACK('Grantee Org Personnel'!$B$15:$B$31,'SubOrg1 Personnel'!$B$15:$B$31,'SubOrg2 Personnel'!$B$15:$B$31)=ErrorCk!$C29)),0))} | F29: =IF(OR(C29="",E29=0),"",IF(E29>(CBC_1*grant_term/12),D29=0,E29+D29<=CBC_1*grant_term/12))
D30: {=IF($C30="","",IFERROR(SUM(_xlfn._xlws.FILTER(_xlfn.VSTACK('Grantee Org Personnel'!$P$8:$P$13,'SubOrg1 Personnel'!$P$8:$P$13,'SubOrg2 Personnel'!$P$8:$P$13),_xlfn.VSTACK('Grantee Org Personnel'!$B$8:$B$13,'SubOrg1 Personnel'!$B$8:$B$13,'SubOrg2 Personnel'!$B$8:$B$13)=ErrorCk!$C30)),0))} | E30: {=IF($C30="","",IFERROR(SUM(_xlfn._xlws.FILTER(_xlfn.VSTACK('Grantee Org Personnel'!$P$15:$P$31,'SubOrg1 Personnel'!$P$15:$P$31,'SubOrg2 Personnel'!$P$15:$P$31),_xlfn.VSTACK('Grantee Org Personnel'!$B$15:$B$31,'SubOrg1 Personnel'!$B$15:$B$31,'SubOrg2 Personnel'!$B$15:$B$31)=ErrorCk!$C30)),0))} | F30: =IF(OR(C30="",E30=0),"",IF(E30>(CBC_1*grant_term/12),D30=0,E30+D30<=CBC_1*grant_term/12))
D31: {=IF($C31="","",IFERROR(SUM(_xlfn._xlws.FILTER(_xlfn.VSTACK('Grantee Org Personnel'!$P$8:$P$13,'SubOrg1 Personnel'!$P$8:$P$13,'SubOrg2 Personnel'!$P$8:$P$13),_xlfn.VSTACK('Grantee Org Personnel'!$B$8:$B$13,'SubOrg1 Personnel'!$B$8:$B$13,'SubOrg2 Personnel'!$B$8:$B$13)=ErrorCk!$C31)),0))} | E31: {=IF($C31="","",IFERROR(SUM(_xlfn._xlws.FILTER(_xlfn.VSTACK('Grantee Org Personnel'!$P$15:$P$31,'SubOrg1 Personnel'!$P$15:$P$31,'SubOrg2 Personnel'!$P$15:$P$31),_xlfn.VSTACK('Grantee Org Personnel'!$B$15:$B$31,'SubOrg1 Personnel'!$B$15:$B$31,'SubOrg2 Personnel'!$B$15:$B$31)=ErrorCk!$C31)),0))} | F31: =IF(OR(C31="",E31=0),"",IF(E31>(CBC_1*grant_term/12),D31=0,E31+D31<=CBC_1*grant_term/12))
D32: {=IF($C32="","",IFERROR(SUM(_xlfn._xlws.FILTER(_xlfn.VSTACK('Grantee Org Personnel'!$P$8:$P$13,'SubOrg1 Personnel'!$P$8:$P$13,'SubOrg2 Personnel'!$P$8:$P$13),_xlfn.VSTACK('Grantee Org Personnel'!$B$8:$B$13,'SubOrg1 Personnel'!$B$8:$B$13,'SubOrg2 Personnel'!$B$8:$B$13)=ErrorCk!$C32)),0))} | E32: {=IF($C32="","",IFERROR(SUM(_xlfn._xlws.FILTER(_xlfn.VSTACK('Grantee Org Personnel'!$P$15:$P$31,'SubOrg1 Personnel'!$P$15:$P$31,'SubOrg2 Personnel'!$P$15:$P$31),_xlfn.VSTACK('Grantee Org Personnel'!$B$15:$B$31,'SubOrg1 Personnel'!$B$15:$B$31,'SubOrg2 Personnel'!$B$15:$B$31)=ErrorCk!$C32)),0))} | F32: =IF(OR(C32="",E32=0),"",IF(E32>(CBC_1*grant_term/12),D32=0,E32+D32<=CBC_1*grant_term/12))
D33: {=IF($C33="","",IFERROR(SUM(_xlfn._xlws.FILTER(_xlfn.VSTACK('Grantee Org Personnel'!$P$8:$P$13,'SubOrg1 Personnel'!$P$8:$P$13,'SubOrg2 Personnel'!$P$8:$P$13),_xlfn.VSTACK('Grantee Org Personnel'!$B$8:$B$13,'SubOrg1 Personnel'!$B$8:$B$13,'SubOrg2 Personnel'!$B$8:$B$13)=ErrorCk!$C33)),0))} | E33: {=IF($C33="","",IFERROR(SUM(_xlfn._xlws.FILTER(_xlfn.VSTACK('Grantee Org Personnel'!$P$15:$P$31,'SubOrg1 Personnel'!$P$15:$P$31,'SubOrg2 Personnel'!$P$15:$P$31),_xlfn.VSTACK('Grantee Org Personnel'!$B$15:$B$31,'SubOrg1 Personnel'!$B$15:$B$31,'SubOrg2 Personnel'!$B$15:$B$31)=ErrorCk!$C33)),0))} | F33: =IF(OR(C33="",E33=0),"",IF(E33>(CBC_1*grant_term/12),D33=0,E33+D33<=CBC_1*grant_term/12))
D34: {=IF($C34="","",IFERROR(SUM(_xlfn._xlws.FILTER(_xlfn.VSTACK('Grantee Org Personnel'!$P$8:$P$13,'SubOrg1 Personnel'!$P$8:$P$13,'SubOrg2 Personnel'!$P$8:$P$13),_xlfn.VSTACK('Grantee Org Personnel'!$B$8:$B$13,'SubOrg1 Personnel'!$B$8:$B$13,'SubOrg2 Personnel'!$B$8:$B$13)=ErrorCk!$C34)),0))} | E34: {=IF($C34="","",IFERROR(SUM(_xlfn._xlws.FILTER(_xlfn.VSTACK('Grantee Org Personnel'!$P$15:$P$31,'SubOrg1 Personnel'!$P$15:$P$31,'SubOrg2 Personnel'!$P$15:$P$31),_xlfn.VSTACK('Grantee Org Personnel'!$B$15:$B$31,'SubOrg1 Personnel'!$B$15:$B$31,'SubOrg2 Personnel'!$B$15:$B$31)=ErrorCk!$C34)),0))} | F34: =IF(OR(C34="",E34=0),"",IF(E34>(CBC_1*grant_term/12),D34=0,E34+D34<=CBC_1*grant_term/12))
D35: {=IF($C35="","",IFERROR(SUM(_xlfn._xlws.FILTER(_xlfn.VSTACK('Grantee Org Personnel'!$P$8:$P$13,'SubOrg1 Personnel'!$P$8:$P$13,'SubOrg2 Personnel'!$P$8:$P$13),_xlfn.VSTACK('Grantee Org Personnel'!$B$8:$B$13,'SubOrg1 Personnel'!$B$8:$B$13,'SubOrg2 Personnel'!$B$8:$B$13)=ErrorCk!$C35)),0))} | E35: {=IF($C35="","",IFERROR(SUM(_xlfn._xlws.FILTER(_xlfn.VSTACK('Grantee Org Personnel'!$P$15:$P$31,'SubOrg1 Personnel'!$P$15:$P$31,'SubOrg2 Personnel'!$P$15:$P$31),_xlfn.VSTACK('Grantee Org Personnel'!$B$15:$B$31,'SubOrg1 Personnel'!$B$15:$B$31,'SubOrg2 Personnel'!$B$15:$B$31)=ErrorCk!$C35)),0))} | F35: =IF(OR(C35="",E35=0),"",IF(E35>(CBC_1*grant_term/12),D35=0,E35+D35<=CBC_1*grant_term/12))
D36: {=IF($C36="","",IFERROR(SUM(_xlfn._xlws.FILTER(_xlfn.VSTACK('Grantee Org Personnel'!$P$8:$P$13,'SubOrg1 Personnel'!$P$8:$P$13,'SubOrg2 Personnel'!$P$8:$P$13),_xlfn.VSTACK('Grantee Org Personnel'!$B$8:$B$13,'SubOrg1 Personnel'!$B$8:$B$13,'SubOrg2 Personnel'!$B$8:$B$13)=ErrorCk!$C36)),0))} | E36: {=IF($C36="","",IFERROR(SUM(_xlfn._xlws.FILTER(_xlfn.VSTACK('Grantee Org Personnel'!$P$15:$P$31,'SubOrg1 Personnel'!$P$15:$P$31,'SubOrg2 Personnel'!$P$15:$P$31),_xlfn.VSTACK('Grantee Org Personnel'!$B$15:$B$31,'SubOrg1 Personnel'!$B$15:$B$31,'SubOrg2 Personnel'!$B$15:$B$31)=ErrorCk!$C36)),0))} | F36: =IF(OR(C36="",E36=0),"",IF(E36>(CBC_1*grant_term/12),D36=0,E36+D36<=CBC_1*grant_term/12))

Sheet Reporting Template
A1: =grantee_org -> 0
A2: =PROPER(proj_title)
A3: =ref_number -> 0
A4: ="Reporting period: "&TEXT(start_date,"m/d/yy")&" to "&TEXT(r_date,"m/d/yy") -> #NAME?
A7: Grantee | B7: Approved Budget

Sheet Compatibility
B1: Compatibility Report for RSF grant budget template March 2022 beta - Editing.xlsx
B2: Run on 7/14/2022 10:41
B4: If the workbook is saved in an earlier file format or opened in an earlier version of Microsoft Excel, the listed features will not be available.
B6: Significant loss of functionality | E6: # of occurrences | F6: Version
B8: One or more cells in this workbook contain a formula that has spilled or may spill in the future. These formulas will be converted into legacy array formulas and will not spill or change dimension in older versions of Excel. | E8: 55
E9: Grantee Personnel Bdgt'!M10:N12 | F9: Excel 97-2003
E10: Grantee Personnel Bdgt'!M17:N22 | F10: Excel 2007
F11: Excel 2010
F12: Excel 2013
F13: Excel 2016
F14: Excel 2019
E15: Subcontract1 Personnel Bdgt'!M10:N12 | F15: Excel 97-2003
E16: Subcontract1 Personnel Bdgt'!M17:N22 | F16: Excel 2007
F17: Excel 2010
F18: Excel 2013
F19: Excel 2016
F20: Excel 2019
E21: Subcontract2 Personnel Bdgt'!M10:N12 | F21: Excel 97-2003
E22: Subcontract2 Personnel Bdgt'!M17:N22 | F22: Excel 2007
F23: Excel 2010
F24: Excel 2013
F25: Excel 2016
F26: Excel 2019
E27: Budget Summary'!C10 | F27: Excel 97-2003
F28: Excel 2007
F29: Excel 2010
F30: Excel 2013
F31: Excel 2016
F32: Excel 2019
